Workbook

Sheet 救護所見積書表紙
A1: 御 見 積 書
A3: びわ湖大花火大会実行委員会御中 | H3: 46234
A5: この度は、お見積りの機会をいただき、ありがとうございます。
A6: 下記のとおり、お見積り申し上げます。
A7: 検討のほどよろしくお願いします。 | W7: ご用命賜り、ありがとうございました。
G8: 675-2312 | W8: 下記の件についまして、ご請求させていただきますので
B9: 御請求金額 | G9: 兵庫県加西市北条町北条1121 | W9: ご査収の程、よろしくお願いします。
G10: 株式会社ＣＳＩＬｅａｄ
B11: =G34 -> 1836047.4 | G11: TEL0790-20-7223FAX0790-20-7224
G12: 登録番号：T9140001126012
C16: 請求内訳
C17: 1 大津港ターミナル | G17: =修正中救護!G66 -> 122440
C18: 2 大津市民会館 | G18: =修正中救護!O66 -> 143540
C19: 3 勤労福祉センター | G19: =修正中救護!W66 -> 151540 | W19: =#REF! -> #REF! | AA19: =#REF! -> #REF!
C20: 4 ふれあいスポーツセンター | G20: =修正中救護!AE66 -> 138040 | W20: =#REF! -> #REF! | AA20: =#REF! -> #REF!
C21: 5 逢坂市民センター | G21: =修正中救護!AM66 -> 153920
C22: 6 平野市民センター | G22: =修正中救護!AU66 -> 157920
C23: 7 びわこボート | G23: =修正中救護!BC66 -> 33705
C24: 8 草津本部 | G24: =修正中救護!BK66 -> 120490
C25: 9，本部付け | G25: =修正中救護!BS7 -> 99800
C26: 予備AED（18,000×3個） | G26: =修正中救護!BS9 -> 54000
C27: 輸送用パワーゲート４ｔ | G27: =修正中救護!BS10 -> 112000
C28: =修正中救護!BN11 -> 設営・撤去テント等（輸送費含む） | G28: =修正中救護!BS11 -> 80000
C29: =修正中救護!BN12 -> 冷凍車・配送（前日）・回収（当日） | G29: =修正中救護!BS12 -> 150000
F30: 小計① | G30: =SUM(G17:G29) -> 1517395
F31: 諸経費10％ | G31: 151739
F32: 小計② | G32: =G30+G31 -> 1669134
F33: 消費税 | G33: =G32*0.1 -> 166913.4
F34: 御請求金額合計 | G34: =SUM(G32:G33) -> 1836047.4

Sheet 救護所請求書表紙 (2)
A1: 御 請 求 書
A3: びわ湖大花火大会実行委員会御中 | H3: 46265
A5: ご用命賜り、ありがとうございました。
A6: 下記の通り、ご請求させていただきますので
A7: ご査収の程、よろしくお願いします。 | W7: ご用命賜り、ありがとうございました。
G8: 675-2312 | W8: 下記の件についまして、ご請求させていただきますので
B9: 御請求金額 | G9: 兵庫県加西市北条町北条1121 | W9: ご査収の程、よろしくお願いします。
G10: 株式会社ＣＳＩＬｅａｄ
B11: =G34 -> 1836047.4 | G11: TEL0790-20-7223FAX0790-20-7224
G12: 登録番号：T9140001126012
C16: 請求内訳
C17: 1 大津港ターミナル | G17: =修正中救護!G66 -> 122440
C18: 2 大津市民会館 | G18: =修正中救護!O66 -> 143540
C19: 3 勤労福祉センター | G19: =修正中救護!W66 -> 151540 | W19: =#REF! -> #REF! | AA19: =#REF! -> #REF!
C20: 4 ふれあいスポーツセンター | G20: =修正中救護!AE66 -> 138040 | W20: =#REF! -> #REF! | AA20: =#REF! -> #REF!
C21: 5 逢坂市民センター | G21: =修正中救護!AM66 -> 153920
C22: 6 平野市民センター | G22: =修正中救護!AU66 -> 157920
C23: 7 びわこボート | G23: =修正中救護!BC66 -> 33705
C24: 8 草津本部 | G24: =修正中救護!BK66 -> 120490
C25: 9，本部付け | G25: =修正中救護!BS7 -> 99800
C26: 予備AED（18,000×3個） | G26: =修正中救護!BS9 -> 54000
C27: 輸送用パワーゲート４ｔ | G27: =修正中救護!BS10 -> 112000
C28: =修正中救護!BN11 -> 設営・撤去テント等（輸送費含む） | G28: =修正中救護!BS11 -> 80000
C29: =修正中救護!BN12 -> 冷凍車・配送（前日）・回収（当日） | G29: =修正中救護!BS12 -> 150000
F30: 小計① | G30: =SUM(G17:G29) -> 1517395
F31: 諸経費10％ | G31: 151739
F32: 小計② | G32: =G30+G31 -> 1669134
F33: 消費税 | G33: =G32*0.1 -> 166913.4
F34: 御請求金額合計 | G34: =SUM(G32:G33) -> 1836047.4

Sheet 修正中救護前川
A1: 救護所設置及び備品（使用日8月6日） | I1: 救護所設置及び備品（使用日8月6日） | Q1: 救護所設置及び備品（使用日8月6日） | Y1: 救護所設置及び備品（使用日8月6日） | AH1: エイドステーション設置及び備品（使用日8月6日） | AP1: エイドステーション設置及び備品（使用日8月6日） | AX1: エイドステーション設置及び備品（使用日8月6日） | BF1: エイドステーション設置及び備品（使用日8月6日） | BN1: エイドステーション設置及び備品（使用日8月6日）
A2: １ 大津港ターミナル① | I2: ３ 大津市民会館 | Q2: ３ 勤労福祉センター① | Y2: ４ ふれあいスポーツセンター① | AG2: ５ 逢坂市民センター① | AO2: ６ 平野市民センター① | AW2: 7 びわこボート① | BE2: 8 草津本部① | BM2: 9 本部付け
A3: 商 品 名 | C3: 仕 様 | D3: 数量 | F3: 単価 | G3: 合計 | H3: 税 | I3: 商 品 名 | K3: 仕 様 | L3: 数量 | N3: 単価 | O3: 合計 | P3: 税 | Q3: 商 品 名 | S3: 仕 様 | T3: 数量 | V3: 単価 | W3: 合計 | X3: 税 | Y3: 商 品 名 | AA3: 仕 様 | AB3: 数量 | AD3: 単価 | AE3: 合計 | AF3: 税 | AG3: 商 品 名 | AI3: 仕 様 | AJ3: 数量 | AL3: 単価 | AM3: 合計 | AN3: 税 | AO3: 商 品 名 | AQ3: 仕 様 | AR3: 数量 | AT3: 単価 | AU3: 合計 | AV3: 税 | AW3: 商 品 名 | AY3: 仕 様 | AZ3: 数量 | BB3: 単価 | BC3: 合計 | BD3: 税 | BE3: 商 品 名 | BG3: 仕 様 | BH3: 数量 | BJ3: 単価 | BK3: 合計 | BL3: 税 | BM3: 商 品 名 | BO3: 仕 様 | BP3: 数量 | BR3: 単価 | BS3: 合計 | BT3: 税
B4: ＡＥＤ | D4: 1 | E4: 個 | F4: 18000 | G4: =D4*F4 -> 18000 | H4: 0.1 | J4: ＡＥＤ | L4: 1 | M4: 個 | N4: 18000 | O4: =L4*N4 -> 18000 | P4: 0.1 | R4: ＡＥＤ | T4: 1 | U4: 個 | V4: 18000 | W4: =T4*V4 -> 18000 | X4: 0.1 | Z4: ＡＥＤ | AB4: 1 | AC4: 個 | AD4: 18000 | AE4: =AB4*AD4 -> 18000 | AF4: 0.1 | AH4: ＡＥＤ | AJ4: 1 | AK4: 個 | AL4: 18000 | AM4: =AJ4*AL4 -> 18000 | AN4: 0.1 | AP4: ＡＥＤ | AR4: 1 | AS4: 個 | AT4: 18000 | AU4: =AR4*AT4 -> 18000 | AV4: 0.1 | AX4: ＡＥＤ | AZ4: 1 | BA4: 個 | BB4: 18000 | BC4: =AZ4*BB4 -> 18000 | BD4: 0.1 | BF4: ＡＥＤ | BH4: 1 | BI4: 個 | BJ4: 18000 | BK4: =BH4*BJ4 -> 18000 | BL4: 0.1 | BN4: 救命救急士（応援・交代要員） | BP4: 9 | BQ4: 時間 | BR4: 5200 | BS4: =BP4*BR4 -> 46800 | BT4: 0.1
B5: ナースバッグ | D5: 1 | E5: 個 | F5: 2000 | G5: =D5*F5 -> 2000 | H5: 0.1 | J5: ナースバッグ | L5: 1 | M5: 個 | N5: 2000 | O5: =L5*N5 -> 2000 | P5: 0.1 | R5: ナースバッグ | T5: 1 | U5: 個 | V5: 2000 | W5: =T5*V5 -> 2000 | X5: 0.1 | Z5: ナースバッグ | AB5: 1 | AC5: 個 | AD5: 2000 | AE5: =AB5*AD5 -> 2000 | AF5: 0.1 | AH5: ナースバッグ | AJ5: 1 | AK5: 個 | AL5: 2000 | AM5: =AJ5*AL5 -> 2000 | AN5: 0.1 | AP5: ナースバッグ | AR5: 1 | AS5: 個 | AT5: 2000 | AU5: =AR5*AT5 -> 2000 | AV5: 0.1 | AX5: ナースバッグ | AZ5: 1 | BA5: 個 | BB5: 2000 | BC5: =AZ5*BB5 -> 2000 | BD5: 0.1 | BF5: ナースバッグ | BH5: 1 | BI5: 個 | BJ5: 2000 | BK5: =BH5*BJ5 -> 2000 | BL5: 0.1 | BN5: 民間救急車（本部前） | BP5: 1 | BQ5: 台 | BR5: 32000 | BS5: =BP5*BR5 -> 32000 | BT5: 0.1
B6: 血圧計 | D6: 1 | E6: 個 | F6: 2500 | G6: =D6*F6 -> 2500 | H6: 0.1 | J6: 血圧計 | L6: 1 | M6: 個 | N6: 2500 | O6: =L6*N6 -> 2500 | P6: 0.1 | R6: 血圧計 | T6: 1 | U6: 個 | V6: 2500 | W6: =T6*V6 -> 2500 | X6: 0.1 | Z6: 血圧計 | AB6: 1 | AC6: 個 | AD6: 2500 | AE6: =AB6*AD6 -> 2500 | AF6: 0.1 | AH6: 血圧計 | AJ6: 1 | AK6: 個 | AL6: 2500 | AM6: =AJ6*AL6 -> 2500 | AN6: 0.1 | AP6: 血圧計 | AR6: 1 | AS6: 個 | AT6: 2500 | AU6: =AR6*AT6 -> 2500 | AV6: 0.1 | AX6: 血圧計 | AZ6: 1 | BA6: 個 | BB6: 2500 | BC6: =AZ6*BB6 -> 2500 | BD6: 0.1 | BF6: 血圧計 | BH6: 1 | BI6: 個 | BJ6: 2500 | BK6: =BH6*BJ6 -> 2500 | BL6: 0.1 | BN6: 交通費 | BP6: 一式 | BR6: 21000 | BS6: 21000 | BT6: 0.1
B7: 担架 | D7: 1 | E7: 個 | F7: 5200 | G7: =D7*F7 -> 5200 | H7: 0.1 | J7: 担架 | L7: 1 | M7: 個 | N7: 5200 | O7: =L7*N7 -> 5200 | P7: 0.1 | R7: 担架 | T7: 1 | U7: 個 | V7: 5200 | W7: =T7*V7 -> 5200 | X7: 0.1 | Z7: 担架 | AB7: 1 | AC7: 個 | AD7: 5200 | AE7: =AB7*AD7 -> 5200 | AF7: 0.1 | AH7: 担架 | AJ7: 1 | AK7: 個 | AL7: 5200 | AM7: =AJ7*AL7 -> 5200 | AN7: 0.1 | AP7: 担架 | AR7: 1 | AS7: 個 | AT7: 5200 | AU7: =AR7*AT7 -> 5200 | AV7: 0.1 | AX7: 担架 | AZ7: 1 | BA7: 個 | BB7: 5200 | BC7: =AZ7*BB7 -> 5200 | BD7: 0.1 | BF7: 担架 | BH7: 1 | BI7: 個 | BJ7: 5200 | BK7: =BH7*BJ7 -> 5200 | BL7: 0.1 | BR7: 本部付け小計 | BS7: =SUM(BS4:BS6) -> 99800
B8: 折りたたみベッド | D8: 1 | E8: 個 | F8: 3000 | G8: =D8*F8 -> 3000 | H8: 0.1 | J8: 折りたたみベッド | L8: 1 | M8: 個 | N8: 3000 | O8: =L8*N8 -> 3000 | P8: 0.1 | R8: 折りたたみベッド | T8: 1 | U8: 個 | V8: 3000 | W8: =T8*V8 -> 3000 | X8: 0.1 | Z8: 折りたたみベッド | AB8: 1 | AC8: 個 | AD8: 3000 | AE8: =AB8*AD8 -> 3000 | AF8: 0.1 | AH8: 折りたたみベッド | AJ8: 1 | AK8: 個 | AL8: 3000 | AM8: =AJ8*AL8 -> 3000 | AN8: 0.1 | AP8: 折りたたみベッド | AR8: 1 | AS8: 個 | AT8: 3000 | AU8: =AR8*AT8 -> 3000 | AV8: 0.1 | AX8: 折りたたみベッド | AZ8: 1 | BA8: 個 | BB8: 3000 | BC8: =AZ8*BB8 -> 3000 | BD8: 0.1 | BF8: 折りたたみベッド | BH8: 1 | BI8: 個 | BJ8: 3000 | BK8: =BH8*BJ8 -> 3000 | BL8: 0.1
B9: クーラーボックス | D9: 2 | E9: 個 | F9: 4000 | G9: =D9*F9 -> 8000 | H9: 0.1 | J9: クーラーボックス | L9: 2 | M9: 個 | N9: 4000 | O9: =L9*N9 -> 8000 | P9: 0.1 | R9: クーラーボックス | T9: 2 | U9: 個 | V9: 4000 | W9: =T9*V9 -> 8000 | X9: 0.1 | Z9: クーラーボックス | AB9: 2 | AC9: 個 | AD9: 4000 | AE9: =AB9*AD9 -> 8000 | AF9: 0.1 | AH9: クーラーボックス | AJ9: 2 | AK9: 個 | AL9: 4000 | AM9: =AJ9*AL9 -> 8000 | AN9: 0.1 | AP9: クーラーボックス | AR9: 2 | AS9: 個 | AT9: 4000 | AU9: =AR9*AT9 -> 8000 | AV9: 0.1 | AX9: クーラーボックス | AZ9: 2 | BA9: 個 | BB9: 4000 | BC9: =AZ9*BB9 -> 8000 | BD9: 0.1 | BF9: クーラーボックス | BH9: 2 | BI9: 個 | BJ9: 4000 | BK9: =BH9*BJ9 -> 8000 | BL9: 0.1
B10: 車椅子 | D10: 2 | E10: 個 | F10: 4000 | G10: =D10*F10 -> 8000 | H10: 0.1 | J10: 車椅子 | L10: 2 | M10: 個 | N10: 4000 | O10: =L10*N10 -> 8000 | P10: 0.1 | R10: 車椅子 | T10: 2 | U10: 個 | V10: 4000 | W10: =T10*V10 -> 8000 | X10: 0.1 | Z10: 車椅子 | AB10: 2 | AC10: 個 | AD10: 4000 | AE10: =AB10*AD10 -> 8000 | AF10: 0.1 | AH10: 車椅子 | AJ10: 2 | AK10: 個 | AL10: 4000 | AM10: =AJ10*AL10 -> 8000 | AN10: 0.1 | AP10: 車椅子 | AR10: 2 | AS10: 個 | AT10: 4000 | AU10: =AR10*AT10 -> 8000 | AV10: 0.1 | AX10: 車椅子 | AZ10: 2 | BA10: 個 | BB10: 4000 | BC10: =AZ10*BB10 -> 8000 | BD10: 0.1 | BF10: 車椅子 | BH10: 2 | BI10: 個 | BJ10: 4000 | BK10: =BH10*BJ10 -> 8000 | BL10: 0.1 | BN10: 予備ＡＥＤ | BP10: 3 | BQ10: 個 | BR10: 18000 | BS10: =BP10*BR10 -> 54000 | BT10: 0.1
B11: 水（ペットボトル） | C11: 550ml | D11: 24 | E11: 本 | F11: 80 | G11: =D11*F11 -> 1920 | H11: 0.1 | J11: 水（ペットボトル） | K11: 550ml | L11: 24 | M11: 本 | N11: 80 | O11: =L11*N11 -> 1920 | P11: 0.1 | R11: 水（ペットボトル） | S11: 550ml | T11: 24 | U11: 本 | V11: 80 | W11: =T11*V11 -> 1920 | X11: 0.1 | Z11: 水（ペットボトル） | AA11: 550ml | AB11: 24 | AC11: 本 | AD11: 80 | AE11: =AB11*AD11 -> 1920 | AF11: 0.1 | AH11: 水（ペットボトル） | AI11: 550ml | AJ11: 48 | AK11: 本 | AL11: 80 | AM11: =AJ11*AL11 -> 3840 | AN11: 0.1 | AP11: 水（ペットボトル） | AQ11: 550ml | AR11: 48 | AS11: 本 | AT11: 80 | AU11: =AR11*AT11 -> 3840 | AV11: 0.1 | AX11: 水（ペットボトル） | AY11: 550ml | AZ11: 24 | BA11: 本 | BB11: 80 | BC11: =AZ11*BB11 -> 1920 | BD11: 0.1 | BF11: 水（ペットボトル） | BG11: 550ml | BH11: 24 | BI11: 本 | BJ11: 80 | BK11: =BH11*BJ11 -> 1920 | BL11: 0.1 | BN11: 輸送用４ｔパワーゲート | BP11: 2 | BQ11: 台 | BR11: 56000 | BS11: =BP11*BR11 -> 112000 | BT11: 0.1
B12: 経口補水液（ペットボトル） | C12: OS-1 50０ｍｌ | D12: 24 | E12: 本 | F12: 205 | G12: =D12*F12 -> 4920 | H12: 0.1 | J12: 経口補水液（ペットボトル） | K12: OS-1 50０ｍｌ | L12: 24 | M12: 本 | N12: 205 | O12: =L12*N12 -> 4920 | P12: 0.1 | R12: 経口補水液（ペットボトル） | S12: OS-1 50０ｍｌ | T12: 24 | U12: 本 | V12: 205 | W12: =T12*V12 -> 4920 | X12: 0.1 | Z12: 経口補水液（ペットボトル） | AA12: OS-1 50０ｍｌ | AB12: 24 | AC12: 本 | AD12: 205 | AE12: =AB12*AD12 -> 4920 | AF12: 0.1 | AH12: 経口補水液（ペットボトル） | AI12: OS-1 50０ｍｌ | AJ12: 36 | AK12: 本 | AL12: 205 | AM12: =AJ12*AL12 -> 7380 | AN12: 0.1 | AP12: 経口補水液（ペットボトル） | AQ12: OS-1 50０ｍｌ | AR12: 36 | AS12: 本 | AT12: 205 | AU12: =AR12*AT12 -> 7380 | AV12: 0.1 | AX12: 経口補水液（ペットボトル） | AY12: OS-1 50０ｍｌ | AZ12: 24 | BA12: 本 | BB12: 205 | BC12: =AZ12*BB12 -> 4920 | BD12: 0.1 | BF12: 経口補水液（ペットボトル） | BG12: OS-1 50０ｍｌ | BH12: 24 | BI12: 本 | BJ12: 205 | BK12: =BH12*BJ12 -> 4920 | BL12: 0.1 | BN12: 設営・撤去テント等（輸送費含む） | BP12: 一式 | BS12: 80000 | BT12: 0.1
B13: 経口補水ゼリー | C13: OS-1 200ｇ | D13: 10 | E13: 本 | F13: 185 | G13: =D13*F13 -> 1850 | H13: 0.1 | J13: 経口補水ゼリー | K13: OS-1 200ｇ | L13: 10 | M13: 本 | N13: 185 | O13: =L13*N13 -> 1850 | P13: 0.1 | R13: 経口補水ゼリー | S13: OS-1 200ｇ | T13: 10 | U13: 本 | V13: 185 | W13: =T13*V13 -> 1850 | X13: 0.1 | Z13: 経口補水ゼリー | AA13: OS-1 200ｇ | AB13: 10 | AC13: 本 | AD13: 185 | AE13: =AB13*AD13 -> 1850 | AF13: 0.1 | AH13: 経口補水ゼリー | AI13: OS-1 200ｇ | AJ13: 10 | AK13: 本 | AL13: 185 | AM13: =AJ13*AL13 -> 1850 | AN13: 0.1 | AP13: 経口補水ゼリー | AQ13: OS-1 200ｇ | AR13: 10 | AS13: 本 | AT13: 185 | AU13: =AR13*AT13 -> 1850 | AV13: 0.1 | AX13: 経口補水ゼリー | AY13: OS-1 200ｇ | AZ13: 10 | BA13: 本 | BB13: 185 | BC13: =AZ13*BB13 -> 1850 | BD13: 0.1 | BF13: 経口補水ゼリー | BG13: OS-1 200ｇ | BI13: 本 | BJ13: 185 | BK13: =BH13*BJ13 -> 0 | BL13: 0.1 | BN13: 冷凍車・配送（前日）・回収（当日） | BP13: 一式 | BS13: 150000 | BT13: 0.1
B14: アイスノン | D14: 3 | E14: 個 | F14: 1600 | G14: =D14*F14 -> 4800 | H14: 0.1 | J14: アイスノン | L14: 3 | M14: 個 | N14: 1600 | O14: =L14*N14 -> 4800 | P14: 0.1 | R14: アイスノン | T14: 3 | U14: 個 | V14: 1600 | W14: =T14*V14 -> 4800 | X14: 0.1 | Z14: アイスノン | AB14: 3 | AC14: 個 | AD14: 1600 | AE14: =AB14*AD14 -> 4800 | AF14: 0.1 | AH14: アイスノン | AJ14: 3 | AK14: 個 | AL14: 1600 | AM14: =AJ14*AL14 -> 4800 | AN14: 0.1 | AP14: アイスノン | AR14: 3 | AS14: 個 | AT14: 1600 | AU14: =AR14*AT14 -> 4800 | AV14: 0.1 | AX14: アイスノン | AZ14: 3 | BA14: 個 | BB14: 1600 | BC14: =AZ14*BB14 -> 4800 | BD14: 0.1 | BF14: アイスノン | BH14: 3 | BI14: 個 | BJ14: 1600 | BK14: =BH14*BJ14 -> 4800 | BL14: 0.1 | BN14: 小計 | BP14: ①～⑨ | BS14: =BK65+BC65+AU65+AM65+AE65+W65+O65+G65+BS7 -> 1177345 | BT14: 0.1
B15: 保冷剤 | C15: ５００ｇ | D15: 2 | E15: 個 | F15: 600 | G15: =D15*F15 -> 1200 | H15: 0.1 | J15: 保冷剤 | K15: ５００ｇ | L15: 2 | M15: 個 | N15: 600 | O15: =L15*N15 -> 1200 | P15: 0.1 | R15: 保冷剤 | S15: ５００ｇ | T15: 2 | U15: 個 | V15: 600 | W15: =T15*V15 -> 1200 | X15: 0.1 | Z15: 保冷剤 | AA15: ５００ｇ | AB15: 2 | AC15: 個 | AD15: 600 | AE15: =AB15*AD15 -> 1200 | AF15: 0.1 | AH15: 保冷剤 | AI15: ５００ｇ | AJ15: 2 | AK15: 個 | AL15: 600 | AM15: =AJ15*AL15 -> 1200 | AN15: 0.1 | AP15: 保冷剤 | AQ15: ５００ｇ | AR15: 2 | AS15: 個 | AT15: 600 | AU15: =AR15*AT15 -> 1200 | AV15: 0.1 | AX15: 保冷剤 | AY15: ５００ｇ | AZ15: 2 | BA15: 個 | BB15: 600 | BC15: =AZ15*BB15 -> 1200 | BD15: 0.1 | BF15: 保冷剤 | BG15: ５００ｇ | BH15: 2 | BI15: 個 | BJ15: 600 | BK15: =BH15*BJ15 -> 1200 | BL15: 0.1 | BR15: 小計① | BS15: =SUM(BS10:BS14) -> 1573345
B16: 瞬間冷却パック | D16: 10 | E16: 個 | F16: 150 | G16: =D16*F16 -> 1500 | H16: 0.1 | J16: 瞬間冷却パック | L16: 10 | M16: 個 | N16: 150 | O16: =L16*N16 -> 1500 | P16: 0.1 | R16: 瞬間冷却パック | T16: 10 | U16: 個 | V16: 150 | W16: =T16*V16 -> 1500 | X16: 0.1 | Z16: 瞬間冷却パック | AB16: 10 | AC16: 個 | AD16: 150 | AE16: =AB16*AD16 -> 1500 | AF16: 0.1 | AH16: 瞬間冷却パック | AJ16: 10 | AK16: 個 | AL16: 150 | AM16: =AJ16*AL16 -> 1500 | AN16: 0.1 | AP16: 瞬間冷却パック | AR16: 10 | AS16: 個 | AT16: 150 | AU16: =AR16*AT16 -> 1500 | AV16: 0.1 | AX16: 瞬間冷却パック | AZ16: 10 | BA16: 個 | BB16: 150 | BC16: =AZ16*BB16 -> 1500 | BD16: 0.1 | BF16: 瞬間冷却パック | BH16: 10 | BI16: 個 | BJ16: 150 | BK16: =BH16*BJ16 -> 1500 | BL16: 0.1 | BR16: 諸経費１０％ | BS16: =BS15*0.1 -> 157334.5
B17: 氷 | D17: 2 | E17: 貫 | F17: 700 | G17: =D17*F17 -> 1400 | H17: 0.1 | J17: 氷 | L17: 2 | M17: 貫 | N17: 700 | O17: =L17*N17 -> 1400 | P17: 0.1 | R17: 氷 | T17: 2 | U17: 貫 | V17: 700 | W17: =T17*V17 -> 1400 | X17: 0.1 | Z17: 氷 | AB17: 2 | AC17: 貫 | AD17: 700 | AE17: =AB17*AD17 -> 1400 | AF17: 0.1 | AH17: 氷 | AJ17: 2 | AK17: 貫 | AL17: 700 | AM17: =AJ17*AL17 -> 1400 | AN17: 0.1 | AP17: 氷 | AR17: 2 | AS17: 貫 | AT17: 700 | AU17: =AR17*AT17 -> 1400 | AV17: 0.1 | AX17: 氷 | BA17: 貫 | BB17: 700 | BC17: =AZ17*BB17 -> 0 | BD17: 0.1 | BF17: 氷 | BH17: 2 | BI17: 貫 | BJ17: 700 | BK17: =BH17*BJ17 -> 1400 | BL17: 0.1 | BR17: 小計② | BS17: =SUM(BS15:BS16) -> 1730679.5
B18: ドライアイス | D18: 4 | E18: ｋｇ | F18: 700 | G18: =D18*F18 -> 2800 | H18: 0.1 | J18: ドライアイス | L18: 4 | M18: ｋｇ | N18: 700 | O18: =L18*N18 -> 2800 | P18: 0.1 | R18: ドライアイス | T18: 4 | U18: ｋｇ | V18: 700 | W18: =T18*V18 -> 2800 | X18: 0.1 | Z18: ドライアイス | AB18: 4 | AC18: ｋｇ | AD18: 700 | AE18: =AB18*AD18 -> 2800 | AF18: 0.1 | AH18: ドライアイス | AJ18: 4 | AK18: ｋｇ | AL18: 700 | AM18: =AJ18*AL18 -> 2800 | AN18: 0.1 | AP18: ドライアイス | AR18: 4 | AS18: ｋｇ | AT18: 700 | AU18: =AR18*AT18 -> 2800 | AV18: 0.1 | AX18: ドライアイス | BA18: ｋｇ | BB18: 700 | BC18: =AZ18*BB18 -> 0 | BD18: 0.1 | BF18: ドライアイス | BH18: 4 | BI18: ｋｇ | BJ18: 700 | BK18: =BH18*BJ18 -> 2800 | BL18: 0.1 | BR18: 消費税 | BS18: =BS17*0.1 -> 173067.95
B19: 毛布 | D19: 2 | E19: 枚 | F19: 1500 | G19: =D19*F19 -> 3000 | H19: 0.1 | J19: 毛布 | L19: 2 | M19: 枚 | N19: 1500 | O19: =L19*N19 -> 3000 | P19: 0.1 | R19: 毛布 | T19: 2 | U19: 枚 | V19: 1500 | W19: =T19*V19 -> 3000 | X19: 0.1 | Z19: 毛布 | AB19: 2 | AC19: 枚 | AD19: 1500 | AE19: =AB19*AD19 -> 3000 | AF19: 0.1 | AH19: 毛布 | AJ19: 6 | AK19: 枚 | AL19: 1500 | AM19: =AJ19*AL19 -> 9000 | AN19: 0.1 | AP19: 毛布 | AR19: 6 | AS19: 枚 | AT19: 1500 | AU19: =AR19*AT19 -> 9000 | AV19: 0.1 | AX19: 毛布 | AZ19: 1 | BA19: 枚 | BB19: 1500 | BC19: =AZ19*BB19 -> 1500 | BD19: 0.1 | BF19: 毛布 | BH19: 1 | BI19: 枚 | BJ19: 1500 | BK19: =BH19*BJ19 -> 1500 | BL19: 0.1 | BR19: 合計 | BS19: =SUM(BS17:BS18) -> 1903747.4
B20: タオルケット | D20: 2 | E20: 枚 | F20: 1500 | G20: =D20*F20 -> 3000 | H20: 0.1 | J20: タオルケット | L20: 2 | M20: 枚 | N20: 1500 | O20: =L20*N20 -> 3000 | P20: 0.1 | R20: タオルケット | T20: 2 | U20: 枚 | V20: 1500 | W20: =T20*V20 -> 3000 | X20: 0.1 | Z20: タオルケット | AB20: 2 | AC20: 枚 | AD20: 1500 | AE20: =AB20*AD20 -> 3000 | AF20: 0.1 | AH20: タオルケット | AJ20: 2 | AK20: 枚 | AL20: 1500 | AM20: =AJ20*AL20 -> 3000 | AN20: 0.1 | AP20: タオルケット | AR20: 2 | AS20: 枚 | AT20: 1500 | AU20: =AR20*AT20 -> 3000 | AV20: 0.1 | AX20: タオルケット | AZ20: 2 | BA20: 枚 | BB20: 1500 | BC20: =AZ20*BB20 -> 3000 | BD20: 0.1 | BF20: タオルケット | BH20: 2 | BI20: 枚 | BJ20: 1500 | BK20: =BH20*BJ20 -> 3000 | BL20: 0.1
B21: 大判バスタオル | D21: 2 | E21: 枚 | F21: 800 | G21: =D21*F21 -> 1600 | H21: 0.1 | J21: 大判バスタオル | L21: 2 | M21: 枚 | N21: 800 | O21: =L21*N21 -> 1600 | P21: 0.1 | R21: 大判バスタオル | T21: 2 | U21: 枚 | V21: 800 | W21: =T21*V21 -> 1600 | X21: 0.1 | Z21: 大判バスタオル | AB21: 2 | AC21: 枚 | AD21: 800 | AE21: =AB21*AD21 -> 1600 | AF21: 0.1 | AH21: 大判バスタオル | AJ21: 2 | AK21: 枚 | AL21: 800 | AM21: =AJ21*AL21 -> 1600 | AN21: 0.1 | AP21: 大判バスタオル | AR21: 2 | AS21: 枚 | AT21: 800 | AU21: =AR21*AT21 -> 1600 | AV21: 0.1 | AX21: 大判バスタオル | AZ21: 2 | BA21: 枚 | BB21: 800 | BC21: =AZ21*BB21 -> 1600 | BD21: 0.1 | BF21: 大判バスタオル | BH21: 2 | BI21: 枚 | BJ21: 800 | BK21: =BH21*BJ21 -> 1600 | BL21: 0.1
B22: バスタオル | D22: 2 | E22: 枚 | F22: 800 | G22: =D22*F22 -> 1600 | H22: 0.1 | J22: バスタオル | L22: 2 | M22: 枚 | N22: 800 | O22: =L22*N22 -> 1600 | P22: 0.1 | R22: バスタオル | T22: 2 | U22: 枚 | V22: 800 | W22: =T22*V22 -> 1600 | X22: 0.1 | Z22: バスタオル | AB22: 2 | AC22: 枚 | AD22: 800 | AE22: =AB22*AD22 -> 1600 | AF22: 0.1 | AH22: バスタオル | AJ22: 2 | AK22: 枚 | AL22: 800 | AM22: =AJ22*AL22 -> 1600 | AN22: 0.1 | AP22: バスタオル | AR22: 2 | AS22: 枚 | AT22: 800 | AU22: =AR22*AT22 -> 1600 | AV22: 0.1 | AX22: バスタオル | AZ22: 2 | BA22: 枚 | BB22: 800 | BC22: =AZ22*BB22 -> 1600 | BD22: 0.1 | BF22: バスタオル | BH22: 2 | BI22: 枚 | BJ22: 800 | BK22: =BH22*BJ22 -> 1600 | BL22: 0.1
B23: フェイスタオル | D23: 4 | E23: 枚 | F23: 180 | G23: =D23*F23 -> 720 | H23: 0.1 | J23: フェイスタオル | L23: 4 | M23: 枚 | N23: 180 | O23: =L23*N23 -> 720 | P23: 0.1 | R23: フェイスタオル | T23: 4 | U23: 枚 | V23: 180 | W23: =T23*V23 -> 720 | X23: 0.1 | Z23: フェイスタオル | AB23: 4 | AC23: 枚 | AD23: 180 | AE23: =AB23*AD23 -> 720 | AF23: 0.1 | AH23: フェイスタオル | AJ23: 4 | AK23: 枚 | AL23: 180 | AM23: =AJ23*AL23 -> 720 | AN23: 0.1 | AP23: フェイスタオル | AR23: 4 | AS23: 枚 | AT23: 180 | AU23: =AR23*AT23 -> 720 | AV23: 0.1 | AX23: フェイスタオル | AZ23: 4 | BA23: 枚 | BB23: 180 | BC23: =AZ23*BB23 -> 720 | BD23: 0.1 | BF23: フェイスタオル | BH23: 4 | BI23: 枚 | BJ23: 180 | BK23: =BH23*BJ23 -> 720 | BL23: 0.1
B24: ティッシュ | D24: 1 | E24: 箱 | F24: 120 | G24: =D24*F24 -> 120 | H24: 0.1 | J24: ティッシュ | L24: 1 | M24: 箱 | N24: 120 | O24: =L24*N24 -> 120 | P24: 0.1 | R24: ティッシュ | T24: 1 | U24: 箱 | V24: 120 | W24: =T24*V24 -> 120 | X24: 0.1 | Z24: ティッシュ | AB24: 1 | AC24: 箱 | AD24: 120 | AE24: =AB24*AD24 -> 120 | AF24: 0.1 | AH24: ティッシュ | AJ24: 1 | AK24: 箱 | AL24: 120 | AM24: =AJ24*AL24 -> 120 | AN24: 0.1 | AP24: ティッシュ | AR24: 1 | AS24: 箱 | AT24: 120 | AU24: =AR24*AT24 -> 120 | AV24: 0.1 | AX24: ティッシュ | AZ24: 1 | BA24: 箱 | BB24: 120 | BC24: =AZ24*BB24 -> 120 | BD24: 0.1 | BF24: ティッシュ | BH24: 1 | BI24: 箱 | BJ24: 120 | BK24: =BH24*BJ24 -> 120 | BL24: 0.1
B25: ペーパータオル | D25: 1 | E25: 箱 | F25: 120 | G25: =D25*F25 -> 120 | H25: 0.1 | J25: ペーパータオル | L25: 1 | M25: 箱 | N25: 120 | O25: =L25*N25 -> 120 | P25: 0.1 | R25: ペーパータオル | T25: 1 | U25: 箱 | V25: 120 | W25: =T25*V25 -> 120 | X25: 0.1 | Z25: ペーパータオル | AB25: 1 | AC25: 箱 | AD25: 120 | AE25: =AB25*AD25 -> 120 | AF25: 0.1 | AH25: ペーパータオル | AJ25: 1 | AK25: 箱 | AL25: 120 | AM25: =AJ25*AL25 -> 120 | AN25: 0.1 | AP25: ペーパータオル | AR25: 1 | AS25: 箱 | AT25: 120 | AU25: =AR25*AT25 -> 120 | AV25: 0.1 | AX25: ペーパータオル | AZ25: 1 | BA25: 箱 | BB25: 120 | BC25: =AZ25*BB25 -> 120 | BD25: 0.1 | BF25: ペーパータオル | BH25: 1 | BI25: 箱 | BJ25: 120 | BK25: =BH25*BJ25 -> 120 | BL25: 0.1
B26: 除菌ペーパー | D26: 1 | E26: 箱 | F26: 160 | G26: =D26*F26 -> 160 | H26: 0.1 | J26: 除菌ペーパー | L26: 1 | M26: 箱 | N26: 160 | O26: =L26*N26 -> 160 | P26: 0.1 | R26: 除菌ペーパー | T26: 1 | U26: 箱 | V26: 160 | W26: =T26*V26 -> 160 | X26: 0.1 | Z26: 除菌ペーパー | AB26: 1 | AC26: 箱 | AD26: 160 | AE26: =AB26*AD26 -> 160 | AF26: 0.1 | AH26: 除菌ペーパー | AJ26: 1 | AK26: 箱 | AL26: 160 | AM26: =AJ26*AL26 -> 160 | AN26: 0.1 | AP26: 除菌ペーパー | AR26: 1 | AS26: 箱 | AT26: 160 | AU26: =AR26*AT26 -> 160 | AV26: 0.1 | AX26: 除菌ペーパー | AZ26: 1 | BA26: 箱 | BB26: 160 | BC26: =AZ26*BB26 -> 160 | BD26: 0.1 | BF26: 除菌ペーパー | BH26: 1 | BI26: 箱 | BJ26: 160 | BK26: =BH26*BJ26 -> 160 | BL26: 0.1
B27: 介護用ビニール手袋（10双） | D27: 20 | E27: 袋 | F27: 40 | G27: =D27*F27 -> 800 | H27: 0.1 | J27: 介護用ビニール手袋（10双） | L27: 20 | M27: 袋 | N27: 40 | O27: =L27*N27 -> 800 | P27: 0.1 | R27: 介護用ビニール手袋（10双） | T27: 20 | U27: 袋 | V27: 40 | W27: =T27*V27 -> 800 | X27: 0.1 | Z27: 介護用ビニール手袋（10双） | AB27: 20 | AC27: 袋 | AD27: 40 | AE27: =AB27*AD27 -> 800 | AF27: 0.1 | AH27: 介護用ビニール手袋（10双） | AJ27: 20 | AK27: 袋 | AL27: 40 | AM27: =AJ27*AL27 -> 800 | AN27: 0.1 | AP27: 介護用ビニール手袋（10双） | AR27: 20 | AS27: 袋 | AT27: 40 | AU27: =AR27*AT27 -> 800 | AV27: 0.1 | AX27: 介護用ビニール手袋（10双） | AZ27: 20 | BA27: 袋 | BB27: 40 | BC27: =AZ27*BB27 -> 800 | BD27: 0.1 | BF27: 介護用ビニール手袋（10双） | BH27: 20 | BI27: 袋 | BJ27: 40 | BK27: =BH27*BJ27 -> 800 | BL27: 0.1
B28: 紙コップ（50個） | E28: 袋 | F28: 125 | G28: =D28*F28 -> 0 | H28: 0.1 | J28: 紙コップ（50個） | M28: 袋 | N28: 125 | O28: =L28*N28 -> 0 | P28: 0.1 | R28: 紙コップ（50個） | U28: 袋 | V28: 125 | W28: =T28*V28 -> 0 | X28: 0.1 | Z28: 紙コップ（50個） | AC28: 袋 | AD28: 125 | AE28: =AB28*AD28 -> 0 | AF28: 0.1 | AH28: 紙コップ（50個） | AK28: 袋 | AL28: 125 | AM28: =AJ28*AL28 -> 0 | AN28: 0.1 | AP28: 紙コップ（50個） | AS28: 袋 | AT28: 125 | AU28: =AR28*AT28 -> 0 | AV28: 0.1 | AX28: 紙コップ（50個） | BA28: 袋 | BB28: 125 | BC28: =AZ28*BB28 -> 0 | BD28: 0.1 | BF28: 紙コップ（50個） | BI28: 袋 | BJ28: 125 | BK28: =BH28*BJ28 -> 0 | BL28: 0.1
B29: 生理用品 | D29: 5 | E29: 個 | F29: 18 | G29: =D29*F29 -> 90 | H29: 0.1 | J29: 生理用品 | L29: 5 | M29: 個 | N29: 18 | O29: =L29*N29 -> 90 | P29: 0.1 | R29: 生理用品 | T29: 5 | U29: 個 | V29: 18 | W29: =T29*V29 -> 90 | X29: 0.1 | Z29: 生理用品 | AB29: 5 | AC29: 個 | AD29: 18 | AE29: =AB29*AD29 -> 90 | AF29: 0.1 | AH29: 生理用品 | AJ29: 5 | AK29: 個 | AL29: 18 | AM29: =AJ29*AL29 -> 90 | AN29: 0.1 | AP29: 生理用品 | AR29: 5 | AS29: 個 | AT29: 18 | AU29: =AR29*AT29 -> 90 | AV29: 0.1 | AX29: 生理用品 | BA29: 個 | BC29: =AZ29*BB29 -> 0 | BD29: 0.1 | BF29: 生理用品 | BH29: 5 | BI29: 個 | BJ29: 18 | BK29: =BH29*BJ29 -> 90 | BL29: 0.1
B30: Tシャツ | D30: 2 | E30: 枚 | F30: 650 | G30: =D30*F30 -> 1300 | H30: 0.1 | J30: Tシャツ | L30: 2 | M30: 枚 | N30: 650 | O30: =L30*N30 -> 1300 | P30: 0.1 | R30: Tシャツ | T30: 2 | U30: 枚 | V30: 650 | W30: =T30*V30 -> 1300 | X30: 0.1 | Z30: Tシャツ | AB30: 2 | AC30: 枚 | AD30: 650 | AE30: =AB30*AD30 -> 1300 | AF30: 0.1 | AH30: Tシャツ | AJ30: 2 | AK30: 枚 | AL30: 650 | AM30: =AJ30*AL30 -> 1300 | AN30: 0.1 | AP30: Tシャツ | AR30: 2 | AS30: 枚 | AT30: 650 | AU30: =AR30*AT30 -> 1300 | AV30: 0.1 | AX30: Tシャツ | BA30: 枚 | BC30: =AZ30*BB30 -> 0 | BD30: 0.1 | BF30: Tシャツ | BH30: 2 | BI30: 枚 | BJ30: 650 | BK30: =BH30*BJ30 -> 1300 | BL30: 0.1
F31: 小計① | G31: =SUM(G3:G30) -> 79600 | N31: 小計① | O31: =SUM(O3:O30) -> 79600 | V31: 小計① | W31: =SUM(W3:W30) -> 79600 | AD31: 小計① | AE31: =SUM(AE3:AE30) -> 79600 | AL31: 小計① | AM31: =SUM(AM3:AM30) -> 89980 | AT31: 小計① | AU31: =SUM(AU3:AU30) -> 89980 | BB31: 小計① | BC31: =SUM(BC3:BC30) -> 72510 | BJ31: 小計① | BK31: =SUM(BK3:BK30) -> 76250
A32: ①大津港ターミナル① | I32: ②大津市民会館① | Q32: ③勤労福祉センター① | Y32: ④ふれあいスポーツセンター① | AG32: ⑨マリーナ（おまつり広場）-1 | AO32: ⑨マリーナ（おまつり広場）-1 | AW32: ⑨マリーナ（おまつり広場）-1 | BE32: ⑨草津本部-2
A33: １ 大津港ターミナル② | I33: 2 大津市民会館② | Q33: 3 勤労福祉センター② | Y33: 4 ふれあいスポーツセンター② | AG33: ５ 逢坂市民センター② | AO33: ６ 平野市民センター② | AW33: 7 びわこボート② | BE33: 8 草津本部②
A34: 商 品 名 | C34: 仕 様 | D34: 数量 | F34: 単価 | G34: 合計 | H34: 税 | I34: 商 品 名 | K34: 仕 様 | L34: 数量 | N34: 単価 | O34: 合計 | P34: 税 | Q34: 商 品 名 | S34: 仕 様 | T34: 数量 | V34: 単価 | W34: 合計 | X34: 税 | Y34: 商 品 名 | AA34: 仕 様 | AB34: 数量 | AD34: 単価 | AE34: 合計 | AF34: 税 | AG34: 商 品 名 | AI34: 仕 様 | AJ34: 数量 | AL34: 単価 | AM34: 合計 | AN34: 税 | AO34: 商 品 名 | AQ34: 仕 様 | AR34: 数量 | AT34: 単価 | AU34: 合計 | AV34: 税 | AW34: 商 品 名 | AY34: 仕 様 | AZ34: 数量 | BB34: 単価 | BC34: 合計 | BD34: 税 | BE34: 商 品 名 | BG34: 仕 様 | BH34: 数量 | BJ34: 単価 | BK34: 合計 | BL34: 税
B35: 軍手 | E35: 双 | F35: 125 | G35: =D35*F35 -> 0 | H35: 0.1 | J35: 軍手 | M35: 双 | N35: 125 | O35: =L35*N35 -> 0 | P35: 0.1 | R35: 軍手 | U35: 双 | V35: 125 | W35: =T35*V35 -> 0 | X35: 0.1 | Z35: 軍手 | AC35: 双 | AD35: 125 | AE35: =AB35*AD35 -> 0 | AF35: 0.1 | AH35: 軍手 | AK35: 双 | AL35: 125 | AM35: =AJ35*AL35 -> 0 | AN35: 0.1 | AP35: 軍手 | AS35: 双 | AT35: 125 | AU35: =AR35*AT35 -> 0 | AV35: 0.1 | AX35: 軍手 | BA35: 双 | BB35: 125 | BC35: =AZ35*BB35 -> 0 | BD35: 0.1 | BF35: 軍手 | BI35: 双 | BJ35: 125 | BK35: =BH35*BJ35 -> 0 | BL35: 0.1
B36: ラップ | E36: 本 | F36: 125 | G36: =D36*F36 -> 0 | H36: 0.1 | J36: ラップ | M36: 本 | N36: 125 | O36: =L36*N36 -> 0 | P36: 0.1 | R36: ラップ | U36: 本 | V36: 125 | W36: =T36*V36 -> 0 | X36: 0.1 | Z36: ラップ | AC36: 本 | AD36: 125 | AE36: =AB36*AD36 -> 0 | AF36: 0.1 | AH36: ラップ | AK36: 本 | AL36: 125 | AM36: =AJ36*AL36 -> 0 | AN36: 0.1 | AP36: ラップ | AS36: 本 | AT36: 125 | AU36: =AR36*AT36 -> 0 | AV36: 0.1 | AX36: ラップ | BA36: 本 | BB36: 125 | BC36: =AZ36*BB36 -> 0 | BD36: 0.1 | BF36: ラップ | BI36: 本 | BJ36: 125 | BK36: =BH36*BJ36 -> 0 | BL36: 0.1
B37: 吐瀉用ビニール袋（20枚） | E37: 袋 | F37: 125 | G37: =D37*F37 -> 0 | H37: 0.1 | J37: 吐瀉用ビニール袋（20枚） | M37: 袋 | N37: 125 | O37: =L37*N37 -> 0 | P37: 0.1 | R37: 吐瀉用ビニール袋（20枚） | U37: 袋 | V37: 125 | W37: =T37*V37 -> 0 | X37: 0.1 | Z37: 吐瀉用ビニール袋（20枚） | AC37: 袋 | AD37: 125 | AE37: =AB37*AD37 -> 0 | AF37: 0.1 | AH37: 吐瀉用ビニール袋（20枚） | AK37: 袋 | AL37: 125 | AM37: =AJ37*AL37 -> 0 | AN37: 0.1 | AP37: 吐瀉用ビニール袋（20枚） | AS37: 袋 | AT37: 125 | AU37: =AR37*AT37 -> 0 | AV37: 0.1 | AX37: 吐瀉用ビニール袋（20枚） | BA37: 袋 | BB37: 125 | BC37: =AZ37*BB37 -> 0 | BD37: 0.1 | BF37: 吐瀉用ビニール袋（20枚） | BI37: 袋 | BJ37: 125 | BK37: =BH37*BJ37 -> 0 | BL37: 0.1
B38: ストロー（20本） | E38: 袋 | F38: 125 | G38: =D38*F38 -> 0 | H38: 0.1 | J38: ストロー（20本） | M38: 袋 | N38: 125 | O38: =L38*N38 -> 0 | P38: 0.1 | R38: ストロー（20本） | U38: 袋 | V38: 125 | W38: =T38*V38 -> 0 | X38: 0.1 | Z38: ストロー（20本） | AC38: 袋 | AD38: 125 | AE38: =AB38*AD38 -> 0 | AF38: 0.1 | AH38: ストロー（20本） | AK38: 袋 | AL38: 125 | AM38: =AJ38*AL38 -> 0 | AN38: 0.1 | AP38: ストロー（20本） | AS38: 袋 | AT38: 125 | AU38: =AR38*AT38 -> 0 | AV38: 0.1 | AX38: ストロー（20本） | BA38: 袋 | BB38: 125 | BC38: =AZ38*BB38 -> 0 | BD38: 0.1 | BF38: ストロー（20本） | BI38: 袋 | BJ38: 125 | BK38: =BH38*BJ38 -> 0 | BL38: 0.1
A39: 救急箱 | B39: 三角巾 | D39: 1 | E39: 枚 | F39: 380 | G39: =D39*F39 -> 380 | H39: 0.1 | I39: 救急箱 | J39: 三角巾 | L39: 1 | M39: 枚 | N39: 380 | O39: =L39*N39 -> 380 | P39: 0.1 | Q39: 救急箱 | R39: 三角巾 | T39: 1 | U39: 枚 | V39: 380 | W39: =T39*V39 -> 380 | X39: 0.1 | Y39: 救急箱 | Z39: 三角巾 | AB39: 1 | AC39: 枚 | AD39: 380 | AE39: =AB39*AD39 -> 380 | AF39: 0.1 | AG39: 救急箱 | AH39: 三角巾 | AJ39: 1 | AK39: 枚 | AL39: 380 | AM39: =AJ39*AL39 -> 380 | AN39: 0.1 | AO39: 救急箱 | AP39: 三角巾 | AR39: 1 | AS39: 枚 | AT39: 380 | AU39: =AR39*AT39 -> 380 | AV39: 0.1 | AW39: 救急箱 | AX39: 三角巾 | AZ39: 1 | BA39: 枚 | BB39: 380 | BC39: =AZ39*BB39 -> 380 | BD39: 0.1 | BE39: 救急箱 | BF39: 三角巾 | BH39: 1 | BI39: 枚 | BJ39: 380 | BK39: =BH39*BJ39 -> 380 | BL39: 0.1
B40: マスク（20枚） | D40: 20 | E40: 袋 | F40: 20 | G40: =D40*F40 -> 400 | H40: 0.1 | J40: マスク（20枚） | L40: 1 | M40: 袋 | N40: 200 | O40: =L40*N40 -> 200 | P40: 0.1 | R40: マスク（20枚） | T40: 1 | U40: 袋 | V40: 200 | W40: =T40*V40 -> 200 | X40: 0.1 | Z40: マスク（20枚） | AB40: 1 | AC40: 袋 | AD40: 200 | AE40: =AB40*AD40 -> 200 | AF40: 0.1 | AH40: マスク（20枚） | AJ40: 1 | AK40: 袋 | AL40: 200 | AM40: =AJ40*AL40 -> 200 | AN40: 0.1 | AP40: マスク（20枚） | AR40: 1 | AS40: 袋 | AT40: 200 | AU40: =AR40*AT40 -> 200 | AV40: 0.1 | AX40: マスク（20枚） | AZ40: 1 | BA40: 袋 | BB40: 200 | BC40: =AZ40*BB40 -> 200 | BD40: 0.1 | BF40: マスク（20枚） | BH40: 1 | BI40: 袋 | BJ40: 200 | BK40: =BH40*BJ40 -> 200 | BL40: 0.1
B41: ガーゼ | D41: 3 | E41: 枚 | F41: 120 | G41: =D41*F41 -> 360 | H41: 0.1 | J41: ガーゼ | L41: 3 | M41: 枚 | N41: 120 | O41: =L41*N41 -> 360 | P41: 0.1 | R41: ガーゼ | T41: 3 | U41: 枚 | V41: 120 | W41: =T41*V41 -> 360 | X41: 0.1 | Z41: ガーゼ | AB41: 3 | AC41: 枚 | AD41: 120 | AE41: =AB41*AD41 -> 360 | AF41: 0.1 | AH41: ガーゼ | AJ41: 3 | AK41: 枚 | AL41: 120 | AM41: =AJ41*AL41 -> 360 | AN41: 0.1 | AP41: ガーゼ | AR41: 3 | AS41: 枚 | AT41: 120 | AU41: =AR41*AT41 -> 360 | AV41: 0.1 | AX41: ガーゼ | AZ41: 3 | BA41: 枚 | BB41: 120 | BC41: =AZ41*BB41 -> 360 | BD41: 0.1 | BF41: ガーゼ | BH41: 3 | BI41: 枚 | BJ41: 120 | BK41: =BH41*BJ41 -> 360 | BL41: 0.1
B42: 滅菌ガーゼ（M） | D42: 3 | E42: 枚 | F42: 40 | G42: =D42*F42 -> 120 | H42: 0.1 | J42: 滅菌ガーゼ（M） | L42: 3 | M42: 枚 | N42: 40 | O42: =L42*N42 -> 120 | P42: 0.1 | R42: 滅菌ガーゼ（M） | T42: 3 | U42: 枚 | V42: 40 | W42: =T42*V42 -> 120 | X42: 0.1 | Z42: 滅菌ガーゼ（M） | AB42: 3 | AC42: 枚 | AD42: 40 | AE42: =AB42*AD42 -> 120 | AF42: 0.1 | AH42: 滅菌ガーゼ（M） | AJ42: 3 | AK42: 枚 | AL42: 40 | AM42: =AJ42*AL42 -> 120 | AN42: 0.1 | AP42: 滅菌ガーゼ（M） | AR42: 3 | AS42: 枚 | AT42: 40 | AU42: =AR42*AT42 -> 120 | AV42: 0.1 | AX42: 滅菌ガーゼ（M） | AZ42: 3 | BA42: 枚 | BB42: 40 | BC42: =AZ42*BB42 -> 120 | BD42: 0.1 | BF42: 滅菌ガーゼ（M） | BH42: 3 | BI42: 枚 | BJ42: 40 | BK42: =BH42*BJ42 -> 120 | BL42: 0.1
B43: 滅菌ガーゼ（L） | D43: 3 | E43: 枚 | F43: 38 | G43: =D43*F43 -> 114 | H43: 0.1 | J43: 滅菌ガーゼ（L） | L43: 3 | M43: 枚 | N43: 40 | O43: =L43*N43 -> 120 | P43: 0.1 | R43: 滅菌ガーゼ（L） | T43: 3 | U43: 枚 | V43: 40 | W43: =T43*V43 -> 120 | X43: 0.1 | Z43: 滅菌ガーゼ（L） | AB43: 3 | AC43: 枚 | AD43: 40 | AE43: =AB43*AD43 -> 120 | AF43: 0.1 | AH43: 滅菌ガーゼ（L） | AJ43: 3 | AK43: 枚 | AL43: 40 | AM43: =AJ43*AL43 -> 120 | AN43: 0.1 | AP43: 滅菌ガーゼ（L） | AR43: 3 | AS43: 枚 | AT43: 40 | AU43: =AR43*AT43 -> 120 | AV43: 0.1 | AX43: 滅菌ガーゼ（L） | AZ43: 3 | BA43: 枚 | BB43: 40 | BC43: =AZ43*BB43 -> 120 | BD43: 0.1 | BF43: 滅菌ガーゼ（L） | BH43: 3 | BI43: 枚 | BJ43: 40 | BK43: =BH43*BJ43 -> 120 | BL43: 0.1
B44: ポアテープ | D44: 1 | E44: 本 | F44: 130 | G44: =D44*F44 -> 130 | H44: 0.1 | J44: ポアテープ | L44: 1 | M44: 本 | N44: 125 | O44: =L44*N44 -> 125 | P44: 0.1 | R44: ポアテープ | T44: 1 | U44: 本 | V44: 125 | W44: =T44*V44 -> 125 | X44: 0.1 | Z44: ポアテープ | AB44: 1 | AC44: 本 | AD44: 125 | AE44: =AB44*AD44 -> 125 | AF44: 0.1 | AH44: ポアテープ | AJ44: 1 | AK44: 本 | AL44: 125 | AM44: =AJ44*AL44 -> 125 | AN44: 0.1 | AP44: ポアテープ | AR44: 1 | AS44: 本 | AT44: 125 | AU44: =AR44*AT44 -> 125 | AV44: 0.1 | AX44: ポアテープ | AZ44: 1 | BA44: 本 | BB44: 125 | BC44: =AZ44*BB44 -> 125 | BD44: 0.1 | BF44: ポアテープ | BH44: 1 | BI44: 本 | BJ44: 125 | BK44: =BH44*BJ44 -> 125 | BL44: 0.1
B45: 消毒液 | D45: 1 | E45: 本 | F45: 130 | G45: =D45*F45 -> 130 | H45: 0.1 | J45: 消毒液 | L45: 1 | M45: 本 | N45: 133 | O45: =L45*N45 -> 133 | P45: 0.1 | R45: 消毒液 | T45: 1 | U45: 本 | V45: 125 | W45: =T45*V45 -> 125 | X45: 0.1 | Z45: 消毒液 | AB45: 1 | AC45: 本 | AD45: 125 | AE45: =AB45*AD45 -> 125 | AF45: 0.1 | AH45: 消毒液 | AJ45: 1 | AK45: 本 | AL45: 133 | AM45: =AJ45*AL45 -> 133 | AN45: 0.1 | AP45: 消毒液 | AR45: 1 | AS45: 本 | AT45: 125 | AU45: =AR45*AT45 -> 125 | AV45: 0.1 | AX45: 消毒液 | AZ45: 1 | BA45: 本 | BB45: 125 | BC45: =AZ45*BB45 -> 125 | BD45: 0.1 | BF45: 消毒液 | BH45: 1 | BI45: 本 | BJ45: 125 | BK45: =BH45*BJ45 -> 125 | BL45: 0.1
B46: ショットメン（10枚） | C46: 消毒用アルコール綿 | D46: 10 | E46: 枚 | F46: 10 | G46: =D46*F46 -> 100 | H46: 0.1 | J46: ショットメン（10枚） | K46: 消毒用アルコール綿 | L46: 1 | M46: 袋 | N46: 125 | O46: =L46*N46 -> 125 | P46: 0.1 | R46: ショットメン（10枚） | S46: 消毒用アルコール綿 | T46: 1 | U46: 袋 | V46: 125 | W46: =T46*V46 -> 125 | X46: 0.1 | Z46: ショットメン（10枚） | AA46: 消毒用アルコール綿 | AB46: 1 | AC46: 袋 | AD46: 125 | AE46: =AB46*AD46 -> 125 | AF46: 0.1 | AH46: ショットメン（10枚） | AI46: 消毒用アルコール綿 | AJ46: 1 | AK46: 袋 | AL46: 125 | AM46: =AJ46*AL46 -> 125 | AN46: 0.1 | AP46: ショットメン（10枚） | AQ46: 消毒用アルコール綿 | AR46: 1 | AS46: 袋 | AT46: 125 | AU46: =AR46*AT46 -> 125 | AV46: 0.1 | AX46: ショットメン（10枚） | AY46: 消毒用アルコール綿 | AZ46: 1 | BA46: 袋 | BB46: 125 | BC46: =AZ46*BB46 -> 125 | BD46: 0.1 | BF46: ショットメン（10枚） | BG46: 消毒用アルコール綿 | BH46: 1 | BI46: 袋 | BJ46: 125 | BK46: =BH46*BJ46 -> 125 | BL46: 0.1
B47: 包帯 | D47: 3 | E47: 本 | F47: 125 | G47: =D47*F47 -> 375 | H47: 0.1 | J47: 包帯 | L47: 3 | M47: 本 | N47: 125 | O47: =L47*N47 -> 375 | P47: 0.1 | R47: 包帯 | T47: 3 | U47: 本 | V47: 125 | W47: =T47*V47 -> 375 | X47: 0.1 | Z47: 包帯 | AB47: 3 | AC47: 本 | AD47: 125 | AE47: =AB47*AD47 -> 375 | AF47: 0.1 | AH47: 包帯 | AJ47: 3 | AK47: 本 | AL47: 125 | AM47: =AJ47*AL47 -> 375 | AN47: 0.1 | AP47: 包帯 | AR47: 3 | AS47: 本 | AT47: 125 | AU47: =AR47*AT47 -> 375 | AV47: 0.1 | AX47: 包帯 | AZ47: 3 | BA47: 本 | BB47: 125 | BC47: =AZ47*BB47 -> 375 | BD47: 0.1 | BF47: 包帯 | BH47: 3 | BI47: 本 | BJ47: 125 | BK47: =BH47*BJ47 -> 375 | BL47: 0.1
B48: バンドエイド（20枚） | D48: 20 | E48: 枚 | F48: 125 | G48: =D48*F48 -> 2500 | H48: 0.1 | J48: バンドエイド（20枚） | L48: 1 | M48: 箱 | N48: 125 | O48: =L48*N48 -> 125 | P48: 0.1 | R48: バンドエイド（20枚） | T48: 1 | U48: 箱 | V48: 125 | W48: =T48*V48 -> 125 | X48: 0.1 | Z48: バンドエイド（20枚） | AB48: 1 | AC48: 箱 | AD48: 125 | AE48: =AB48*AD48 -> 125 | AF48: 0.1 | AH48: バンドエイド（20枚） | AJ48: 1 | AK48: 箱 | AL48: 125 | AM48: =AJ48*AL48 -> 125 | AN48: 0.1 | AP48: バンドエイド（20枚） | AR48: 1 | AS48: 箱 | AT48: 125 | AU48: =AR48*AT48 -> 125 | AV48: 0.1 | AX48: バンドエイド（20枚） | AZ48: 1 | BA48: 箱 | BB48: 125 | BC48: =AZ48*BB48 -> 125 | BD48: 0.1 | BF48: バンドエイド（20枚） | BH48: 1 | BI48: 箱 | BJ48: 125 | BK48: =BH48*BJ48 -> 125 | BL48: 0.1
B49: 人工呼吸用マスク | D49: 1 | E49: 枚 | F49: 380 | G49: =D49*F49 -> 380 | H49: 0.1 | J49: 人工呼吸用マスク | L49: 1 | M49: 枚 | N49: 380 | O49: =L49*N49 -> 380 | P49: 0.1 | R49: 人工呼吸用マスク | T49: 1 | U49: 枚 | V49: 380 | W49: =T49*V49 -> 380 | X49: 0.1 | Z49: 人工呼吸用マスク | AB49: 1 | AC49: 枚 | AD49: 380 | AE49: =AB49*AD49 -> 380 | AF49: 0.1 | AH49: 人工呼吸用マスク | AJ49: 1 | AK49: 枚 | AL49: 380 | AM49: =AJ49*AL49 -> 380 | AN49: 0.1 | AP49: 人工呼吸用マスク | AR49: 1 | AS49: 枚 | AT49: 380 | AU49: =AR49*AT49 -> 380 | AV49: 0.1 | AX49: 人工呼吸用マスク | AZ49: 1 | BA49: 枚 | BB49: 380 | BC49: =AZ49*BB49 -> 380 | BD49: 0.1 | BF49: 人工呼吸用マスク | BH49: 1 | BI49: 枚 | BJ49: 380 | BK49: =BH49*BJ49 -> 380 | BL49: 0.1
B50: 体温計 | D50: 1 | E50: 本 | F50: 900 | G50: =D50*F50 -> 900 | H50: 0.1 | J50: 体温計 | L50: 1 | M50: 本 | N50: 900 | O50: =L50*N50 -> 900 | P50: 0.1 | R50: 体温計 | T50: 1 | U50: 本 | V50: 900 | W50: =T50*V50 -> 900 | X50: 0.1 | Z50: 体温計 | AB50: 1 | AC50: 本 | AD50: 900 | AE50: =AB50*AD50 -> 900 | AF50: 0.1 | AH50: 体温計 | AJ50: 1 | AK50: 本 | AL50: 900 | AM50: =AJ50*AL50 -> 900 | AN50: 0.1 | AP50: 体温計 | AR50: 1 | AS50: 本 | AT50: 900 | AU50: =AR50*AT50 -> 900 | AV50: 0.1 | AX50: 体温計 | AZ50: 1 | BA50: 本 | BB50: 900 | BC50: =AZ50*BB50 -> 900 | BD50: 0.1 | BF50: 体温計 | BH50: 1 | BI50: 本 | BJ50: 900 | BK50: =BH50*BJ50 -> 900 | BL50: 0.1
B51: ピンセット | D51: 1 | E51: 本 | F51: 125 | G51: =D51*F51 -> 125 | H51: 0.1 | J51: ピンセット | L51: 1 | M51: 本 | N51: 125 | O51: =L51*N51 -> 125 | P51: 0.1 | R51: ピンセット | T51: 1 | U51: 本 | V51: 125 | W51: =T51*V51 -> 125 | X51: 0.1 | Z51: ピンセット | AB51: 1 | AC51: 本 | AD51: 125 | AE51: =AB51*AD51 -> 125 | AF51: 0.1 | AH51: ピンセット | AJ51: 1 | AK51: 本 | AL51: 125 | AM51: =AJ51*AL51 -> 125 | AN51: 0.1 | AP51: ピンセット | AR51: 1 | AS51: 本 | AT51: 125 | AU51: =AR51*AT51 -> 125 | AV51: 0.1 | AX51: ピンセット | AZ51: 1 | BA51: 本 | BB51: 125 | BC51: =AZ51*BB51 -> 125 | BD51: 0.1 | BF51: ピンセット | BH51: 1 | BI51: 本 | BJ51: 125 | BK51: =BH51*BJ51 -> 125 | BL51: 0.1
B52: はさみ | D52: 1 | E52: 本 | F52: 125 | G52: =D52*F52 -> 125 | H52: 0.1 | J52: はさみ | L52: 1 | M52: 本 | N52: 125 | O52: =L52*N52 -> 125 | P52: 0.1 | R52: はさみ | T52: 1 | U52: 本 | V52: 125 | W52: =T52*V52 -> 125 | X52: 0.1 | Z52: はさみ | AB52: 1 | AC52: 本 | AD52: 125 | AE52: =AB52*AD52 -> 125 | AF52: 0.1 | AH52: はさみ | AJ52: 1 | AK52: 本 | AL52: 125 | AM52: =AJ52*AL52 -> 125 | AN52: 0.1 | AP52: はさみ | AR52: 1 | AS52: 本 | AT52: 125 | AU52: =AR52*AT52 -> 125 | AV52: 0.1 | AX52: はさみ | AZ52: 1 | BA52: 本 | BB52: 125 | BC52: =AZ52*BB52 -> 125 | BD52: 0.1 | BF52: はさみ | BH52: 1 | BI52: 本 | BJ52: 125 | BK52: =BH52*BJ52 -> 125 | BL52: 0.1
B53: 綿棒（20本） | D53: 20 | E53: 本 | F53: 3 | G53: =D53*F53 -> 60 | H53: 0.1 | J53: 綿棒（20本） | L53: 1 | M53: 箱 | N53: 125 | O53: =L53*N53 -> 125 | P53: 0.1 | R53: 綿棒（20本） | T53: 1 | U53: 箱 | V53: 125 | W53: =T53*V53 -> 125 | X53: 0.1 | Z53: 綿棒（20本） | AB53: 1 | AC53: 箱 | AD53: 125 | AE53: =AB53*AD53 -> 125 | AF53: 0.1 | AH53: 綿棒（20本） | AJ53: 1 | AK53: 箱 | AL53: 125 | AM53: =AJ53*AL53 -> 125 | AN53: 0.1 | AP53: 綿棒（20本） | AR53: 1 | AS53: 箱 | AT53: 125 | AU53: =AR53*AT53 -> 125 | AV53: 0.1 | AX53: 綿棒（20本） | AZ53: 1 | BA53: 箱 | BB53: 125 | BC53: =AZ53*BB53 -> 125 | BD53: 0.1 | BF53: 綿棒（20本） | BH53: 1 | BI53: 箱 | BJ53: 125 | BK53: =BH53*BJ53 -> 125 | BL53: 0.1
B54: 冷却シート（2枚） | D54: 1 | E54: 袋 | F54: 80 | G54: =D54*F54 -> 80 | H54: 0.1 | J54: 冷却シート（2枚） | L54: 1 | M54: 袋 | N54: 80 | O54: =L54*N54 -> 80 | P54: 0.1 | R54: 冷却シート（2枚） | T54: 1 | U54: 袋 | V54: 80 | W54: =T54*V54 -> 80 | X54: 0.1 | Z54: 冷却シート（2枚） | AB54: 1 | AC54: 袋 | AD54: 80 | AE54: =AB54*AD54 -> 80 | AF54: 0.1 | AH54: 冷却シート（2枚） | AJ54: 1 | AK54: 袋 | AL54: 80 | AM54: =AJ54*AL54 -> 80 | AN54: 0.1 | AP54: 冷却シート（2枚） | AR54: 1 | AS54: 袋 | AT54: 80 | AU54: =AR54*AT54 -> 80 | AV54: 0.1 | AX54: 冷却シート（2枚） | AZ54: 1 | BA54: 袋 | BB54: 80 | BC54: =AZ54*BB54 -> 80 | BD54: 0.1 | BF54: 冷却シート（2枚） | BH54: 1 | BI54: 袋 | BJ54: 80 | BK54: =BH54*BJ54 -> 80 | BL54: 0.1
B55: 虫刺され用品（ムヒ） | D55: 1 | E55: 本 | F55: 460 | G55: =D55*F55 -> 460 | H55: 0.1 | J55: 虫刺され用品（ムヒ） | L55: 1 | M55: 本 | N55: 460 | O55: =L55*N55 -> 460 | P55: 0.1 | R55: 虫刺され用品（ムヒ） | T55: 1 | U55: 本 | V55: 460 | W55: =T55*V55 -> 460 | X55: 0.1 | Z55: 虫刺され用品（ムヒ） | AB55: 1 | AC55: 本 | AD55: 460 | AE55: =AB55*AD55 -> 460 | AF55: 0.1 | AH55: 虫刺され用品（ムヒ） | AJ55: 1 | AK55: 本 | AL55: 460 | AM55: =AJ55*AL55 -> 460 | AN55: 0.1 | AP55: 虫刺され用品（ムヒ） | AR55: 1 | AS55: 本 | AT55: 460 | AU55: =AR55*AT55 -> 460 | AV55: 0.1 | AX55: 虫刺され用品（ムヒ） | AZ55: 1 | BA55: 本 | BB55: 460 | BC55: =AZ55*BB55 -> 460 | BD55: 0.1 | BF55: 虫刺され用品（ムヒ） | BH55: 1 | BI55: 本 | BJ55: 460 | BK55: =BH55*BJ55 -> 460 | BL55: 0.1
B56: パルスオキシメーター | D56: 1 | E56: 個 | F56: 2500 | G56: =D56*F56 -> 2500 | H56: 0.1 | J56: パルスオキシメーター | L56: 1 | M56: 個 | N56: 2500 | O56: =L56*N56 -> 2500 | P56: 0.1 | R56: パルスオキシメーター | T56: 1 | U56: 個 | V56: 2500 | W56: =T56*V56 -> 2500 | X56: 0.1 | Z56: パルスオキシメーター | AB56: 1 | AC56: 個 | AD56: 2500 | AE56: =AB56*AD56 -> 2500 | AF56: 0.1 | AH56: パルスオキシメーター | AJ56: 1 | AK56: 個 | AL56: 2500 | AM56: =AJ56*AL56 -> 2500 | AN56: 0.1 | AP56: パルスオキシメーター | AR56: 1 | AS56: 個 | AT56: 2500 | AU56: =AR56*AT56 -> 2500 | AV56: 0.1 | AX56: パルスオキシメーター | AZ56: 1 | BA56: 個 | BB56: 2500 | BC56: =AZ56*BB56 -> 2500 | BD56: 0.1 | BF56: パルスオキシメーター | BH56: 1 | BI56: 個 | BJ56: 2500 | BK56: =BH56*BJ56 -> 2500 | BL56: 0.1
B57: アルミブランケット | D57: 2 | E57: 枚 | F57: 320 | G57: =D57*F57 -> 640 | H57: 0.1 | J57: アルミブランケット | L57: 2 | M57: 枚 | N57: 320 | O57: =L57*N57 -> 640 | P57: 0.1 | R57: アルミブランケット | T57: 2 | U57: 枚 | V57: 320 | W57: =T57*V57 -> 640 | X57: 0.1 | Z57: アルミブランケット | AB57: 2 | AC57: 枚 | AD57: 320 | AE57: =AB57*AD57 -> 640 | AF57: 0.1 | AH57: アルミブランケット | AJ57: 2 | AK57: 枚 | AL57: 320 | AM57: =AJ57*AL57 -> 640 | AN57: 0.1 | AP57: アルミブランケット | AR57: 2 | AS57: 枚 | AT57: 320 | AU57: =AR57*AT57 -> 640 | AV57: 0.1 | AX57: アルミブランケット | AZ57: 2 | BA57: 枚 | BB57: 320 | BC57: =AZ57*BB57 -> 640 | BD57: 0.1 | BF57: アルミブランケット | BH57: 2 | BI57: 枚 | BJ57: 320 | BK57: =BH57*BJ57 -> 640 | BL57: 0.1
B58: テント | C58: 2ｋ×２ｋ | D58: 1 | E58: 個 | F58: 16000 | G58: =D58*F58 -> 16000 | H58: 0.1 | J58: テント | K58: 2ｋ×２ｋ | L58: 1 | M58: 個 | N58: 16000 | O58: =L58*N58 -> 16000 | P58: 0.1 | R58: テント | S58: 2ｋ×２ｋ | T58: 1 | U58: 個 | V58: 16000 | W58: =T58*V58 -> 16000 | X58: 0.1 | Z58: テント | AA58: 2ｋ×２ｋ | AB58: 1 | AC58: 個 | AD58: 16000 | AE58: =AB58*AD58 -> 16000 | AF58: 0.1 | AH58: テント | AI58: 2ｋ×２ｋ | AJ58: 1 | AK58: 個 | AL58: 16000 | AM58: =AJ58*AL58 -> 16000 | AN58: 0.1 | AP58: テント | AQ58: 2ｋ×２ｋ | AR58: 1 | AS58: 個 | AT58: 16000 | AU58: =AR58*AT58 -> 16000 | AV58: 0.1 | AX58: テント | AY58: 2ｋ×２ｋ | AZ58: 1 | BA58: 個 | BB58: 16000 | BC58: =AZ58*BB58 -> 16000 | BD58: 0.1 | BF58: テント | BG58: 2ｋ×２ｋ | BH58: 1 | BI58: 個 | BJ58: 16000 | BK58: =BH58*BJ58 -> 16000 | BL58: 0.1
B59: スポットクーラー | D59: 1 | E59: 個 | F59: 14000 | G59: =D59*F59 -> 14000 | H59: 0.1 | J59: スポットクーラー | L59: 1 | M59: 個 | N59: 14000 | O59: =L59*N59 -> 14000 | P59: 0.1 | R59: スポットクーラー | T59: 1 | U59: 個 | V59: 14000 | W59: =T59*V59 -> 14000 | X59: 0.1 | Z59: スポットクーラー | AB59: 1 | AC59: 個 | AD59: 14000 | AE59: =AB59*AD59 -> 14000 | AF59: 0.1 | AH59: スポットクーラー | AJ59: 1 | AK59: 個 | AL59: 14000 | AM59: =AJ59*AL59 -> 14000 | AN59: 0.1 | AP59: スポットクーラー | AR59: 1 | AS59: 個 | AT59: 14000 | AU59: =AR59*AT59 -> 14000 | AV59: 0.1 | AX59: スポットクーラー | AZ59: 1 | BA59: 個 | BB59: 14000 | BC59: =AZ59*BB59 -> 14000 | BD59: 0.1 | BF59: スポットクーラー | BH59: 1 | BI59: 個 | BJ59: 14000 | BK59: =BH59*BJ59 -> 14000 | BL59: 0.1
B60: テーブル | E60: 個 | F60: 1200 | G60: =D60*F60 -> 0 | H60: 0.1 | J60: テーブル | L60: 1 | M60: 個 | N60: 1200 | O60: =L60*N60 -> 1200 | P60: 0.1 | R60: テーブル | T60: 1 | U60: 個 | V60: 1200 | W60: =T60*V60 -> 1200 | X60: 0.1 | Z60: テーブル | AB60: 1 | AC60: 個 | AD60: 1200 | AE60: =AB60*AD60 -> 1200 | AF60: 0.1 | AH60: テーブル | AJ60: 1 | AK60: 個 | AL60: 1200 | AM60: =AJ60*AL60 -> 1200 | AN60: 0.1 | AP60: テーブル | AR60: 1 | AS60: 個 | AT60: 1200 | AU60: =AR60*AT60 -> 1200 | AV60: 0.1 | AX60: テーブル | AZ60: 1 | BA60: 個 | BB60: 1200 | BC60: =AZ60*BB60 -> 1200 | BD60: 0.1 | BF60: テーブル | BH60: 1 | BI60: 個 | BJ60: 1200 | BK60: =BH60*BJ60 -> 1200 | BL60: 0.1
B61: 椅子 | E61: 脚 | F61: 300 | G61: =D61*F61 -> 0 | H61: 0.1 | J61: 椅子 | L61: 4 | M61: 脚 | N61: 300 | O61: =L61*N61 -> 1200 | P61: 0.1 | R61: 椅子 | T61: 4 | U61: 脚 | V61: 300 | W61: =T61*V61 -> 1200 | X61: 0.1 | Z61: 椅子 | AB61: 4 | AC61: 脚 | AD61: 300 | AE61: =AB61*AD61 -> 1200 | AF61: 0.1 | AH61: 椅子 | AJ61: 4 | AK61: 脚 | AL61: 300 | AM61: =AJ61*AL61 -> 1200 | AN61: 0.1 | AP61: 椅子 | AR61: 4 | AS61: 脚 | AT61: 300 | AU61: =AR61*AT61 -> 1200 | AV61: 0.1 | AX61: 椅子 | AZ61: 4 | BA61: 脚 | BB61: 300 | BC61: =AZ61*BB61 -> 1200 | BD61: 0.1 | BF61: 椅子 | BH61: 4 | BI61: 脚 | BJ61: 300 | BK61: =BH61*BJ61 -> 1200 | BL61: 0.1
B62: 発電機 | D62: 1 | E62: 個 | F62: 6000 | G62: =D62*F62 -> 6000 | H62: 0.1 | J62: 発電機 | L62: 1 | M62: 個 | N62: 6000 | O62: =L62*N62 -> 6000 | P62: 0.1 | R62: 発電機 | T62: 1 | U62: 個 | V62: 6000 | W62: =T62*V62 -> 6000 | X62: 0.1 | Z62: 発電機 | AB62: 1 | AC62: 個 | AD62: 6000 | AE62: =AB62*AD62 -> 6000 | AF62: 0.1 | AH62: 発電機 | AJ62: 1 | AK62: 個 | AL62: 6000 | AM62: =AJ62*AL62 -> 6000 | AN62: 0.1 | AP62: 発電機 | AR62: 1 | AS62: 個 | AT62: 6000 | AU62: =AR62*AT62 -> 6000 | AV62: 0.1 | AX62: 発電機 | AZ62: 1 | BA62: 個 | BB62: 6000 | BC62: =AZ62*BB62 -> 6000 | BD62: 0.1 | BF62: 発電機 | BH62: 1 | BI62: 個 | BJ62: 6000 | BK62: =BH62*BJ62 -> 6000 | BL62: 0.1
B63: コンセント工事 | D63: 一式 | F63: 8000 | G63: 8000 | H63: 0.1 | J63: コンセント工事 | L63: 一式 | N63: 8000 | O63: 8000 | P63: 0.1 | R63: コンセント工事 | T63: 一式 | V63: 8000 | W63: 8000 | X63: 0.1 | Z63: コンセント工事 | AB63: 一式 | AD63: 8000 | AE63: 8000 | AF63: 0.1 | AH63: コンセント工事 | AJ63: 一式 | AL63: 8000 | AM63: 8000 | AN63: 0.1 | AP63: コンセント工事 | AR63: 一式 | AT63: 8000 | AU63: 8000 | AV63: 0.1 | AX63: コンセント工事 | AZ63: 一式 | BB63: 8000 | BC63: 8000 | BD63: 0.1 | BF63: コンセント工事 | BH63: 一式 | BJ63: 8000 | BK63: 8000 | BL63: 0.1
F64: 小計② | G64: =SUM(G34:G63) -> 53879 | N64: 小計② | O64: =SUM(O34:O63) -> 53798 | V64: 小計② | W64: =SUM(W34:W63) -> 53790 | AD64: 小計② | AE64: =SUM(AE34:AE63) -> 53790 | AL64: 小計② | AM64: =SUM(AM34:AM63) -> 53798 | AT64: 小計② | AU64: =SUM(AU34:AU63) -> 53790 | BB64: 小計② | BC64: =SUM(BC34:BC63) -> 53790 | BJ64: 小計② | BK64: =SUM(BK34:BK63) -> 53790
F65: 大津港ターミナル合計 | G65: =G64+G31 -> 133479 | N65: 大津市民会館小計 | O65: =O64+O31 -> 133398 | V65: 勤労福祉センター合計 | W65: =W64+W31 -> 133390 | AD65: ふれあいスポーツセンター合計 | AE65: =AE64+AE31 -> 133390 | AL65: 逢坂市民センター小計 | AM65: =AM64+AM31 -> 143778 | AT65: 平野市民センター合計 | AU65: =AU64+AU31 -> 143770 | BB65: びわこボート合計 | BC65: =BC64+BC31 -> 126300 | BJ65: 草津本部合計 | BK65: =BK64+BK31 -> 130040
A66: ①大津港ターミナル-2 | I66: ②大津市民会館-2 | Q66: ③勤労福祉センター-2 | Y66: ④ふれあいスポーツセンター-2 | AG66: ⑤逢坂市民センター-2 | AO66: ⑥平野市民センター-2 | AW66: ⑧びわこボート-2 | BE66: ⑧草津本部-2

Sheet 修正中救護
A1: 救護所設置及び備品（使用日8月6日） | I1: 救護所設置及び備品（使用日8月6日） | Q1: 救護所設置及び備品（使用日8月6日） | Y1: 救護所設置及び備品（使用日8月6日） | AH1: 救護所設置及び備品（使用日8月6日） | AP1: 救護所設置及び備品（使用日8月6日） | AX1: 救護所設置及び備品（使用日8月6日） | BF1: 救護所設置及び備品（使用日8月6日） | BN1: 救護所設置及び備品（使用日8月6日）
A2: １ 大津港ターミナル① | I2: 2 大津市民会館① | Q2: ３ 勤労福祉センター① | Y2: ４ ふれあいスポーツセンター① | AG2: ５ 逢坂市民センター① | AO2: ６ 平野市民センター① | AW2: 7 びわこボート① | BE2: 8 草津本部① | BM2: 9 本部付け
A3: 商 品 名 | C3: 仕 様 | D3: 数量 | F3: 単価 | G3: 合計 | H3: 税 | I3: 商 品 名 | K3: 仕 様 | L3: 数量 | N3: 単価 | O3: 合計 | P3: 税 | Q3: 商 品 名 | S3: 仕 様 | T3: 数量 | V3: 単価 | W3: 合計 | X3: 税 | Y3: 商 品 名 | AA3: 仕 様 | AB3: 数量 | AD3: 単価 | AE3: 合計 | AF3: 税 | AG3: 商 品 名 | AI3: 仕 様 | AJ3: 数量 | AL3: 単価 | AM3: 合計 | AN3: 税 | AO3: 商 品 名 | AQ3: 仕 様 | AR3: 数量 | AT3: 単価 | AU3: 合計 | AV3: 税 | AW3: 商 品 名 | AY3: 仕 様 | AZ3: 数量 | BB3: 単価 | BC3: 合計 | BD3: 税 | BE3: 商 品 名 | BG3: 仕 様 | BH3: 数量 | BJ3: 単価 | BK3: 合計 | BL3: 税 | BM3: 商 品 名 | BO3: 仕 様 | BP3: 数量 | BR3: 単価 | BS3: 合計 | BT3: 税
B4: ＡＥＤ | D4: 1 | E4: 個 | F4: 18000 | G4: =D4*F4 -> 18000 | H4: 0.1 | J4: ＡＥＤ | L4: 1 | M4: 個 | N4: 18000 | O4: =L4*N4 -> 18000 | P4: 0.1 | R4: ＡＥＤ | T4: 1 | U4: 個 | V4: 18000 | W4: =T4*V4 -> 18000 | X4: 0.1 | Z4: ＡＥＤ | AB4: 1 | AC4: 個 | AD4: 18000 | AE4: =AB4*AD4 -> 18000 | AF4: 0.1 | AH4: ＡＥＤ | AJ4: 1 | AK4: 個 | AL4: 18000 | AM4: =AJ4*AL4 -> 18000 | AN4: 0.1 | AP4: ＡＥＤ | AR4: 1 | AS4: 個 | AT4: 18000 | AU4: =AR4*AT4 -> 18000 | AV4: 0.1 | AX4: ＡＥＤ | AZ4: 0 | BA4: 個 | BB4: 18000 | BC4: =AZ4*BB4 -> 0 | BD4: 0.1 | BF4: ＡＥＤ | BH4: 1 | BI4: 個 | BJ4: 18000 | BK4: =BH4*BJ4 -> 18000 | BL4: 0.1 | BN4: 救命救急士（応援・交代要員） | BP4: 9 | BQ4: 時間 | BR4: 5200 | BS4: =BP4*BR4 -> 46800 | BT4: 0.1
B5: ナースバッグ | D5: 1 | E5: 個 | F5: 2000 | G5: =D5*F5 -> 2000 | H5: 0.1 | J5: ナースバッグ | L5: 1 | M5: 個 | N5: 2000 | O5: =L5*N5 -> 2000 | P5: 0.1 | R5: ナースバッグ | T5: 1 | U5: 個 | V5: 2000 | W5: =T5*V5 -> 2000 | X5: 0.1 | Z5: ナースバッグ | AB5: 1 | AC5: 個 | AD5: 2000 | AE5: =AB5*AD5 -> 2000 | AF5: 0.1 | AH5: ナースバッグ | AJ5: 1 | AK5: 個 | AL5: 2000 | AM5: =AJ5*AL5 -> 2000 | AN5: 0.1 | AP5: ナースバッグ | AR5: 1 | AS5: 個 | AT5: 2000 | AU5: =AR5*AT5 -> 2000 | AV5: 0.1 | AX5: ナースバッグ | AZ5: 1 | BA5: 個 | BB5: 2000 | BC5: =AZ5*BB5 -> 2000 | BD5: 0.1 | BF5: ナースバッグ | BH5: 1 | BI5: 個 | BJ5: 2000 | BK5: =BH5*BJ5 -> 2000 | BL5: 0.1 | BN5: 民間救急車（本部前） | BP5: 1 | BQ5: 台 | BR5: 32000 | BS5: =BP5*BR5 -> 32000 | BT5: 0.1
B6: 血圧計 | D6: 1 | E6: 個 | F6: 2500 | G6: =D6*F6 -> 2500 | H6: 0.1 | J6: 血圧計 | L6: 1 | M6: 個 | N6: 2500 | O6: =L6*N6 -> 2500 | P6: 0.1 | R6: 血圧計 | T6: 1 | U6: 個 | V6: 2500 | W6: =T6*V6 -> 2500 | X6: 0.1 | Z6: 血圧計 | AB6: 1 | AC6: 個 | AD6: 2500 | AE6: =AB6*AD6 -> 2500 | AF6: 0.1 | AH6: 血圧計 | AJ6: 1 | AK6: 個 | AL6: 2500 | AM6: =AJ6*AL6 -> 2500 | AN6: 0.1 | AP6: 血圧計 | AR6: 1 | AS6: 個 | AT6: 2500 | AU6: =AR6*AT6 -> 2500 | AV6: 0.1 | AX6: 血圧計 | AZ6: 1 | BA6: 個 | BB6: 2500 | BC6: =AZ6*BB6 -> 2500 | BD6: 0.1 | BF6: 血圧計 | BH6: 1 | BI6: 個 | BJ6: 2500 | BK6: =BH6*BJ6 -> 2500 | BL6: 0.1 | BN6: 交通費 | BP6: 一式 | BR6: 21000 | BS6: 21000 | BT6: 0.1
B7: 担架 | D7: 1 | E7: 個 | F7: 5200 | G7: =D7*F7 -> 5200 | H7: 0.1 | J7: 担架 | L7: 1 | M7: 個 | N7: 5200 | O7: =L7*N7 -> 5200 | P7: 0.1 | R7: 担架 | T7: 1 | U7: 個 | V7: 5200 | W7: =T7*V7 -> 5200 | X7: 0.1 | Z7: 担架 | AB7: 1 | AC7: 個 | AD7: 5200 | AE7: =AB7*AD7 -> 5200 | AF7: 0.1 | AH7: 担架 | AJ7: 1 | AK7: 個 | AL7: 5200 | AM7: =AJ7*AL7 -> 5200 | AN7: 0.1 | AP7: 担架 | AR7: 1 | AS7: 個 | AT7: 5200 | AU7: =AR7*AT7 -> 5200 | AV7: 0.1 | AX7: 担架 | AZ7: 0 | BA7: 個 | BB7: 5200 | BC7: =AZ7*BB7 -> 0 | BD7: 0.1 | BF7: 担架 | BH7: 1 | BI7: 個 | BJ7: 5200 | BK7: =BH7*BJ7 -> 5200 | BL7: 0.1 | BR7: 本部付け小計 | BS7: =SUM(BS4:BS6) -> 99800
B8: 折りたたみベッド | D8: 1 | E8: 個 | F8: 3000 | G8: =D8*F8 -> 3000 | H8: 0.1 | J8: 折りたたみベッド | L8: 1 | M8: 個 | N8: 3000 | O8: =L8*N8 -> 3000 | P8: 0.1 | R8: 折りたたみベッド | T8: 1 | U8: 個 | V8: 3000 | W8: =T8*V8 -> 3000 | X8: 0.1 | Z8: 折りたたみベッド | AB8: 1 | AC8: 個 | AD8: 3000 | AE8: =AB8*AD8 -> 3000 | AF8: 0.1 | AH8: 折りたたみベッド | AJ8: 1 | AK8: 個 | AL8: 3000 | AM8: =AJ8*AL8 -> 3000 | AN8: 0.1 | AP8: 折りたたみベッド | AR8: 1 | AS8: 個 | AT8: 3000 | AU8: =AR8*AT8 -> 3000 | AV8: 0.1 | AX8: 折りたたみベッド | AZ8: 0 | BA8: 個 | BB8: 3000 | BC8: =AZ8*BB8 -> 0 | BD8: 0.1 | BF8: 折りたたみベッド | BH8: 1 | BI8: 個 | BJ8: 3000 | BK8: =BH8*BJ8 -> 3000 | BL8: 0.1
B9: スポットクーラー | D9: 1 | E9: 個 | F9: 14000 | G9: =D9*F9 -> 14000 | H9: 0.1 | J9: スポットクーラー | L9: 1 | M9: 個 | N9: 14000 | O9: =L9*N9 -> 14000 | P9: 0.1 | R9: スポットクーラー | T9: 1 | U9: 個 | V9: 14000 | W9: =T9*V9 -> 14000 | X9: 0.1 | Z9: スポットクーラー | AB9: 1 | AC9: 個 | AD9: 14000 | AE9: =AB9*AD9 -> 14000 | AF9: 0.1 | AH9: スポットクーラー | AJ9: 1 | AK9: 個 | AL9: 14000 | AM9: =AJ9*AL9 -> 14000 | AN9: 0.1 | AP9: スポットクーラー | AR9: 1 | AS9: 個 | AT9: 14000 | AU9: =AR9*AT9 -> 14000 | AV9: 0.1 | AX9: スポットクーラー | AZ9: 0 | BA9: 個 | BB9: 14000 | BC9: =AZ9*BB9 -> 0 | BD9: 0.1 | BF9: スポットクーラー | BH9: 1 | BI9: 個 | BJ9: 14000 | BK9: =BH9*BJ9 -> 14000 | BL9: 0.1 | BN9: 予備ＡＥＤ | BP9: 3 | BQ9: 個 | BR9: 18000 | BS9: =BP9*BR9 -> 54000 | BT9: 0.1
B10: クーラーボックス | D10: 2 | E10: 個 | F10: 4000 | G10: =D10*F10 -> 8000 | H10: 0.1 | J10: クーラーボックス | L10: 2 | M10: 個 | N10: 4000 | O10: =L10*N10 -> 8000 | P10: 0.1 | R10: クーラーボックス | T10: 2 | U10: 個 | V10: 4000 | W10: =T10*V10 -> 8000 | X10: 0.1 | Z10: クーラーボックス | AB10: 2 | AC10: 個 | AD10: 4000 | AE10: =AB10*AD10 -> 8000 | AF10: 0.1 | AH10: クーラーボックス | AJ10: 2 | AK10: 個 | AL10: 4000 | AM10: =AJ10*AL10 -> 8000 | AN10: 0.1 | AP10: クーラーボックス | AR10: 2 | AS10: 個 | AT10: 4000 | AU10: =AR10*AT10 -> 8000 | AV10: 0.1 | AX10: クーラーボックス | AZ10: 0 | BA10: 個 | BB10: 4000 | BC10: =AZ10*BB10 -> 0 | BD10: 0.1 | BF10: クーラーボックス | BH10: 2 | BI10: 個 | BJ10: 4000 | BK10: =BH10*BJ10 -> 8000 | BL10: 0.1 | BN10: 輸送用４ｔパワーゲート | BP10: 2 | BQ10: 台 | BR10: 56000 | BS10: =BP10*BR10 -> 112000 | BT10: 0.1
B11: 車椅子 | D11: 2 | E11: 個 | F11: 4000 | G11: =D11*F11 -> 8000 | H11: 0.1 | J11: 車椅子 | L11: 2 | M11: 個 | N11: 4000 | O11: =L11*N11 -> 8000 | P11: 0.1 | R11: 車椅子 | T11: 4 | U11: 個 | V11: 4000 | W11: =T11*V11 -> 16000 | X11: 0.1 | Z11: 車椅子 | AB11: 2 | AC11: 個 | AD11: 4000 | AE11: =AB11*AD11 -> 8000 | AF11: 0.1 | AH11: 車椅子 | AJ11: 2 | AK11: 個 | AL11: 4000 | AM11: =AJ11*AL11 -> 8000 | AN11: 0.1 | AP11: 車椅子 | AR11: 3 | AS11: 個 | AT11: 4000 | AU11: =AR11*AT11 -> 12000 | AV11: 0.1 | AX11: 車椅子 | AZ11: 0 | BA11: 個 | BB11: 4000 | BC11: =AZ11*BB11 -> 0 | BD11: 0.1 | BF11: 車椅子 | BH11: 0 | BI11: 個 | BJ11: 4000 | BK11: =BH11*BJ11 -> 0 | BL11: 0.1 | BN11: 設営・撤去テント等（輸送費含む） | BP11: 一式 | BS11: 80000 | BT11: 0.1
B12: 水（ペットボトル） | C12: 550ml | D12: 24 | E12: 本 | F12: 80 | G12: =D12*F12 -> 1920 | H12: 0.1 | J12: 水（ペットボトル） | K12: 550ml | L12: 24 | M12: 本 | N12: 80 | O12: =L12*N12 -> 1920 | P12: 0.1 | R12: 水（ペットボトル） | S12: 550ml | T12: 24 | U12: 本 | V12: 80 | W12: =T12*V12 -> 1920 | X12: 0.1 | Z12: 水（ペットボトル） | AA12: 550ml | AB12: 24 | AC12: 本 | AD12: 80 | AE12: =AB12*AD12 -> 1920 | AF12: 0.1 | AH12: 水（ペットボトル） | AI12: 550ml | AJ12: 48 | AK12: 本 | AL12: 80 | AM12: =AJ12*AL12 -> 3840 | AN12: 0.1 | AP12: 水（ペットボトル） | AQ12: 550ml | AR12: 48 | AS12: 本 | AT12: 80 | AU12: =AR12*AT12 -> 3840 | AV12: 0.1 | AX12: 水（ペットボトル） | AY12: 550ml | AZ12: 24 | BA12: 本 | BB12: 80 | BC12: =AZ12*BB12 -> 1920 | BD12: 0.1 | BF12: 水（ペットボトル） | BG12: 550ml | BH12: 24 | BI12: 本 | BJ12: 80 | BK12: =BH12*BJ12 -> 1920 | BL12: 0.1 | BN12: 冷凍車・配送（前日）・回収（当日） | BP12: 一式 | BS12: 150000 | BT12: 0.1
B13: 経口補水液（ペットボトル） | C13: OS-1 50０ｍｌ | D13: 24 | E13: 本 | F13: 205 | G13: =D13*F13 -> 4920 | H13: 0.1 | J13: 経口補水液（ペットボトル） | K13: OS-1 50０ｍｌ | L13: 24 | M13: 本 | N13: 205 | O13: =L13*N13 -> 4920 | P13: 0.1 | R13: 経口補水液（ペットボトル） | S13: OS-1 50０ｍｌ | T13: 24 | U13: 本 | V13: 205 | W13: =T13*V13 -> 4920 | X13: 0.1 | Z13: 経口補水液（ペットボトル） | AA13: OS-1 50０ｍｌ | AB13: 24 | AC13: 本 | AD13: 205 | AE13: =AB13*AD13 -> 4920 | AF13: 0.1 | AH13: 経口補水液（ペットボトル） | AI13: OS-1 50０ｍｌ | AJ13: 36 | AK13: 本 | AL13: 205 | AM13: =AJ13*AL13 -> 7380 | AN13: 0.1 | AP13: 経口補水液（ペットボトル） | AQ13: OS-1 50０ｍｌ | AR13: 36 | AS13: 本 | AT13: 205 | AU13: =AR13*AT13 -> 7380 | AV13: 0.1 | AX13: 経口補水液（ペットボトル） | AY13: OS-1 50０ｍｌ | AZ13: 24 | BA13: 本 | BB13: 205 | BC13: =AZ13*BB13 -> 4920 | BD13: 0.1 | BF13: 経口補水液（ペットボトル） | BG13: OS-1 50０ｍｌ | BH13: 24 | BI13: 本 | BJ13: 205 | BK13: =BH13*BJ13 -> 4920 | BL13: 0.1 | BN13: 小計 | BP13: ①～⑨ | BS13: =BK66+BC66+AU66+AM66+AE66+W66+O66+G66+BS7 -> 1121395 | BT13: 0.1
B14: 経口補水ゼリー | C14: OS-1 200ｇ | D14: 10 | E14: 本 | F14: 185 | G14: =D14*F14 -> 1850 | H14: 0.1 | J14: 経口補水ゼリー | K14: OS-1 200ｇ | L14: 10 | M14: 本 | N14: 185 | O14: =L14*N14 -> 1850 | P14: 0.1 | R14: 経口補水ゼリー | S14: OS-1 200ｇ | T14: 10 | U14: 本 | V14: 185 | W14: =T14*V14 -> 1850 | X14: 0.1 | Z14: 経口補水ゼリー | AA14: OS-1 200ｇ | AB14: 10 | AC14: 本 | AD14: 185 | AE14: =AB14*AD14 -> 1850 | AF14: 0.1 | AH14: 経口補水ゼリー | AI14: OS-1 200ｇ | AJ14: 10 | AK14: 本 | AL14: 185 | AM14: =AJ14*AL14 -> 1850 | AN14: 0.1 | AP14: 経口補水ゼリー | AQ14: OS-1 200ｇ | AR14: 10 | AS14: 本 | AT14: 185 | AU14: =AR14*AT14 -> 1850 | AV14: 0.1 | AX14: 経口補水ゼリー | AY14: OS-1 200ｇ | AZ14: 10 | BA14: 本 | BB14: 185 | BC14: =AZ14*BB14 -> 1850 | BD14: 0.1 | BF14: 経口補水ゼリー | BG14: OS-1 200ｇ | BH14: 0 | BI14: 本 | BJ14: 185 | BK14: =BH14*BJ14 -> 0 | BL14: 0.1 | BR14: 小計① | BS14: =SUM(BS9:BS13) -> 1517395
B15: アイスノン | D15: 3 | E15: 個 | F15: 1600 | G15: =D15*F15 -> 4800 | H15: 0.1 | J15: アイスノン | L15: 3 | M15: 個 | N15: 1600 | O15: =L15*N15 -> 4800 | P15: 0.1 | R15: アイスノン | T15: 3 | U15: 個 | V15: 1600 | W15: =T15*V15 -> 4800 | X15: 0.1 | Z15: アイスノン | AB15: 3 | AC15: 個 | AD15: 1600 | AE15: =AB15*AD15 -> 4800 | AF15: 0.1 | AH15: アイスノン | AJ15: 3 | AK15: 個 | AL15: 1600 | AM15: =AJ15*AL15 -> 4800 | AN15: 0.1 | AP15: アイスノン | AR15: 3 | AS15: 個 | AT15: 1600 | AU15: =AR15*AT15 -> 4800 | AV15: 0.1 | AX15: アイスノン | AZ15: 3 | BA15: 個 | BB15: 1600 | BC15: =AZ15*BB15 -> 4800 | BD15: 0.1 | BF15: アイスノン | BH15: 0 | BI15: 個 | BJ15: 1600 | BK15: =BH15*BJ15 -> 0 | BL15: 0.1 | BR15: 諸経費１０％ | BS15: 151739
B16: 保冷剤 | C16: ５００ｇ | D16: 2 | E16: 個 | F16: 600 | G16: =D16*F16 -> 1200 | H16: 0.1 | J16: 保冷剤 | K16: ５００ｇ | L16: 2 | M16: 個 | N16: 600 | O16: =L16*N16 -> 1200 | P16: 0.1 | R16: 保冷剤 | S16: ５００ｇ | T16: 2 | U16: 個 | V16: 600 | W16: =T16*V16 -> 1200 | X16: 0.1 | Z16: 保冷剤 | AA16: ５００ｇ | AB16: 2 | AC16: 個 | AD16: 600 | AE16: =AB16*AD16 -> 1200 | AF16: 0.1 | AH16: 保冷剤 | AI16: ５００ｇ | AJ16: 2 | AK16: 個 | AL16: 600 | AM16: =AJ16*AL16 -> 1200 | AN16: 0.1 | AP16: 保冷剤 | AQ16: ５００ｇ | AR16: 2 | AS16: 個 | AT16: 600 | AU16: =AR16*AT16 -> 1200 | AV16: 0.1 | AX16: 保冷剤 | AY16: ５００ｇ | AZ16: 2 | BA16: 個 | BB16: 600 | BC16: =AZ16*BB16 -> 1200 | BD16: 0.1 | BF16: 保冷剤 | BG16: ５００ｇ | BH16: 0 | BI16: 個 | BJ16: 600 | BK16: =BH16*BJ16 -> 0 | BL16: 0.1 | BR16: 小計② | BS16: =SUM(BS14:BS15) -> 1669134
B17: 瞬間冷却パック | D17: 10 | E17: 個 | F17: 150 | G17: =D17*F17 -> 1500 | H17: 0.1 | J17: 瞬間冷却パック | L17: 10 | M17: 個 | N17: 150 | O17: =L17*N17 -> 1500 | P17: 0.1 | R17: 瞬間冷却パック | T17: 10 | U17: 個 | V17: 150 | W17: =T17*V17 -> 1500 | X17: 0.1 | Z17: 瞬間冷却パック | AB17: 10 | AC17: 個 | AD17: 150 | AE17: =AB17*AD17 -> 1500 | AF17: 0.1 | AH17: 瞬間冷却パック | AJ17: 10 | AK17: 個 | AL17: 150 | AM17: =AJ17*AL17 -> 1500 | AN17: 0.1 | AP17: 瞬間冷却パック | AR17: 10 | AS17: 個 | AT17: 150 | AU17: =AR17*AT17 -> 1500 | AV17: 0.1 | AX17: 瞬間冷却パック | AZ17: 10 | BA17: 個 | BB17: 150 | BC17: =AZ17*BB17 -> 1500 | BD17: 0.1 | BF17: 瞬間冷却パック | BH17: 0 | BI17: 個 | BJ17: 150 | BK17: =BH17*BJ17 -> 0 | BL17: 0.1 | BR17: 消費税 | BS17: =BS16*0.1 -> 166913.4
B18: 氷 | D18: 4 | E18: 貫 | F18: 700 | G18: =D18*F18 -> 2800 | H18: 0.1 | J18: 氷 | L18: 4 | M18: 貫 | N18: 700 | O18: =L18*N18 -> 2800 | P18: 0.1 | R18: 氷 | T18: 4 | U18: 貫 | V18: 700 | W18: =T18*V18 -> 2800 | X18: 0.1 | Z18: 氷 | AB18: 4 | AC18: 貫 | AD18: 700 | AE18: =AB18*AD18 -> 2800 | AF18: 0.1 | AH18: 氷 | AJ18: 4 | AK18: 貫 | AL18: 700 | AM18: =AJ18*AL18 -> 2800 | AN18: 0.1 | AP18: 氷 | AR18: 4 | AS18: 貫 | AT18: 700 | AU18: =AR18*AT18 -> 2800 | AV18: 0.1 | AX18: 氷 | AZ18: 0 | BA18: 貫 | BB18: 700 | BC18: =AZ18*BB18 -> 0 | BD18: 0.1 | BF18: 氷 | BH18: 0 | BI18: 貫 | BJ18: 700 | BK18: =BH18*BJ18 -> 0 | BL18: 0.1 | BR18: 合計 | BS18: =SUM(BS16:BS17) -> 1836047.4
B19: ドライアイス | D19: 2 | E19: ｋｇ | F19: 700 | G19: =D19*F19 -> 1400 | H19: 0.1 | J19: ドライアイス | L19: 2 | M19: ｋｇ | N19: 700 | O19: =L19*N19 -> 1400 | P19: 0.1 | R19: ドライアイス | T19: 2 | U19: ｋｇ | V19: 700 | W19: =T19*V19 -> 1400 | X19: 0.1 | Z19: ドライアイス | AB19: 2 | AC19: ｋｇ | AD19: 700 | AE19: =AB19*AD19 -> 1400 | AF19: 0.1 | AH19: ドライアイス | AJ19: 2 | AK19: ｋｇ | AL19: 700 | AM19: =AJ19*AL19 -> 1400 | AN19: 0.1 | AP19: ドライアイス | AR19: 2 | AS19: ｋｇ | AT19: 700 | AU19: =AR19*AT19 -> 1400 | AV19: 0.1 | AX19: ドライアイス | AZ19: 0 | BA19: ｋｇ | BB19: 700 | BC19: =AZ19*BB19 -> 0 | BD19: 0.1 | BF19: ドライアイス | BH19: 0 | BI19: ｋｇ | BJ19: 700 | BK19: =BH19*BJ19 -> 0 | BL19: 0.1
B20: 毛布 | D20: 1 | E20: 枚 | F20: 1500 | G20: =D20*F20 -> 1500 | H20: 0.1 | J20: 毛布 | L20: 2 | M20: 枚 | N20: 1500 | O20: =L20*N20 -> 3000 | P20: 0.1 | R20: 毛布 | T20: 2 | U20: 枚 | V20: 1500 | W20: =T20*V20 -> 3000 | X20: 0.1 | Z20: 毛布 | AB20: 1 | AC20: 枚 | AD20: 1500 | AE20: =AB20*AD20 -> 1500 | AF20: 0.1 | AH20: 毛布 | AJ20: 6 | AK20: 枚 | AL20: 1500 | AM20: =AJ20*AL20 -> 9000 | AN20: 0.1 | AP20: 毛布 | AR20: 6 | AS20: 枚 | AT20: 1500 | AU20: =AR20*AT20 -> 9000 | AV20: 0.1 | AX20: 毛布 | AZ20: 1 | BA20: 枚 | BB20: 1500 | BC20: =AZ20*BB20 -> 1500 | BD20: 0.1 | BF20: 毛布 | BH20: 1 | BI20: 枚 | BJ20: 1500 | BK20: =BH20*BJ20 -> 1500 | BL20: 0.1
B21: タオルケット | D21: 2 | E21: 枚 | F21: 1500 | G21: =D21*F21 -> 3000 | H21: 0.1 | J21: タオルケット | L21: 2 | M21: 枚 | N21: 1500 | O21: =L21*N21 -> 3000 | P21: 0.1 | R21: タオルケット | T21: 2 | U21: 枚 | V21: 1500 | W21: =T21*V21 -> 3000 | X21: 0.1 | Z21: タオルケット | AB21: 2 | AC21: 枚 | AD21: 1500 | AE21: =AB21*AD21 -> 3000 | AF21: 0.1 | AH21: タオルケット | AJ21: 2 | AK21: 枚 | AL21: 1500 | AM21: =AJ21*AL21 -> 3000 | AN21: 0.1 | AP21: タオルケット | AR21: 2 | AS21: 枚 | AT21: 1500 | AU21: =AR21*AT21 -> 3000 | AV21: 0.1 | AX21: タオルケット | AZ21: 2 | BA21: 枚 | BB21: 1500 | BC21: =AZ21*BB21 -> 3000 | BD21: 0.1 | BF21: タオルケット | BH21: 2 | BI21: 枚 | BJ21: 1500 | BK21: =BH21*BJ21 -> 3000 | BL21: 0.1
B22: 大判バスタオル | D22: 2 | E22: 枚 | F22: 800 | G22: =D22*F22 -> 1600 | H22: 0.1 | J22: 大判バスタオル | L22: 2 | M22: 枚 | N22: 800 | O22: =L22*N22 -> 1600 | P22: 0.1 | R22: 大判バスタオル | T22: 2 | U22: 枚 | V22: 800 | W22: =T22*V22 -> 1600 | X22: 0.1 | Z22: 大判バスタオル | AB22: 2 | AC22: 枚 | AD22: 800 | AE22: =AB22*AD22 -> 1600 | AF22: 0.1 | AH22: 大判バスタオル | AJ22: 2 | AK22: 枚 | AL22: 800 | AM22: =AJ22*AL22 -> 1600 | AN22: 0.1 | AP22: 大判バスタオル | AR22: 2 | AS22: 枚 | AT22: 800 | AU22: =AR22*AT22 -> 1600 | AV22: 0.1 | AX22: 大判バスタオル | AZ22: 2 | BA22: 枚 | BB22: 800 | BC22: =AZ22*BB22 -> 1600 | BD22: 0.1 | BF22: 大判バスタオル | BH22: 2 | BI22: 枚 | BJ22: 800 | BK22: =BH22*BJ22 -> 1600 | BL22: 0.1
B23: バスタオル | D23: 2 | E23: 枚 | F23: 800 | G23: =D23*F23 -> 1600 | H23: 0.1 | J23: バスタオル | L23: 2 | M23: 枚 | N23: 800 | O23: =L23*N23 -> 1600 | P23: 0.1 | R23: バスタオル | T23: 2 | U23: 枚 | V23: 800 | W23: =T23*V23 -> 1600 | X23: 0.1 | Z23: バスタオル | AB23: 2 | AC23: 枚 | AD23: 800 | AE23: =AB23*AD23 -> 1600 | AF23: 0.1 | AH23: バスタオル | AJ23: 2 | AK23: 枚 | AL23: 800 | AM23: =AJ23*AL23 -> 1600 | AN23: 0.1 | AP23: バスタオル | AR23: 2 | AS23: 枚 | AT23: 800 | AU23: =AR23*AT23 -> 1600 | AV23: 0.1 | AX23: バスタオル | AZ23: 2 | BA23: 枚 | BB23: 800 | BC23: =AZ23*BB23 -> 1600 | BD23: 0.1 | BF23: バスタオル | BH23: 2 | BI23: 枚 | BJ23: 800 | BK23: =BH23*BJ23 -> 1600 | BL23: 0.1
B24: フェイスタオル | D24: 4 | E24: 枚 | F24: 180 | G24: =D24*F24 -> 720 | H24: 0.1 | J24: フェイスタオル | L24: 4 | M24: 枚 | N24: 180 | O24: =L24*N24 -> 720 | P24: 0.1 | R24: フェイスタオル | T24: 4 | U24: 枚 | V24: 180 | W24: =T24*V24 -> 720 | X24: 0.1 | Z24: フェイスタオル | AB24: 4 | AC24: 枚 | AD24: 180 | AE24: =AB24*AD24 -> 720 | AF24: 0.1 | AH24: フェイスタオル | AJ24: 4 | AK24: 枚 | AL24: 180 | AM24: =AJ24*AL24 -> 720 | AN24: 0.1 | AP24: フェイスタオル | AR24: 4 | AS24: 枚 | AT24: 180 | AU24: =AR24*AT24 -> 720 | AV24: 0.1 | AX24: フェイスタオル | AZ24: 4 | BA24: 枚 | BB24: 180 | BC24: =AZ24*BB24 -> 720 | BD24: 0.1 | BF24: フェイスタオル | BH24: 4 | BI24: 枚 | BJ24: 180 | BK24: =BH24*BJ24 -> 720 | BL24: 0.1
B25: ティッシュ | D25: 1 | E25: 箱 | F25: 120 | G25: =D25*F25 -> 120 | H25: 0.1 | J25: ティッシュ | L25: 1 | M25: 箱 | N25: 120 | O25: =L25*N25 -> 120 | P25: 0.1 | R25: ティッシュ | T25: 1 | U25: 箱 | V25: 120 | W25: =T25*V25 -> 120 | X25: 0.1 | Z25: ティッシュ | AB25: 1 | AC25: 箱 | AD25: 120 | AE25: =AB25*AD25 -> 120 | AF25: 0.1 | AH25: ティッシュ | AJ25: 1 | AK25: 箱 | AL25: 120 | AM25: =AJ25*AL25 -> 120 | AN25: 0.1 | AP25: ティッシュ | AR25: 1 | AS25: 箱 | AT25: 120 | AU25: =AR25*AT25 -> 120 | AV25: 0.1 | AX25: ティッシュ | AZ25: 1 | BA25: 箱 | BB25: 120 | BC25: =AZ25*BB25 -> 120 | BD25: 0.1 | BF25: ティッシュ | BH25: 1 | BI25: 箱 | BJ25: 120 | BK25: =BH25*BJ25 -> 120 | BL25: 0.1
B26: ペーパータオル | D26: 1 | E26: 箱 | F26: 120 | G26: =D26*F26 -> 120 | H26: 0.1 | J26: ペーパータオル | L26: 1 | M26: 箱 | N26: 120 | O26: =L26*N26 -> 120 | P26: 0.1 | R26: ペーパータオル | T26: 1 | U26: 箱 | V26: 120 | W26: =T26*V26 -> 120 | X26: 0.1 | Z26: ペーパータオル | AB26: 1 | AC26: 箱 | AD26: 120 | AE26: =AB26*AD26 -> 120 | AF26: 0.1 | AH26: ペーパータオル | AJ26: 1 | AK26: 箱 | AL26: 120 | AM26: =AJ26*AL26 -> 120 | AN26: 0.1 | AP26: ペーパータオル | AR26: 1 | AS26: 箱 | AT26: 120 | AU26: =AR26*AT26 -> 120 | AV26: 0.1 | AX26: ペーパータオル | AZ26: 1 | BA26: 箱 | BB26: 120 | BC26: =AZ26*BB26 -> 120 | BD26: 0.1 | BF26: ペーパータオル | BH26: 1 | BI26: 箱 | BJ26: 120 | BK26: =BH26*BJ26 -> 120 | BL26: 0.1
B27: 除菌ペーパー | D27: 1 | E27: 箱 | F27: 160 | G27: =D27*F27 -> 160 | H27: 0.1 | J27: 除菌ペーパー | L27: 1 | M27: 箱 | N27: 160 | O27: =L27*N27 -> 160 | P27: 0.1 | R27: 除菌ペーパー | T27: 1 | U27: 箱 | V27: 160 | W27: =T27*V27 -> 160 | X27: 0.1 | Z27: 除菌ペーパー | AB27: 1 | AC27: 箱 | AD27: 160 | AE27: =AB27*AD27 -> 160 | AF27: 0.1 | AH27: 除菌ペーパー | AJ27: 1 | AK27: 箱 | AL27: 160 | AM27: =AJ27*AL27 -> 160 | AN27: 0.1 | AP27: 除菌ペーパー | AR27: 1 | AS27: 箱 | AT27: 160 | AU27: =AR27*AT27 -> 160 | AV27: 0.1 | AX27: 除菌ペーパー | AZ27: 1 | BA27: 箱 | BB27: 160 | BC27: =AZ27*BB27 -> 160 | BD27: 0.1 | BF27: 除菌ペーパー | BH27: 1 | BI27: 箱 | BJ27: 160 | BK27: =BH27*BJ27 -> 160 | BL27: 0.1
B28: 介護用ビニール手袋（10双） | D28: 1 | E28: 袋 | F28: 125 | G28: =D28*F28 -> 125 | H28: 0.1 | J28: 介護用ビニール手袋（10双） | L28: 1 | M28: 袋 | N28: 125 | O28: =L28*N28 -> 125 | P28: 0.1 | R28: 介護用ビニール手袋（10双） | T28: 1 | U28: 袋 | V28: 125 | W28: =T28*V28 -> 125 | X28: 0.1 | Z28: 介護用ビニール手袋（10双） | AB28: 1 | AC28: 袋 | AD28: 125 | AE28: =AB28*AD28 -> 125 | AF28: 0.1 | AH28: 介護用ビニール手袋（10双） | AJ28: 1 | AK28: 袋 | AL28: 125 | AM28: =AJ28*AL28 -> 125 | AN28: 0.1 | AP28: 介護用ビニール手袋（10双） | AR28: 1 | AS28: 袋 | AT28: 125 | AU28: =AR28*AT28 -> 125 | AV28: 0.1 | AX28: 介護用ビニール手袋（10双） | AZ28: 1 | BA28: 袋 | BB28: 125 | BC28: =AZ28*BB28 -> 125 | BD28: 0.1 | BF28: 介護用ビニール手袋（10双） | BH28: 1 | BI28: 袋 | BJ28: 125 | BK28: =BH28*BJ28 -> 125 | BL28: 0.1
B29: 紙コップ（50個） | D29: 1 | E29: 袋 | F29: 125 | G29: =D29*F29 -> 125 | H29: 0.1 | J29: 紙コップ（50個） | L29: 1 | M29: 袋 | N29: 125 | O29: =L29*N29 -> 125 | P29: 0.1 | R29: 紙コップ（50個） | T29: 1 | U29: 袋 | V29: 125 | W29: =T29*V29 -> 125 | X29: 0.1 | Z29: 紙コップ（50個） | AB29: 1 | AC29: 袋 | AD29: 125 | AE29: =AB29*AD29 -> 125 | AF29: 0.1 | AH29: 紙コップ（50個） | AJ29: 1 | AK29: 袋 | AL29: 125 | AM29: =AJ29*AL29 -> 125 | AN29: 0.1 | AP29: 紙コップ（50個） | AR29: 1 | AS29: 袋 | AT29: 125 | AU29: =AR29*AT29 -> 125 | AV29: 0.1 | AX29: 紙コップ（50個） | AZ29: 1 | BA29: 袋 | BB29: 125 | BC29: =AZ29*BB29 -> 125 | BD29: 0.1 | BF29: 紙コップ（50個） | BH29: 1 | BI29: 袋 | BJ29: 125 | BK29: =BH29*BJ29 -> 125 | BL29: 0.1
B30: 生理用品 | D30: 5 | E30: 個 | F30: 18 | G30: =D30*F30 -> 90 | H30: 0.1 | J30: 生理用品 | L30: 5 | M30: 個 | N30: 18 | O30: =L30*N30 -> 90 | P30: 0.1 | R30: 生理用品 | T30: 5 | U30: 個 | V30: 18 | W30: =T30*V30 -> 90 | X30: 0.1 | Z30: 生理用品 | AB30: 5 | AC30: 個 | AD30: 18 | AE30: =AB30*AD30 -> 90 | AF30: 0.1 | AH30: 生理用品 | AJ30: 5 | AK30: 個 | AL30: 18 | AM30: =AJ30*AL30 -> 90 | AN30: 0.1 | AP30: 生理用品 | AR30: 5 | AS30: 個 | AT30: 18 | AU30: =AR30*AT30 -> 90 | AV30: 0.1 | AX30: 生理用品 | AZ30: 5 | BA30: 個 | BB30: 18 | BC30: =AZ30*BB30 -> 90 | BD30: 0.1 | BF30: 生理用品 | BH30: 5 | BI30: 個 | BJ30: 18 | BK30: =BH30*BJ30 -> 90 | BL30: 0.1
B31: Tシャツ | D31: 2 | E31: 枚 | F31: 650 | G31: =D31*F31 -> 1300 | H31: 0.1 | J31: Tシャツ | L31: 2 | M31: 枚 | N31: 650 | O31: =L31*N31 -> 1300 | P31: 0.1 | R31: Tシャツ | T31: 2 | U31: 枚 | V31: 650 | W31: =T31*V31 -> 1300 | X31: 0.1 | Z31: Tシャツ | AB31: 2 | AC31: 枚 | AD31: 650 | AE31: =AB31*AD31 -> 1300 | AF31: 0.1 | AH31: Tシャツ | AJ31: 2 | AK31: 枚 | AL31: 650 | AM31: =AJ31*AL31 -> 1300 | AN31: 0.1 | AP31: Tシャツ | AR31: 2 | AS31: 枚 | AT31: 650 | AU31: =AR31*AT31 -> 1300 | AV31: 0.1 | AX31: Tシャツ | AZ31: 2 | BA31: 枚 | BB31: 650 | BC31: =AZ31*BB31 -> 1300 | BD31: 0.1 | BF31: Tシャツ | BH31: 2 | BI31: 枚 | BJ31: 650 | BK31: =BH31*BJ31 -> 1300 | BL31: 0.1
A32: ①大津港ターミナル-1 | I32: ②大津市民会館-1 | Q32: ③勤労福祉センター-1 | Y32: ④ふれあいスポーツセンター-1 | AG32: ⑤逢坂市民センター-1 | AO32: ⑥平野市民センター-1 | AW32: ⑦びわこボート-1 | BE32: ⑧草津本部-1
A34: １ 大津港ターミナル② | I34: 2 大津市民会館② | Q34: 3 勤労福祉センター② | Y34: 4 ふれあいスポーツセンター② | AG34: ５ 逢坂市民センター② | AO34: ６ 平野市民センター② | AW34: 7 びわこボート② | BE34: 8 草津本部②
A35: 商 品 名 | C35: 仕 様 | D35: 数量 | F35: 単価 | G35: 合計 | H35: 税 | I35: 商 品 名 | K35: 仕 様 | L35: 数量 | N35: 単価 | O35: 合計 | P35: 税 | Q35: 商 品 名 | S35: 仕 様 | T35: 数量 | V35: 単価 | W35: 合計 | X35: 税 | Y35: 商 品 名 | AA35: 仕 様 | AB35: 数量 | AD35: 単価 | AE35: 合計 | AF35: 税 | AG35: 商 品 名 | AI35: 仕 様 | AJ35: 数量 | AL35: 単価 | AM35: 合計 | AN35: 税 | AO35: 商 品 名 | AQ35: 仕 様 | AR35: 数量 | AT35: 単価 | AU35: 合計 | AV35: 税 | AW35: 商 品 名 | AY35: 仕 様 | AZ35: 数量 | BB35: 単価 | BC35: 合計 | BD35: 税 | BE35: 商 品 名 | BG35: 仕 様 | BH35: 数量 | BJ35: 単価 | BK35: 合計 | BL35: 税
B36: 軍手 | D36: 1 | E36: 双 | F36: 125 | G36: =D36*F36 -> 125 | H36: 0.1 | J36: 軍手 | L36: 1 | M36: 双 | N36: 125 | O36: =L36*N36 -> 125 | P36: 0.1 | R36: 軍手 | T36: 1 | U36: 双 | V36: 125 | W36: =T36*V36 -> 125 | X36: 0.1 | Z36: 軍手 | AB36: 1 | AC36: 双 | AD36: 125 | AE36: =AB36*AD36 -> 125 | AF36: 0.1 | AH36: 軍手 | AJ36: 1 | AK36: 双 | AL36: 125 | AM36: =AJ36*AL36 -> 125 | AN36: 0.1 | AP36: 軍手 | AR36: 1 | AS36: 双 | AT36: 125 | AU36: =AR36*AT36 -> 125 | AV36: 0.1 | AX36: 軍手 | AZ36: 1 | BA36: 双 | BB36: 125 | BC36: =AZ36*BB36 -> 125 | BD36: 0.1 | BF36: 軍手 | BH36: 1 | BI36: 双 | BJ36: 125 | BK36: =BH36*BJ36 -> 125 | BL36: 0.1
B37: ラップ | D37: 1 | E37: 本 | F37: 125 | G37: =D37*F37 -> 125 | H37: 0.1 | J37: ラップ | L37: 1 | M37: 本 | N37: 125 | O37: =L37*N37 -> 125 | P37: 0.1 | R37: ラップ | T37: 1 | U37: 本 | V37: 125 | W37: =T37*V37 -> 125 | X37: 0.1 | Z37: ラップ | AB37: 1 | AC37: 本 | AD37: 125 | AE37: =AB37*AD37 -> 125 | AF37: 0.1 | AH37: ラップ | AJ37: 1 | AK37: 本 | AL37: 125 | AM37: =AJ37*AL37 -> 125 | AN37: 0.1 | AP37: ラップ | AR37: 1 | AS37: 本 | AT37: 125 | AU37: =AR37*AT37 -> 125 | AV37: 0.1 | AX37: ラップ | AZ37: 1 | BA37: 本 | BB37: 125 | BC37: =AZ37*BB37 -> 125 | BD37: 0.1 | BF37: ラップ | BH37: 1 | BI37: 本 | BJ37: 125 | BK37: =BH37*BJ37 -> 125 | BL37: 0.1
B38: 吐瀉用ビニール袋（20枚） | D38: 1 | E38: 袋 | F38: 125 | G38: =D38*F38 -> 125 | H38: 0.1 | J38: 吐瀉用ビニール袋（20枚） | L38: 1 | M38: 袋 | N38: 125 | O38: =L38*N38 -> 125 | P38: 0.1 | R38: 吐瀉用ビニール袋（20枚） | T38: 1 | U38: 袋 | V38: 125 | W38: =T38*V38 -> 125 | X38: 0.1 | Z38: 吐瀉用ビニール袋（20枚） | AB38: 1 | AC38: 袋 | AD38: 125 | AE38: =AB38*AD38 -> 125 | AF38: 0.1 | AH38: 吐瀉用ビニール袋（20枚） | AJ38: 1 | AK38: 袋 | AL38: 125 | AM38: =AJ38*AL38 -> 125 | AN38: 0.1 | AP38: 吐瀉用ビニール袋（20枚） | AR38: 1 | AS38: 袋 | AT38: 125 | AU38: =AR38*AT38 -> 125 | AV38: 0.1 | AX38: 吐瀉用ビニール袋（20枚） | AZ38: 1 | BA38: 袋 | BB38: 125 | BC38: =AZ38*BB38 -> 125 | BD38: 0.1 | BF38: 吐瀉用ビニール袋（20枚） | BH38: 1 | BI38: 袋 | BJ38: 125 | BK38: =BH38*BJ38 -> 125 | BL38: 0.1
B39: ストロー（20本） | D39: 1 | E39: 袋 | F39: 125 | G39: =D39*F39 -> 125 | H39: 0.1 | J39: ストロー（20本） | L39: 1 | M39: 袋 | N39: 125 | O39: =L39*N39 -> 125 | P39: 0.1 | R39: ストロー（20本） | T39: 1 | U39: 袋 | V39: 125 | W39: =T39*V39 -> 125 | X39: 0.1 | Z39: ストロー（20本） | AB39: 1 | AC39: 袋 | AD39: 125 | AE39: =AB39*AD39 -> 125 | AF39: 0.1 | AH39: ストロー（20本） | AJ39: 1 | AK39: 袋 | AL39: 125 | AM39: =AJ39*AL39 -> 125 | AN39: 0.1 | AP39: ストロー（20本） | AR39: 1 | AS39: 袋 | AT39: 125 | AU39: =AR39*AT39 -> 125 | AV39: 0.1 | AX39: ストロー（20本） | AZ39: 1 | BA39: 袋 | BB39: 125 | BC39: =AZ39*BB39 -> 125 | BD39: 0.1 | BF39: ストロー（20本） | BH39: 1 | BI39: 袋 | BJ39: 125 | BK39: =BH39*BJ39 -> 125 | BL39: 0.1
A40: 救急箱 | B40: 三角巾 | D40: 1 | E40: 枚 | F40: 380 | G40: =D40*F40 -> 380 | H40: 0.1 | I40: 救急箱 | J40: 三角巾 | L40: 1 | M40: 枚 | N40: 380 | O40: =L40*N40 -> 380 | P40: 0.1 | Q40: 救急箱 | R40: 三角巾 | T40: 1 | U40: 枚 | V40: 380 | W40: =T40*V40 -> 380 | X40: 0.1 | Y40: 救急箱 | Z40: 三角巾 | AB40: 1 | AC40: 枚 | AD40: 380 | AE40: =AB40*AD40 -> 380 | AF40: 0.1 | AG40: 救急箱 | AH40: 三角巾 | AJ40: 1 | AK40: 枚 | AL40: 380 | AM40: =AJ40*AL40 -> 380 | AN40: 0.1 | AO40: 救急箱 | AP40: 三角巾 | AR40: 1 | AS40: 枚 | AT40: 380 | AU40: =AR40*AT40 -> 380 | AV40: 0.1 | AW40: 救急箱 | AX40: 三角巾 | AZ40: 1 | BA40: 枚 | BB40: 380 | BC40: =AZ40*BB40 -> 380 | BD40: 0.1 | BE40: 救急箱 | BF40: 三角巾 | BH40: 1 | BI40: 枚 | BJ40: 380 | BK40: =BH40*BJ40 -> 380 | BL40: 0.1
B41: マスク（20枚） | D41: 1 | E41: 袋 | F41: 200 | G41: =D41*F41 -> 200 | H41: 0.1 | J41: マスク（20枚） | L41: 1 | M41: 袋 | N41: 200 | O41: =L41*N41 -> 200 | P41: 0.1 | R41: マスク（20枚） | T41: 1 | U41: 袋 | V41: 200 | W41: =T41*V41 -> 200 | X41: 0.1 | Z41: マスク（20枚） | AB41: 1 | AC41: 袋 | AD41: 200 | AE41: =AB41*AD41 -> 200 | AF41: 0.1 | AH41: マスク（20枚） | AJ41: 1 | AK41: 袋 | AL41: 200 | AM41: =AJ41*AL41 -> 200 | AN41: 0.1 | AP41: マスク（20枚） | AR41: 1 | AS41: 袋 | AT41: 200 | AU41: =AR41*AT41 -> 200 | AV41: 0.1 | AX41: マスク（20枚） | AZ41: 1 | BA41: 袋 | BB41: 200 | BC41: =AZ41*BB41 -> 200 | BD41: 0.1 | BF41: マスク（20枚） | BH41: 1 | BI41: 袋 | BJ41: 200 | BK41: =BH41*BJ41 -> 200 | BL41: 0.1
B42: ガーゼ | D42: 3 | E42: 枚 | F42: 120 | G42: =D42*F42 -> 360 | H42: 0.1 | J42: ガーゼ | L42: 3 | M42: 枚 | N42: 120 | O42: =L42*N42 -> 360 | P42: 0.1 | R42: ガーゼ | T42: 3 | U42: 枚 | V42: 120 | W42: =T42*V42 -> 360 | X42: 0.1 | Z42: ガーゼ | AB42: 3 | AC42: 枚 | AD42: 120 | AE42: =AB42*AD42 -> 360 | AF42: 0.1 | AH42: ガーゼ | AJ42: 3 | AK42: 枚 | AL42: 120 | AM42: =AJ42*AL42 -> 360 | AN42: 0.1 | AP42: ガーゼ | AR42: 3 | AS42: 枚 | AT42: 120 | AU42: =AR42*AT42 -> 360 | AV42: 0.1 | AX42: ガーゼ | AZ42: 3 | BA42: 枚 | BB42: 120 | BC42: =AZ42*BB42 -> 360 | BD42: 0.1 | BF42: ガーゼ | BH42: 3 | BI42: 枚 | BJ42: 120 | BK42: =BH42*BJ42 -> 360 | BL42: 0.1
B43: 滅菌ガーゼ（M） | D43: 3 | E43: 枚 | F43: 40 | G43: =D43*F43 -> 120 | H43: 0.1 | J43: 滅菌ガーゼ（M） | L43: 3 | M43: 枚 | N43: 40 | O43: =L43*N43 -> 120 | P43: 0.1 | R43: 滅菌ガーゼ（M） | T43: 3 | U43: 枚 | V43: 40 | W43: =T43*V43 -> 120 | X43: 0.1 | Z43: 滅菌ガーゼ（M） | AB43: 3 | AC43: 枚 | AD43: 40 | AE43: =AB43*AD43 -> 120 | AF43: 0.1 | AH43: 滅菌ガーゼ（M） | AJ43: 3 | AK43: 枚 | AL43: 40 | AM43: =AJ43*AL43 -> 120 | AN43: 0.1 | AP43: 滅菌ガーゼ（M） | AR43: 3 | AS43: 枚 | AT43: 40 | AU43: =AR43*AT43 -> 120 | AV43: 0.1 | AX43: 滅菌ガーゼ（M） | AZ43: 3 | BA43: 枚 | BB43: 40 | BC43: =AZ43*BB43 -> 120 | BD43: 0.1 | BF43: 滅菌ガーゼ（M） | BH43: 3 | BI43: 枚 | BJ43: 40 | BK43: =BH43*BJ43 -> 120 | BL43: 0.1
B44: 滅菌ガーゼ（L） | D44: 3 | E44: 枚 | F44: 40 | G44: =D44*F44 -> 120 | H44: 0.1 | J44: 滅菌ガーゼ（L） | L44: 3 | M44: 枚 | N44: 40 | O44: =L44*N44 -> 120 | P44: 0.1 | R44: 滅菌ガーゼ（L） | T44: 3 | U44: 枚 | V44: 40 | W44: =T44*V44 -> 120 | X44: 0.1 | Z44: 滅菌ガーゼ（L） | AB44: 3 | AC44: 枚 | AD44: 40 | AE44: =AB44*AD44 -> 120 | AF44: 0.1 | AH44: 滅菌ガーゼ（L） | AJ44: 3 | AK44: 枚 | AL44: 40 | AM44: =AJ44*AL44 -> 120 | AN44: 0.1 | AP44: 滅菌ガーゼ（L） | AR44: 3 | AS44: 枚 | AT44: 40 | AU44: =AR44*AT44 -> 120 | AV44: 0.1 | AX44: 滅菌ガーゼ（L） | AZ44: 3 | BA44: 枚 | BB44: 40 | BC44: =AZ44*BB44 -> 120 | BD44: 0.1 | BF44: 滅菌ガーゼ（L） | BH44: 3 | BI44: 枚 | BJ44: 40 | BK44: =BH44*BJ44 -> 120 | BL44: 0.1
B45: ポアテープ | D45: 1 | E45: 本 | F45: 125 | G45: =D45*F45 -> 125 | H45: 0.1 | J45: ポアテープ | L45: 1 | M45: 本 | N45: 125 | O45: =L45*N45 -> 125 | P45: 0.1 | R45: ポアテープ | T45: 1 | U45: 本 | V45: 125 | W45: =T45*V45 -> 125 | X45: 0.1 | Z45: ポアテープ | AB45: 1 | AC45: 本 | AD45: 125 | AE45: =AB45*AD45 -> 125 | AF45: 0.1 | AH45: ポアテープ | AJ45: 1 | AK45: 本 | AL45: 125 | AM45: =AJ45*AL45 -> 125 | AN45: 0.1 | AP45: ポアテープ | AR45: 1 | AS45: 本 | AT45: 125 | AU45: =AR45*AT45 -> 125 | AV45: 0.1 | AX45: ポアテープ | AZ45: 1 | BA45: 本 | BB45: 125 | BC45: =AZ45*BB45 -> 125 | BD45: 0.1 | BF45: ポアテープ | BH45: 1 | BI45: 本 | BJ45: 125 | BK45: =BH45*BJ45 -> 125 | BL45: 0.1
B46: 消毒液 | D46: 1 | E46: 本 | F46: 125 | G46: =D46*F46 -> 125 | H46: 0.1 | J46: 消毒液 | L46: 1 | M46: 本 | N46: 125 | O46: =L46*N46 -> 125 | P46: 0.1 | R46: 消毒液 | T46: 1 | U46: 本 | V46: 125 | W46: =T46*V46 -> 125 | X46: 0.1 | Z46: 消毒液 | AB46: 1 | AC46: 本 | AD46: 125 | AE46: =AB46*AD46 -> 125 | AF46: 0.1 | AH46: 消毒液 | AJ46: 1 | AK46: 本 | AL46: 125 | AM46: =AJ46*AL46 -> 125 | AN46: 0.1 | AP46: 消毒液 | AR46: 1 | AS46: 本 | AT46: 125 | AU46: =AR46*AT46 -> 125 | AV46: 0.1 | AX46: 消毒液 | AZ46: 1 | BA46: 本 | BB46: 125 | BC46: =AZ46*BB46 -> 125 | BD46: 0.1 | BF46: 消毒液 | BH46: 1 | BI46: 本 | BJ46: 125 | BK46: =BH46*BJ46 -> 125 | BL46: 0.1
B47: ショットメン（10枚） | C47: 消毒用アルコール綿 | D47: 1 | E47: 袋 | F47: 125 | G47: =D47*F47 -> 125 | H47: 0.1 | J47: ショットメン（10枚） | K47: 消毒用アルコール綿 | L47: 1 | M47: 袋 | N47: 125 | O47: =L47*N47 -> 125 | P47: 0.1 | R47: ショットメン（10枚） | S47: 消毒用アルコール綿 | T47: 1 | U47: 袋 | V47: 125 | W47: =T47*V47 -> 125 | X47: 0.1 | Z47: ショットメン（10枚） | AA47: 消毒用アルコール綿 | AB47: 1 | AC47: 袋 | AD47: 125 | AE47: =AB47*AD47 -> 125 | AF47: 0.1 | AH47: ショットメン（10枚） | AI47: 消毒用アルコール綿 | AJ47: 1 | AK47: 袋 | AL47: 125 | AM47: =AJ47*AL47 -> 125 | AN47: 0.1 | AP47: ショットメン（10枚） | AQ47: 消毒用アルコール綿 | AR47: 1 | AS47: 袋 | AT47: 125 | AU47: =AR47*AT47 -> 125 | AV47: 0.1 | AX47: ショットメン（10枚） | AY47: 消毒用アルコール綿 | AZ47: 1 | BA47: 袋 | BB47: 125 | BC47: =AZ47*BB47 -> 125 | BD47: 0.1 | BF47: ショットメン（10枚） | BG47: 消毒用アルコール綿 | BH47: 1 | BI47: 袋 | BJ47: 125 | BK47: =BH47*BJ47 -> 125 | BL47: 0.1
B48: 包帯 | D48: 3 | E48: 本 | F48: 125 | G48: =D48*F48 -> 375 | H48: 0.1 | J48: 包帯 | L48: 3 | M48: 本 | N48: 125 | O48: =L48*N48 -> 375 | P48: 0.1 | R48: 包帯 | T48: 3 | U48: 本 | V48: 125 | W48: =T48*V48 -> 375 | X48: 0.1 | Z48: 包帯 | AB48: 3 | AC48: 本 | AD48: 125 | AE48: =AB48*AD48 -> 375 | AF48: 0.1 | AH48: 包帯 | AJ48: 3 | AK48: 本 | AL48: 125 | AM48: =AJ48*AL48 -> 375 | AN48: 0.1 | AP48: 包帯 | AR48: 3 | AS48: 本 | AT48: 125 | AU48: =AR48*AT48 -> 375 | AV48: 0.1 | AX48: 包帯 | AZ48: 3 | BA48: 本 | BB48: 125 | BC48: =AZ48*BB48 -> 375 | BD48: 0.1 | BF48: 包帯 | BH48: 3 | BI48: 本 | BJ48: 125 | BK48: =BH48*BJ48 -> 375 | BL48: 0.1
B49: バンドエイド（20枚） | D49: 1 | E49: 箱 | F49: 125 | G49: =D49*F49 -> 125 | H49: 0.1 | J49: バンドエイド（20枚） | L49: 1 | M49: 箱 | N49: 125 | O49: =L49*N49 -> 125 | P49: 0.1 | R49: バンドエイド（20枚） | T49: 1 | U49: 箱 | V49: 125 | W49: =T49*V49 -> 125 | X49: 0.1 | Z49: バンドエイド（20枚） | AB49: 1 | AC49: 箱 | AD49: 125 | AE49: =AB49*AD49 -> 125 | AF49: 0.1 | AH49: バンドエイド（20枚） | AJ49: 1 | AK49: 箱 | AL49: 125 | AM49: =AJ49*AL49 -> 125 | AN49: 0.1 | AP49: バンドエイド（20枚） | AR49: 1 | AS49: 箱 | AT49: 125 | AU49: =AR49*AT49 -> 125 | AV49: 0.1 | AX49: バンドエイド（20枚） | AZ49: 1 | BA49: 箱 | BB49: 125 | BC49: =AZ49*BB49 -> 125 | BD49: 0.1 | BF49: バンドエイド（20枚） | BH49: 1 | BI49: 箱 | BJ49: 125 | BK49: =BH49*BJ49 -> 125 | BL49: 0.1
B50: 人工呼吸用マスク | D50: 1 | E50: 枚 | F50: 380 | G50: =D50*F50 -> 380 | H50: 0.1 | J50: 人工呼吸用マスク | L50: 1 | M50: 枚 | N50: 380 | O50: =L50*N50 -> 380 | P50: 0.1 | R50: 人工呼吸用マスク | T50: 1 | U50: 枚 | V50: 380 | W50: =T50*V50 -> 380 | X50: 0.1 | Z50: 人工呼吸用マスク | AB50: 1 | AC50: 枚 | AD50: 380 | AE50: =AB50*AD50 -> 380 | AF50: 0.1 | AH50: 人工呼吸用マスク | AJ50: 1 | AK50: 枚 | AL50: 380 | AM50: =AJ50*AL50 -> 380 | AN50: 0.1 | AP50: 人工呼吸用マスク | AR50: 1 | AS50: 枚 | AT50: 380 | AU50: =AR50*AT50 -> 380 | AV50: 0.1 | AX50: 人工呼吸用マスク | AZ50: 0 | BA50: 枚 | BB50: 380 | BC50: =AZ50*BB50 -> 0 | BD50: 0.1 | BF50: 人工呼吸用マスク | BH50: 1 | BI50: 枚 | BJ50: 380 | BK50: =BH50*BJ50 -> 380 | BL50: 0.1
B51: 体温計 | D51: 1 | E51: 本 | F51: 900 | G51: =D51*F51 -> 900 | H51: 0.1 | J51: 体温計 | L51: 1 | M51: 本 | N51: 900 | O51: =L51*N51 -> 900 | P51: 0.1 | R51: 体温計 | T51: 1 | U51: 本 | V51: 900 | W51: =T51*V51 -> 900 | X51: 0.1 | Z51: 体温計 | AB51: 1 | AC51: 本 | AD51: 900 | AE51: =AB51*AD51 -> 900 | AF51: 0.1 | AH51: 体温計 | AJ51: 1 | AK51: 本 | AL51: 900 | AM51: =AJ51*AL51 -> 900 | AN51: 0.1 | AP51: 体温計 | AR51: 1 | AS51: 本 | AT51: 900 | AU51: =AR51*AT51 -> 900 | AV51: 0.1 | AX51: 体温計 | AZ51: 0 | BA51: 本 | BB51: 900 | BC51: =AZ51*BB51 -> 0 | BD51: 0.1 | BF51: 体温計 | BH51: 1 | BI51: 本 | BJ51: 900 | BK51: =BH51*BJ51 -> 900 | BL51: 0.1
B52: ピンセット | D52: 1 | E52: 本 | F52: 125 | G52: =D52*F52 -> 125 | H52: 0.1 | J52: ピンセット | L52: 1 | M52: 本 | N52: 125 | O52: =L52*N52 -> 125 | P52: 0.1 | R52: ピンセット | T52: 1 | U52: 本 | V52: 125 | W52: =T52*V52 -> 125 | X52: 0.1 | Z52: ピンセット | AB52: 1 | AC52: 本 | AD52: 125 | AE52: =AB52*AD52 -> 125 | AF52: 0.1 | AH52: ピンセット | AJ52: 1 | AK52: 本 | AL52: 125 | AM52: =AJ52*AL52 -> 125 | AN52: 0.1 | AP52: ピンセット | AR52: 1 | AS52: 本 | AT52: 125 | AU52: =AR52*AT52 -> 125 | AV52: 0.1 | AX52: ピンセット | AZ52: 0 | BA52: 本 | BB52: 125 | BC52: =AZ52*BB52 -> 0 | BD52: 0.1 | BF52: ピンセット | BH52: 1 | BI52: 本 | BJ52: 125 | BK52: =BH52*BJ52 -> 125 | BL52: 0.1
B53: はさみ | D53: 1 | E53: 本 | F53: 125 | G53: =D53*F53 -> 125 | H53: 0.1 | J53: はさみ | L53: 1 | M53: 本 | N53: 125 | O53: =L53*N53 -> 125 | P53: 0.1 | R53: はさみ | T53: 1 | U53: 本 | V53: 125 | W53: =T53*V53 -> 125 | X53: 0.1 | Z53: はさみ | AB53: 1 | AC53: 本 | AD53: 125 | AE53: =AB53*AD53 -> 125 | AF53: 0.1 | AH53: はさみ | AJ53: 1 | AK53: 本 | AL53: 125 | AM53: =AJ53*AL53 -> 125 | AN53: 0.1 | AP53: はさみ | AR53: 1 | AS53: 本 | AT53: 125 | AU53: =AR53*AT53 -> 125 | AV53: 0.1 | AX53: はさみ | AZ53: 0 | BA53: 本 | BB53: 125 | BC53: =AZ53*BB53 -> 0 | BD53: 0.1 | BF53: はさみ | BH53: 1 | BI53: 本 | BJ53: 125 | BK53: =BH53*BJ53 -> 125 | BL53: 0.1
B54: 綿棒（20本） | D54: 1 | E54: 箱 | F54: 125 | G54: =D54*F54 -> 125 | H54: 0.1 | J54: 綿棒（20本） | L54: 1 | M54: 箱 | N54: 125 | O54: =L54*N54 -> 125 | P54: 0.1 | R54: 綿棒（20本） | T54: 1 | U54: 箱 | V54: 125 | W54: =T54*V54 -> 125 | X54: 0.1 | Z54: 綿棒（20本） | AB54: 1 | AC54: 箱 | AD54: 125 | AE54: =AB54*AD54 -> 125 | AF54: 0.1 | AH54: 綿棒（20本） | AJ54: 1 | AK54: 箱 | AL54: 125 | AM54: =AJ54*AL54 -> 125 | AN54: 0.1 | AP54: 綿棒（20本） | AR54: 1 | AS54: 箱 | AT54: 125 | AU54: =AR54*AT54 -> 125 | AV54: 0.1 | AX54: 綿棒（20本） | AZ54: 0 | BA54: 箱 | BB54: 125 | BC54: =AZ54*BB54 -> 0 | BD54: 0.1 | BF54: 綿棒（20本） | BH54: 1 | BI54: 箱 | BJ54: 125 | BK54: =BH54*BJ54 -> 125 | BL54: 0.1
B55: 冷却シート（2枚） | D55: 1 | E55: 袋 | F55: 80 | G55: =D55*F55 -> 80 | H55: 0.1 | J55: 冷却シート（2枚） | L55: 1 | M55: 袋 | N55: 80 | O55: =L55*N55 -> 80 | P55: 0.1 | R55: 冷却シート（2枚） | T55: 1 | U55: 袋 | V55: 80 | W55: =T55*V55 -> 80 | X55: 0.1 | Z55: 冷却シート（2枚） | AB55: 1 | AC55: 袋 | AD55: 80 | AE55: =AB55*AD55 -> 80 | AF55: 0.1 | AH55: 冷却シート（2枚） | AJ55: 1 | AK55: 袋 | AL55: 80 | AM55: =AJ55*AL55 -> 80 | AN55: 0.1 | AP55: 冷却シート（2枚） | AR55: 1 | AS55: 袋 | AT55: 80 | AU55: =AR55*AT55 -> 80 | AV55: 0.1 | AX55: 冷却シート（2枚） | AZ55: 0 | BA55: 袋 | BB55: 80 | BC55: =AZ55*BB55 -> 0 | BD55: 0.1 | BF55: 冷却シート（2枚） | BH55: 1 | BI55: 袋 | BJ55: 80 | BK55: =BH55*BJ55 -> 80 | BL55: 0.1
B56: 虫刺され用品（ムヒ） | D56: 1 | E56: 本 | F56: 460 | G56: =D56*F56 -> 460 | H56: 0.1 | J56: 虫刺され用品（ムヒ） | L56: 1 | M56: 本 | N56: 460 | O56: =L56*N56 -> 460 | P56: 0.1 | R56: 虫刺され用品（ムヒ） | T56: 1 | U56: 本 | V56: 460 | W56: =T56*V56 -> 460 | X56: 0.1 | Z56: 虫刺され用品（ムヒ） | AB56: 1 | AC56: 本 | AD56: 460 | AE56: =AB56*AD56 -> 460 | AF56: 0.1 | AH56: 虫刺され用品（ムヒ） | AJ56: 1 | AK56: 本 | AL56: 460 | AM56: =AJ56*AL56 -> 460 | AN56: 0.1 | AP56: 虫刺され用品（ムヒ） | AR56: 1 | AS56: 本 | AT56: 460 | AU56: =AR56*AT56 -> 460 | AV56: 0.1 | AX56: 虫刺され用品（ムヒ） | AZ56: 0 | BA56: 本 | BB56: 460 | BC56: =AZ56*BB56 -> 0 | BD56: 0.1 | BF56: 虫刺され用品（ムヒ） | BH56: 1 | BI56: 本 | BJ56: 460 | BK56: =BH56*BJ56 -> 460 | BL56: 0.1
B57: パルスオキシメーター | D57: 1 | E57: 個 | F57: 2500 | G57: =D57*F57 -> 2500 | H57: 0.1 | J57: パルスオキシメーター | L57: 1 | M57: 個 | N57: 2500 | O57: =L57*N57 -> 2500 | P57: 0.1 | R57: パルスオキシメーター | T57: 1 | U57: 個 | V57: 2500 | W57: =T57*V57 -> 2500 | X57: 0.1 | Z57: パルスオキシメーター | AB57: 1 | AC57: 個 | AD57: 2500 | AE57: =AB57*AD57 -> 2500 | AF57: 0.1 | AH57: パルスオキシメーター | AJ57: 1 | AK57: 個 | AL57: 2500 | AM57: =AJ57*AL57 -> 2500 | AN57: 0.1 | AP57: パルスオキシメーター | AR57: 1 | AS57: 個 | AT57: 2500 | AU57: =AR57*AT57 -> 2500 | AV57: 0.1 | AX57: パルスオキシメーター | AZ57: 0 | BA57: 個 | BB57: 2500 | BC57: =AZ57*BB57 -> 0 | BD57: 0.1 | BF57: パルスオキシメーター | BH57: 1 | BI57: 個 | BJ57: 2500 | BK57: =BH57*BJ57 -> 2500 | BL57: 0.1
B58: アルミブランケット | D58: 2 | E58: 枚 | F58: 320 | G58: =D58*F58 -> 640 | H58: 0.1 | J58: アルミブランケット | L58: 2 | M58: 枚 | N58: 320 | O58: =L58*N58 -> 640 | P58: 0.1 | R58: アルミブランケット | T58: 2 | U58: 枚 | V58: 320 | W58: =T58*V58 -> 640 | X58: 0.1 | Z58: アルミブランケット | AB58: 2 | AC58: 枚 | AD58: 320 | AE58: =AB58*AD58 -> 640 | AF58: 0.1 | AH58: アルミブランケット | AJ58: 2 | AK58: 枚 | AL58: 320 | AM58: =AJ58*AL58 -> 640 | AN58: 0.1 | AP58: アルミブランケット | AR58: 2 | AS58: 枚 | AT58: 320 | AU58: =AR58*AT58 -> 640 | AV58: 0.1 | AX58: アルミブランケット | AZ58: 0 | BA58: 枚 | BB58: 320 | BC58: =AZ58*BB58 -> 0 | BD58: 0.1 | BF58: アルミブランケット | BH58: 2 | BI58: 枚 | BJ58: 320 | BK58: =BH58*BJ58 -> 640 | BL58: 0.1
B59: テント | C59: 2ｋ×２ｋ | D59: 0 | E59: 個 | F59: 16000 | G59: =D59*F59 -> 0 | H59: 0.1 | J59: テント | K59: 2ｋ×２ｋ | L59: 1 | M59: 個 | N59: 16000 | O59: =L59*N59 -> 16000 | P59: 0.1 | R59: テント | S59: 2ｋ×２ｋ | T59: 1 | U59: 個 | V59: 16000 | W59: =T59*V59 -> 16000 | X59: 0.1 | Z59: テント | AA59: 2ｋ×２ｋ | AB59: 1 | AC59: 個 | AD59: 16000 | AE59: =AB59*AD59 -> 16000 | AF59: 0.1 | AH59: テント | AI59: 2ｋ×２ｋ | AJ59: 1 | AK59: 個 | AL59: 16000 | AM59: =AJ59*AL59 -> 16000 | AN59: 0.1 | AP59: テント | AQ59: 2ｋ×２ｋ | AR59: 1 | AS59: 個 | AT59: 16000 | AU59: =AR59*AT59 -> 16000 | AV59: 0.1 | AX59: テント | AY59: 2ｋ×２ｋ | AZ59: 0 | BA59: 個 | BB59: 16000 | BC59: =AZ59*BB59 -> 0 | BD59: 0.1 | BF59: テント | BG59: 2ｋ×２ｋ | BH59: 1 | BI59: 個 | BJ59: 16000 | BK59: =BH59*BJ59 -> 16000 | BL59: 0.1
B60: テーブル | D60: 0 | E60: 個 | F60: 1200 | G60: =D60*F60 -> 0 | H60: 0.1 | J60: テーブル | L60: 2 | M60: 個 | N60: 1200 | O60: =L60*N60 -> 2400 | P60: 0.1 | R60: テーブル | T60: 2 | U60: 個 | V60: 1200 | W60: =T60*V60 -> 2400 | X60: 0.1 | Z60: テーブル | AB60: 2 | AC60: 個 | AD60: 1200 | AE60: =AB60*AD60 -> 2400 | AF60: 0.1 | AH60: テーブル | AJ60: 2 | AK60: 個 | AL60: 1200 | AM60: =AJ60*AL60 -> 2400 | AN60: 0.1 | AP60: テーブル | AR60: 2 | AS60: 個 | AT60: 1200 | AU60: =AR60*AT60 -> 2400 | AV60: 0.1 | AX60: テーブル | AZ60: 0 | BA60: 個 | BB60: 1200 | BC60: =AZ60*BB60 -> 0 | BD60: 0.1 | BF60: テーブル | BH60: 2 | BI60: 個 | BJ60: 1200 | BK60: =BH60*BJ60 -> 2400 | BL60: 0.1
B61: 椅子 | D61: 0 | E61: 脚 | F61: 300 | G61: =D61*F61 -> 0 | H61: 0.1 | J61: 椅子 | L61: 4 | M61: 脚 | N61: 300 | O61: =L61*N61 -> 1200 | P61: 0.1 | R61: 椅子 | T61: 4 | U61: 脚 | V61: 300 | W61: =T61*V61 -> 1200 | X61: 0.1 | Z61: 椅子 | AB61: 4 | AC61: 脚 | AD61: 300 | AE61: =AB61*AD61 -> 1200 | AF61: 0.1 | AH61: 椅子 | AJ61: 4 | AK61: 脚 | AL61: 300 | AM61: =AJ61*AL61 -> 1200 | AN61: 0.1 | AP61: 椅子 | AR61: 4 | AS61: 脚 | AT61: 300 | AU61: =AR61*AT61 -> 1200 | AV61: 0.1 | AX61: 椅子 | AZ61: 0 | BA61: 脚 | BB61: 300 | BC61: =AZ61*BB61 -> 0 | BD61: 0.1 | BF61: 椅子 | BH61: 4 | BI61: 脚 | BJ61: 300 | BK61: =BH61*BJ61 -> 1200 | BL61: 0.1
B62: 発電機 | D62: 1 | E62: 個 | F62: 6000 | G62: =D62*F62 -> 6000 | H62: 0.1 | J62: 発電機 | L62: 1 | M62: 個 | N62: 6000 | O62: =L62*N62 -> 6000 | P62: 0.1 | R62: 発電機 | T62: 1 | U62: 個 | V62: 6000 | W62: =T62*V62 -> 6000 | X62: 0.1 | Z62: 発電機 | AB62: 1 | AC62: 個 | AD62: 6000 | AE62: =AB62*AD62 -> 6000 | AF62: 0.1 | AH62: 発電機 | AJ62: 1 | AK62: 個 | AL62: 6000 | AM62: =AJ62*AL62 -> 6000 | AN62: 0.1 | AP62: 発電機 | AR62: 1 | AS62: 個 | AT62: 6000 | AU62: =AR62*AT62 -> 6000 | AV62: 0.1 | AX62: 発電機 | AZ62: 0 | BA62: 個 | BB62: 6000 | BC62: =AZ62*BB62 -> 0 | BD62: 0.1 | BF62: 発電機 | BH62: 1 | BI62: 個 | BJ62: 6000 | BK62: =BH62*BJ62 -> 6000 | BL62: 0.1
B63: 看板 | D63: 1 | E63: 枚 | F63: 4000 | G63: =D63*F63 -> 4000 | H63: 0.1 | J63: 看板 | L63: 1 | M63: 枚 | N63: 4000 | O63: =L63*N63 -> 4000 | P63: 0.1 | R63: 看板 | T63: 1 | U63: 枚 | V63: 4000 | W63: =T63*V63 -> 4000 | X63: 0.1 | Z63: 看板 | AB63: 0 | AC63: 枚 | AD63: 4000 | AE63: =AB63*AD63 -> 0 | AF63: 0.1 | AH63: 看板 | AJ63: 1 | AK63: 枚 | AL63: 4000 | AM63: =AJ63*AL63 -> 4000 | AN63: 0.1 | AP63: 看板 | AR63: 1 | AS63: 枚 | AT63: 4000 | AU63: =AR63*AT63 -> 4000 | AV63: 0.1 | AX63: 看板 | AZ63: 0 | BA63: 枚 | BB63: 4000 | BC63: =AZ63*BB63 -> 0 | BD63: 0.1 | BF63: 看板 | BH63: 1 | BI63: 枚 | BJ63: 4000 | BK63: =BH63*BJ63 -> 4000 | BL63: 0.1
B64: コンセント工事 | D64: 一式 | F64: 8000 | G64: 8000 | H64: 0.1 | J64: コンセント工事 | L64: 一式 | N64: 8000 | O64: 8000 | P64: 0.1 | R64: コンセント工事 | T64: 一式 | V64: 8000 | W64: 8000 | X64: 0.1 | Z64: コンセント工事 | AB64: 一式 | AD64: 8000 | AE64: 8000 | AF64: 0.1 | AH64: コンセント工事 | AJ64: 一式 | AL64: 8000 | AM64: 8000 | AN64: 0.1 | AP64: コンセント工事 | AR64: 一式 | AT64: 8000 | AU64: 8000 | AV64: 0.1 | AX64: コンセント工事 | AZ64: 0 | BB64: 8000 | BC64: 0 | BD64: 0.1 | BF64: コンセント工事 | BH64: 一式 | BJ64: 8000 | BK64: 8000 | BL64: 0.1
B65: 内部蛍光灯（配線含む） | D65: 一式 | F65: 5000 | G65: 5000 | H65: 0.1 | J65: 内部蛍光灯（配線含む） | L65: 一式 | N65: 5000 | O65: 5000 | P65: 0.1 | R65: 内部蛍光灯（配線含む） | T65: 一式 | V65: 5000 | W65: 5000 | X65: 0.1 | Z65: 内部蛍光灯（配線含む） | AB65: 一式 | AD65: 5000 | AE65: 5000 | AF65: 0.1 | AH65: 内部蛍光灯（配線含む） | AJ65: 一式 | AL65: 5000 | AM65: 5000 | AN65: 0.1 | AP65: 内部蛍光灯（配線含む） | AR65: 一式 | AT65: 5000 | AU65: 5000 | AV65: 0.1 | AX65: 内部蛍光灯（配線含む） | AZ65: 0 | BB65: 5000 | BC65: 0 | BD65: 0.1 | BF65: 内部蛍光灯（配線含む） | BH65: 一式 | BJ65: 5000 | BK65: 5000 | BL65: 0.1
F66: 大津港ターミナル小計 | G66: =SUM(G4:G65) -> 122440 | N66: 大津市民会館小計 | O66: =SUM(O4:O65) -> 143540 | V66: 勤労福祉センター小計 | W66: =SUM(W4:W65) -> 151540 | AD66: ふれあいスポーツセンター小計 | AE66: =SUM(AE4:AE65) -> 138040 | AL66: 逢坂市民センター小計 | AM66: =SUM(AM4:AM65) -> 153920 | AT66: 平野市民センター小計 | AU66: =SUM(AU4:AU65) -> 157920 | BB66: びわこボート小計 | BC66: =SUM(BC4:BC65) -> 33705 | BJ66: 草津本部小計 | BK66: =SUM(BK4:BK65) -> 120490
A67: ①大津港ターミナル-2 | I67: ②大津市民会館-2 | Q67: ③勤労福祉センター-2 | Y67: ④ふれあいスポーツセンター-2 | AG67: ⑤逢坂市民センター-2 | AO67: ⑥平野市民センター-2 | AW67: ⑧びわこボート-2 | BE67: ⑧草津本部-2

Sheet 救護所請求書表紙
A1: 御 請 求 書
A3: びわ湖大花火大会実行委員会御中 | H3: 46265
A5: ご用命賜り、ありがとうございました。
A6: 下記の件についまして、ご請求させていただきますので
A7: ご査収の程、よろしくお願いします。 | W7: ご用命賜り、ありがとうございました。
G8: 675-2313 | W8: 下記の件についまして、ご請求させていただきますので
B9: 御請求金額 | G9: 兵庫県加西市北条町北条1122 | W9: ご査収の程、よろしくお願いします。
G10: 株式会社ＣＳＩＬｅａｄ
B11: =G34 -> 1836047.9 | G11: TEL0790-20-7223FAX0790-20-7224
G12: 登録番号：T9140001126012
C16: 請求内訳
C17: =修正中救護!A2 -> １ 大津港ターミナル① | G17: =修正中救護!G66 -> 122440 | I17: 38455
C18: =修正中救護!I2 -> 2 大津市民会館① | G18: =修正中救護!O66 -> 143540 | I18: 146239
C19: =修正中救護!Q2 -> ３ 勤労福祉センター① | G19: =修正中救護!W66 -> 151540 | I19: 126639 | W19: =#REF! -> #REF! | AA19: =#REF! -> #REF!
C20: =修正中救護!Y2 -> ４ ふれあいスポーツセンター① | G20: =修正中救護!AE66 -> 138040 | I20: 146239 | W20: =#REF! -> #REF! | AA20: =#REF! -> #REF!
C21: =修正中救護!AG2 -> ５ 逢坂市民センター① | G21: =修正中救護!AM66 -> 153920 | I21: 146239
C22: =修正中救護!AO2 -> ６ 平野市民センター① | G22: =修正中救護!AU66 -> 157920 | I22: 146239
C23: =修正中救護!AW2 -> 7 びわこボート① | G23: =修正中救護!BC66 -> 33705 | I23: 38889
C24: =修正中救護!BE2 -> 8 草津本部① | G24: =修正中救護!BK66 -> 120490 | I24: 124689
C25: 9，本部付け | G25: =修正中救護!BS7 -> 99800 | I25: 99800
C26: 予備AED（18,000×3個） | G26: =修正中救護!BS9 -> 54000 | I26: 54000
C27: 輸送用パワーゲート４ｔ | G27: =修正中救護!BS10 -> 112000 | I27: 112000
C28: =修正中救護!BN11 -> 設営・撤去テント等（輸送費含む） | G28: =修正中救護!BS11 -> 80000
C29: =修正中救護!BN12 -> 冷凍車・配送（前日）・回収（当日） | G29: =修正中救護!BS12 -> 150000
F30: 小計① | G30: =SUM(G17:G29) -> 1517395 | I30: =SUM(I17:I29) -> 1179428
F31: 諸経費10％ | G31: =G30*0.1 -> 151739.5
F32: 小計② | G32: =G30+G31 -> 1669134.5
F33: 消費税 | G33: =G32*0.1 -> 166913.45
F34: 御請求金額合計 | G34: =SUM(G32:G33) -> 1836047.9

Sheet エイド前川
A2: エイドステーション設置及び備品（使用日8月6日）
A3: １ 業務用地① | I3: ３ びわ湖ホール① | Q3: ４ NTTDocomo① | Y3: ５ 琵琶湖ホテル前① | AG3: ６ マリーナ（おまつり広場）① | AO3: 7 本部付け
A4: 商 品 名 | C4: 仕 様 | D4: 数量 | F4: 単価 | G4: 合計 | H4: 税 | I4: 商 品 名 | K4: 仕 様 | L4: 数量 | N4: 単価 | O4: 合計 | P4: 税 | Q4: 商 品 名 | S4: 仕 様 | T4: 数量 | V4: 単価 | W4: 合計 | X4: 税 | Y4: 商 品 名 | AA4: 仕 様 | AB4: 数量 | AD4: 単価 | AE4: 合計 | AF4: 税 | AG4: 商 品 名 | AI4: 仕 様 | AJ4: 数量 | AL4: 単価 | AM4: 合計 | AN4: 税
B5: 救急救命士 | C5: 14:00～23:00 | D5: 9 | E5: 時間 | F5: 5200 | G5: =D5*F5 -> 46800 | H5: 0.1 | J5: 救急救命士 | K5: 17：00～22：00 | L5: 5 | M5: 時間 | N5: 5200 | O5: =L5*N5 -> 26000 | P5: 0.1 | R5: 救急救命士 | S5: 17：00～22：00 | T5: 5 | U5: 時間 | V5: 5200 | W5: =T5*V5 -> 26000 | X5: 0.1 | Z5: 救急救命士 | AA5: 17：00～22：00 | AB5: 5 | AC5: 時間 | AD5: 5200 | AE5: =AB5*AD5 -> 26000 | AF5: 0.1 | AH5: 救急救命士 | AI5: 17：00～22：00 | AJ5: 5 | AK5: 時間 | AL5: 5200 | AM5: =AJ5*AL5 -> 26000 | AN5: 0.1 | AO5: 商 品 名 | AQ5: 仕 様 | AR5: 数量 | AT5: 単価 | AU5: 合計 | AV5: 税
B6: ＡＥＤ | D6: 1 | E6: 個 | F6: 18000 | G6: =D6*F6 -> 18000 | H6: 0.1 | J6: ＡＥＤ | L6: 1 | M6: 個 | N6: 18000 | O6: =L6*N6 -> 18000 | P6: 0.1 | R6: ＡＥＤ | T6: 1 | U6: 個 | V6: 18000 | W6: =T6*V6 -> 18000 | X6: 0.1 | Z6: ＡＥＤ | AB6: 1 | AC6: 個 | AD6: 18000 | AE6: =AB6*AD6 -> 18000 | AF6: 0.1 | AH6: ＡＥＤ | AJ6: 1 | AK6: 個 | AL6: 18000 | AM6: =AJ6*AL6 -> 18000 | AN6: 0.1 | AP6: 救命救急士（応援・交代要員） | AR6: 9 | AS6: 時間 | AT6: 5200 | AU6: =AR6*AT6 -> 46800 | AV6: 0.1
B7: ナースバッグ | D7: 1 | E7: 個 | F7: 2000 | G7: =D7*F7 -> 2000 | H7: 0.1 | J7: ナースバッグ | L7: 1 | M7: 個 | N7: 2000 | O7: =L7*N7 -> 2000 | P7: 0.1 | R7: ナースバッグ | T7: 1 | U7: 個 | V7: 2000 | W7: =T7*V7 -> 2000 | X7: 0.1 | Z7: ナースバッグ | AB7: 1 | AC7: 個 | AD7: 2000 | AE7: =AB7*AD7 -> 2000 | AF7: 0.1 | AH7: ナースバッグ | AJ7: 1 | AK7: 個 | AL7: 2000 | AM7: =AJ7*AL7 -> 2000 | AN7: 0.1 | AP7: 民間救急車（本部前） | AR7: 1 | AS7: 台 | AT7: 32000 | AU7: =AR7*AT7 -> 32000 | AV7: 0.1
B8: 血圧計 | D8: 1 | E8: 個 | F8: 2500 | G8: =D8*F8 -> 2500 | H8: 0.1 | J8: 血圧計 | L8: 1 | M8: 個 | N8: 2500 | O8: =L8*N8 -> 2500 | P8: 0.1 | R8: 血圧計 | T8: 1 | U8: 個 | V8: 2500 | W8: =T8*V8 -> 2500 | X8: 0.1 | Z8: 血圧計 | AB8: 1 | AC8: 個 | AD8: 2500 | AE8: =AB8*AD8 -> 2500 | AF8: 0.1 | AH8: 血圧計 | AJ8: 1 | AK8: 個 | AL8: 2500 | AM8: =AJ8*AL8 -> 2500 | AN8: 0.1 | AP8: 交通費 | AR8: 一式 | AT8: 21000 | AU8: 21000 | AV8: 0.1
B9: 担架 | D9: 1 | E9: 個 | F9: 5200 | G9: =D9*F9 -> 5200 | H9: 0.1 | J9: 担架 | L9: 1 | M9: 個 | N9: 5200 | O9: =L9*N9 -> 5200 | P9: 0.1 | R9: 担架 | T9: 1 | U9: 個 | V9: 5200 | W9: =T9*V9 -> 5200 | X9: 0.1 | Z9: 担架 | AB9: 1 | AC9: 個 | AD9: 5200 | AE9: =AB9*AD9 -> 5200 | AF9: 0.1 | AH9: 担架 | AJ9: 1 | AK9: 個 | AL9: 5200 | AM9: =AJ9*AL9 -> 5200 | AN9: 0.1 | AT9: 本部付け小計 | AU9: =SUM(AU6:AU8) -> 99800
B10: 折りたたみベッド | D10: 1 | E10: 個 | F10: 3000 | G10: =D10*F10 -> 3000 | H10: 0.1 | J10: 折りたたみベッド | L10: 1 | M10: 個 | N10: 3000 | O10: =L10*N10 -> 3000 | P10: 0.1 | R10: 折りたたみベッド | T10: 1 | U10: 個 | V10: 3000 | W10: =T10*V10 -> 3000 | X10: 0.1 | Z10: 折りたたみベッド | AB10: 1 | AC10: 個 | AD10: 3000 | AE10: =AB10*AD10 -> 3000 | AF10: 0.1 | AH10: 折りたたみベッド | AJ10: 1 | AK10: 個 | AL10: 3000 | AM10: =AJ10*AL10 -> 3000 | AN10: 0.1
B11: クーラーボックス | D11: 2 | E11: 個 | F11: 4000 | G11: =D11*F11 -> 8000 | H11: 0.1 | J11: クーラーボックス | L11: 2 | M11: 個 | N11: 4000 | O11: =L11*N11 -> 8000 | P11: 0.1 | R11: クーラーボックス | T11: 2 | U11: 個 | V11: 4000 | W11: =T11*V11 -> 8000 | X11: 0.1 | Z11: クーラーボックス | AB11: 2 | AC11: 個 | AD11: 4000 | AE11: =AB11*AD11 -> 8000 | AF11: 0.1 | AH11: クーラーボックス | AJ11: 2 | AK11: 個 | AL11: 4000 | AM11: =AJ11*AL11 -> 8000 | AN11: 0.1
B12: 車椅子 | D12: 2 | E12: 個 | F12: 4000 | G12: =D12*F12 -> 8000 | H12: 0.1 | J12: 車椅子 | L12: 2 | M12: 個 | N12: 4000 | O12: =L12*N12 -> 8000 | P12: 0.1 | R12: 車椅子 | T12: 2 | U12: 個 | V12: 4000 | W12: =T12*V12 -> 8000 | X12: 0.1 | Z12: 車椅子 | AB12: 2 | AC12: 個 | AD12: 4000 | AE12: =AB12*AD12 -> 8000 | AF12: 0.1 | AH12: 車椅子 | AJ12: 2 | AK12: 個 | AL12: 4000 | AM12: =AJ12*AL12 -> 8000 | AN12: 0.1
B13: 水（ペットボトル） | C13: 550ml | D13: 24 | E13: 本 | F13: 80 | G13: =D13*F13 -> 1920 | H13: 0.1 | J13: 水（ペットボトル） | K13: 550ml | L13: 24 | M13: 本 | N13: 80 | O13: =L13*N13 -> 1920 | P13: 0.1 | R13: 水（ペットボトル） | S13: 550ml | T13: 24 | U13: 本 | V13: 80 | W13: =T13*V13 -> 1920 | X13: 0.1 | Z13: 水（ペットボトル） | AA13: 550ml | AB13: 24 | AC13: 本 | AD13: 80 | AE13: =AB13*AD13 -> 1920 | AF13: 0.1 | AH13: 水（ペットボトル） | AI13: 550ml | AJ13: 24 | AK13: 本 | AL13: 80 | AM13: =AJ13*AL13 -> 1920 | AN13: 0.1 | AT13: 備品計 | AU13: =AU9+AM68+AE68+W68+O68+G68 -> 394870
B14: 経口補水液（ペットボトル） | C14: OS-1 50０ｍｌ | D14: 10 | E14: 本 | F14: 205 | G14: =D14*F14 -> 2050 | H14: 0.1 | J14: 経口補水液（ペットボトル） | K14: OS-1 50０ｍｌ | L14: 10 | M14: 本 | N14: 205 | O14: =L14*N14 -> 2050 | P14: 0.1 | R14: 経口補水液（ペットボトル） | S14: OS-1 50０ｍｌ | T14: 10 | U14: 本 | V14: 205 | W14: =T14*V14 -> 2050 | X14: 0.1 | Z14: 経口補水液（ペットボトル） | AA14: OS-1 50０ｍｌ | AB14: 10 | AC14: 本 | AD14: 205 | AE14: =AB14*AD14 -> 2050 | AF14: 0.1 | AH14: 経口補水液（ペットボトル） | AI14: OS-1 50０ｍｌ | AJ14: 10 | AK14: 本 | AL14: 205 | AM14: =AJ14*AL14 -> 2050 | AN14: 0.1 | AT14: 諸経費10％ | AU14: =AU13*0.1 -> 39487
B15: 経口補水ゼリー | C15: OS-1 200ｇ | D15: 10 | E15: 本 | F15: 185 | G15: =D15*F15 -> 1850 | H15: 0.1 | J15: 経口補水ゼリー | K15: OS-1 200ｇ | L15: 10 | M15: 本 | N15: 185 | O15: =L15*N15 -> 1850 | P15: 0.1 | R15: 経口補水ゼリー | S15: OS-1 200ｇ | T15: 10 | U15: 本 | V15: 185 | W15: =T15*V15 -> 1850 | X15: 0.1 | Z15: 経口補水ゼリー | AA15: OS-1 200ｇ | AB15: 10 | AC15: 本 | AD15: 185 | AE15: =AB15*AD15 -> 1850 | AF15: 0.1 | AH15: 経口補水ゼリー | AI15: OS-1 200ｇ | AJ15: 10 | AK15: 本 | AL15: 185 | AM15: =AJ15*AL15 -> 1850 | AN15: 0.1 | AO15: 小計 | AU15: =SUM(AU13:AU14) -> 434357
B16: アイスノン | C16: 大 | D16: 3 | E16: 個 | F16: 1600 | G16: =D16*F16 -> 4800 | H16: 0.1 | J16: アイスノン | K16: 大 | L16: 3 | M16: 個 | N16: 1600 | O16: =L16*N16 -> 4800 | P16: 0.1 | R16: アイスノン | S16: 大 | T16: 3 | U16: 個 | V16: 1600 | W16: =T16*V16 -> 4800 | X16: 0.1 | Z16: アイスノン | AA16: 大 | AB16: 3 | AC16: 個 | AD16: 1600 | AE16: =AB16*AD16 -> 4800 | AF16: 0.1 | AH16: アイスノン | AI16: 大 | AJ16: 3 | AK16: 個 | AL16: 1600 | AM16: =AJ16*AL16 -> 4800 | AN16: 0.1 | AT16: 消費税 | AU16: =AU15*0.1 -> 43435.7
B17: 保冷剤 | C17: ５００ｇ | D17: 2 | E17: 個 | F17: 600 | G17: =D17*F17 -> 1200 | H17: 0.1 | J17: 保冷剤 | K17: ５００ｇ | L17: 2 | M17: 個 | N17: 600 | O17: =L17*N17 -> 1200 | P17: 0.1 | R17: 保冷剤 | S17: ５００ｇ | T17: 2 | U17: 個 | V17: 600 | W17: =T17*V17 -> 1200 | X17: 0.1 | Z17: 保冷剤 | AA17: ５００ｇ | AB17: 2 | AC17: 個 | AD17: 600 | AE17: =AB17*AD17 -> 1200 | AF17: 0.1 | AH17: 保冷剤 | AI17: ５００ｇ | AJ17: 2 | AK17: 個 | AL17: 600 | AM17: =AJ17*AL17 -> 1200 | AN17: 0.1 | AT17: 合計 | AU17: =SUM(AU15:AU16) -> 477792.7
B18: 瞬間冷却パック | D18: 10 | E18: 個 | F18: 150 | G18: =D18*F18 -> 1500 | H18: 0.1 | J18: 瞬間冷却パック | L18: 10 | M18: 個 | N18: 150 | O18: =L18*N18 -> 1500 | P18: 0.1 | R18: 瞬間冷却パック | T18: 10 | U18: 個 | V18: 150 | W18: =T18*V18 -> 1500 | X18: 0.1 | Z18: 瞬間冷却パック | AB18: 10 | AC18: 個 | AD18: 150 | AE18: =AB18*AD18 -> 1500 | AF18: 0.1 | AH18: 瞬間冷却パック | AJ18: 10 | AK18: 個 | AL18: 150 | AM18: =AJ18*AL18 -> 1500 | AN18: 0.1
B19: 氷 | D19: 4 | E19: 貫 | F19: 700 | G19: =D19*F19 -> 2800 | H19: 0.1 | J19: 氷 | L19: 4 | M19: 貫 | N19: 700 | O19: =L19*N19 -> 2800 | P19: 0.1 | R19: 氷 | T19: 4 | U19: 貫 | V19: 700 | W19: =T19*V19 -> 2800 | X19: 0.1 | Z19: 氷 | AB19: 4 | AC19: 貫 | AD19: 700 | AE19: =AB19*AD19 -> 2800 | AF19: 0.1 | AH19: 氷 | AJ19: 2 | AK19: 貫 | AL19: 700 | AM19: =AJ19*AL19 -> 1400 | AN19: 0.1
B20: ドライアイス | D20: 4 | E20: ｋｇ | F20: 700 | G20: =D20*F20 -> 2800 | H20: 0.1 | J20: ドライアイス | L20: 4 | M20: ｋｇ | N20: 700 | O20: =L20*N20 -> 2800 | P20: 0.1 | R20: ドライアイス | T20: 4 | U20: ｋｇ | V20: 700 | W20: =T20*V20 -> 2800 | X20: 0.1 | Z20: ドライアイス | AB20: 4 | AC20: ｋｇ | AD20: 700 | AE20: =AB20*AD20 -> 2800 | AF20: 0.1 | AH20: ドライアイス | AJ20: 4 | AK20: ｋｇ | AL20: 700 | AM20: =AJ20*AL20 -> 2800 | AN20: 0.1
B21: 毛布 | D21: 2 | E21: 枚 | F21: 1500 | G21: =D21*F21 -> 3000 | H21: 0.1 | J21: 毛布 | L21: 1 | M21: 枚 | N21: 1500 | O21: =L21*N21 -> 1500 | P21: 0.1 | R21: 毛布 | T21: 1 | U21: 枚 | V21: 1500 | W21: =T21*V21 -> 1500 | X21: 0.1 | Z21: 毛布 | AB21: 1 | AC21: 枚 | AD21: 1500 | AE21: =AB21*AD21 -> 1500 | AF21: 0.1 | AH21: 毛布 | AJ21: 1 | AK21: 枚 | AL21: 1500 | AM21: =AJ21*AL21 -> 1500 | AN21: 0.1
B22: タオルケット | D22: 2 | E22: 枚 | F22: 1500 | G22: =D22*F22 -> 3000 | H22: 0.1 | J22: タオルケット | L22: 2 | M22: 枚 | N22: 1500 | O22: =L22*N22 -> 3000 | P22: 0.1 | R22: タオルケット | T22: 2 | U22: 枚 | V22: 1500 | W22: =T22*V22 -> 3000 | X22: 0.1 | Z22: タオルケット | AB22: 2 | AC22: 枚 | AD22: 1500 | AE22: =AB22*AD22 -> 3000 | AF22: 0.1 | AH22: タオルケット | AJ22: 2 | AK22: 枚 | AL22: 1500 | AM22: =AJ22*AL22 -> 3000 | AN22: 0.1
B23: 大判バスタオル | D23: 2 | E23: 枚 | F23: 800 | G23: =D23*F23 -> 1600 | H23: 0.1 | J23: 大判バスタオル | L23: 2 | M23: 枚 | N23: 800 | O23: =L23*N23 -> 1600 | P23: 0.1 | R23: 大判バスタオル | T23: 2 | U23: 枚 | V23: 800 | W23: =T23*V23 -> 1600 | X23: 0.1 | Z23: 大判バスタオル | AB23: 2 | AC23: 枚 | AD23: 800 | AE23: =AB23*AD23 -> 1600 | AF23: 0.1 | AH23: 大判バスタオル | AJ23: 2 | AK23: 枚 | AL23: 800 | AM23: =AJ23*AL23 -> 1600 | AN23: 0.1
B24: バスタオル | D24: 2 | E24: 枚 | F24: 800 | G24: =D24*F24 -> 1600 | H24: 0.1 | J24: バスタオル | L24: 2 | M24: 枚 | N24: 800 | O24: =L24*N24 -> 1600 | P24: 0.1 | R24: バスタオル | T24: 2 | U24: 枚 | V24: 800 | W24: =T24*V24 -> 1600 | X24: 0.1 | Z24: バスタオル | AB24: 2 | AC24: 枚 | AD24: 800 | AE24: =AB24*AD24 -> 1600 | AF24: 0.1 | AH24: バスタオル | AJ24: 2 | AK24: 枚 | AL24: 800 | AM24: =AJ24*AL24 -> 1600 | AN24: 0.1
B25: フェイスタオル | D25: 4 | E25: 枚 | F25: 180 | G25: =D25*F25 -> 720 | H25: 0.1 | J25: フェイスタオル | L25: 4 | M25: 枚 | N25: 180 | O25: =L25*N25 -> 720 | P25: 0.1 | R25: フェイスタオル | T25: 4 | U25: 枚 | V25: 180 | W25: =T25*V25 -> 720 | X25: 0.1 | Z25: フェイスタオル | AB25: 4 | AC25: 枚 | AD25: 180 | AE25: =AB25*AD25 -> 720 | AF25: 0.1 | AH25: フェイスタオル | AJ25: 4 | AK25: 枚 | AL25: 180 | AM25: =AJ25*AL25 -> 720 | AN25: 0.1
B26: ティッシュ | D26: 1 | E26: 箱 | F26: 120 | G26: =D26*F26 -> 120 | H26: 0.1 | J26: ティッシュ | L26: 1 | M26: 箱 | N26: 120 | O26: =L26*N26 -> 120 | P26: 0.1 | R26: ティッシュ | T26: 1 | U26: 箱 | V26: 120 | W26: =T26*V26 -> 120 | X26: 0.1 | Z26: ティッシュ | AB26: 1 | AC26: 箱 | AD26: 120 | AE26: =AB26*AD26 -> 120 | AF26: 0.1 | AH26: ティッシュ | AJ26: 1 | AK26: 箱 | AL26: 120 | AM26: =AJ26*AL26 -> 120 | AN26: 0.1
B27: ペーパータオル | D27: 1 | E27: 箱 | F27: 120 | G27: =D27*F27 -> 120 | H27: 0.1 | J27: ペーパータオル | L27: 1 | M27: 箱 | N27: 120 | O27: =L27*N27 -> 120 | P27: 0.1 | R27: ペーパータオル | T27: 1 | U27: 箱 | V27: 120 | W27: =T27*V27 -> 120 | X27: 0.1 | Z27: ペーパータオル | AB27: 1 | AC27: 箱 | AD27: 120 | AE27: =AB27*AD27 -> 120 | AF27: 0.1 | AH27: ペーパータオル | AJ27: 1 | AK27: 箱 | AL27: 120 | AM27: =AJ27*AL27 -> 120 | AN27: 0.1
B28: 除菌ペーパー | D28: 1 | E28: 箱 | F28: 160 | G28: =D28*F28 -> 160 | H28: 0.1 | J28: 除菌ペーパー | L28: 1 | M28: 箱 | N28: 160 | O28: =L28*N28 -> 160 | P28: 0.1 | R28: 除菌ペーパー | T28: 1 | U28: 箱 | V28: 160 | W28: =T28*V28 -> 160 | X28: 0.1 | Z28: 除菌ペーパー | AB28: 1 | AC28: 箱 | AD28: 160 | AE28: =AB28*AD28 -> 160 | AF28: 0.1 | AH28: 除菌ペーパー | AJ28: 1 | AK28: 箱 | AL28: 160 | AM28: =AJ28*AL28 -> 160 | AN28: 0.1
B29: 介護用ビニール手袋（10双） | D29: 20 | F29: 40 | G29: =D29*F29 -> 800 | H29: 0.1 | J29: 介護用ビニール手袋（10双） | L29: 20 | N29: 40 | O29: =L29*N29 -> 800 | P29: 0.1 | R29: 介護用ビニール手袋（10双） | T29: 20 | V29: 40 | W29: =T29*V29 -> 800 | X29: 0.1 | Z29: 介護用ビニール手袋（10双） | AB29: 20 | AD29: 40 | AE29: =AB29*AD29 -> 800 | AF29: 0.1 | AH29: 介護用ビニール手袋（10双） | AJ29: 20 | AL29: 40 | AM29: =AJ29*AL29 -> 800 | AN29: 0.1
B30: 紙コップ（50個） | D30: 1 | E30: ケース | F30: 125 | G30: =D30*F30 -> 125 | H30: 0.1 | J30: 紙コップ（50個） | L30: 1 | M30: ケース | N30: 125 | O30: =L30*N30 -> 125 | P30: 0.1 | R30: 紙コップ（50個） | T30: 1 | U30: ケース | V30: 125 | W30: =T30*V30 -> 125 | X30: 0.1 | Z30: 紙コップ（50個） | AB30: 1 | AC30: ケース | AD30: 125 | AE30: =AB30*AD30 -> 125 | AF30: 0.1 | AH30: 紙コップ（50個） | AJ30: 1 | AK30: ケース | AL30: 125 | AM30: =AJ30*AL30 -> 125 | AN30: 0.1
B31: 生理用品 | E31: 個 | G31: =D31*F31 -> 0 | H31: 0.1 | J31: 生理用品 | M31: 個 | O31: =L31*N31 -> 0 | P31: 0.1 | R31: 生理用品 | U31: 個 | W31: =T31*V31 -> 0 | X31: 0.1 | Z31: 生理用品 | AC31: 個 | AE31: =AB31*AD31 -> 0 | AF31: 0.1 | AH31: 生理用品 | AK31: 個 | AM31: =AJ31*AL31 -> 0 | AN31: 0.1
B32: Tシャツ | E32: 枚 | G32: =D32*F32 -> 0 | H32: 0.1 | J32: Tシャツ | M32: 枚 | O32: =L32*N32 -> 0 | P32: 0.1 | R32: Tシャツ | U32: 枚 | W32: =T32*V32 -> 0 | X32: 0.1 | Z32: Tシャツ | AC32: 枚 | AE32: =AB32*AD32 -> 0 | AF32: 0.1 | AH32: Tシャツ | AK32: 枚 | AM32: =AJ32*AL32 -> 0 | AN32: 0.1
F33: 小計① | G33: =SUM(G5:G32) -> 123665 | O33: =SUM(O5:O32) -> 101365 | W33: =SUM(W5:W32) -> 101365 | AE33: =SUM(AE5:AE32) -> 101365 | AM33: =SUM(AM5:AM32) -> 99965
A34: ①業務用地-1 | I34: ⑤びわ湖ホール-2 | Q34: ⑤NTTDocomo-1 | Y34: ⑦びわ湖ホテル前-1 | AG34: ⑨マリーナ（おまつり広場）-1
A36: １ 業務用地② | I36: 3 びわ湖ホール② | Q36: 4 NTTDocomo② | Y36: ５ びわ湖ホテル前② | AG36: ６ マリーナ（おまつり広場）②
A37: 商 品 名 | C37: 仕 様 | D37: 数量 | F37: 単価 | G37: 合計 | H37: 税 | I37: 商 品 名 | K37: 仕 様 | L37: 数量 | N37: 単価 | O37: 合計 | P37: 税 | Q37: 商 品 名 | S37: 仕 様 | T37: 数量 | V37: 単価 | W37: 合計 | X37: 税 | Y37: 商 品 名 | AA37: 仕 様 | AB37: 数量 | AD37: 単価 | AE37: 合計 | AF37: 税 | AG37: 商 品 名 | AI37: 仕 様 | AJ37: 数量 | AL37: 単価 | AM37: 合計 | AN37: 税
B38: 軍手 | D38: 1 | E38: 双 | F38: 125 | G38: =D38*F38 -> 125 | H38: 0.1 | J38: 軍手 | L38: 1 | M38: 双 | N38: 125 | O38: =L38*N38 -> 125 | P38: 0.1 | R38: 軍手 | T38: 1 | U38: 双 | V38: 125 | W38: =T38*V38 -> 125 | X38: 0.1 | Z38: 軍手 | AB38: 1 | AC38: 双 | AD38: 125 | AE38: =AB38*AD38 -> 125 | AF38: 0.1 | AH38: 軍手 | AJ38: 1 | AK38: 双 | AL38: 125 | AM38: =AJ38*AL38 -> 125 | AN38: 0.1
B39: ラップ | D39: 1 | E39: 本 | F39: 125 | G39: =D39*F39 -> 125 | H39: 0.1 | J39: ラップ | L39: 1 | M39: 本 | N39: 125 | O39: =L39*N39 -> 125 | P39: 0.1 | R39: ラップ | T39: 1 | U39: 本 | V39: 125 | W39: =T39*V39 -> 125 | X39: 0.1 | Z39: ラップ | AB39: 1 | AC39: 本 | AD39: 125 | AE39: =AB39*AD39 -> 125 | AF39: 0.1 | AH39: ラップ | AJ39: 1 | AK39: 本 | AL39: 125 | AM39: =AJ39*AL39 -> 125 | AN39: 0.1
B40: 吐瀉用ビニール袋（20枚） | D40: 1 | E40: 袋 | F40: 125 | G40: =D40*F40 -> 125 | H40: 0.1 | J40: 吐瀉用ビニール袋（20枚） | L40: 1 | M40: 袋 | N40: 125 | O40: =L40*N40 -> 125 | P40: 0.1 | R40: 吐瀉用ビニール袋（20枚） | T40: 1 | U40: 袋 | V40: 125 | W40: =T40*V40 -> 125 | X40: 0.1 | Z40: 吐瀉用ビニール袋（20枚） | AB40: 1 | AC40: 袋 | AD40: 125 | AE40: =AB40*AD40 -> 125 | AF40: 0.1 | AH40: 吐瀉用ビニール袋（20枚） | AJ40: 1 | AK40: 袋 | AL40: 125 | AM40: =AJ40*AL40 -> 125 | AN40: 0.1
B41: ストロー（20本） | D41: 20 | E41: 本 | F41: 4 | G41: =D41*F41 -> 80 | H41: 0.1 | J41: ストロー（20本） | L41: 20 | M41: 本 | N41: 4 | O41: =L41*N41 -> 80 | P41: 0.1 | R41: ストロー（20本） | T41: 20 | U41: 本 | V41: 4 | W41: =T41*V41 -> 80 | X41: 0.1 | Z41: ストロー（20本） | AB41: 20 | AC41: 本 | AD41: 4 | AE41: =AB41*AD41 -> 80 | AF41: 0.1 | AH41: ストロー（20本） | AJ41: 20 | AK41: 本 | AL41: 4 | AM41: =AJ41*AL41 -> 80 | AN41: 0.1
A42: 救急箱 | B42: 三角巾 | D42: 1 | E42: 枚 | F42: 380 | G42: =D42*F42 -> 380 | H42: 0.1 | I42: 救急箱 | J42: 三角巾 | L42: 1 | M42: 枚 | N42: 380 | O42: =L42*N42 -> 380 | P42: 0.1 | Q42: 救急箱 | R42: 三角巾 | T42: 1 | U42: 枚 | V42: 380 | W42: =T42*V42 -> 380 | X42: 0.1 | Y42: 救急箱 | Z42: 三角巾 | AB42: 1 | AC42: 枚 | AD42: 380 | AE42: =AB42*AD42 -> 380 | AF42: 0.1 | AG42: 救急箱 | AH42: 三角巾 | AJ42: 1 | AK42: 枚 | AL42: 380 | AM42: =AJ42*AL42 -> 380 | AN42: 0.1
B43: マスク（20枚） | D43: 20 | E43: 枚 | F43: 20 | G43: =D43*F43 -> 400 | H43: 0.1 | J43: マスク（20枚） | L43: 20 | M43: 枚 | N43: 20 | O43: =L43*N43 -> 400 | P43: 0.1 | R43: マスク（20枚） | T43: 20 | U43: 枚 | V43: 20 | W43: =T43*V43 -> 400 | X43: 0.1 | Z43: マスク（20枚） | AB43: 20 | AC43: 枚 | AD43: 20 | AE43: =AB43*AD43 -> 400 | AF43: 0.1 | AH43: マスク（20枚） | AJ43: 20 | AK43: 枚 | AL43: 20 | AM43: =AJ43*AL43 -> 400 | AN43: 0.1
B44: ガーゼ | D44: 3 | E44: 枚 | F44: 120 | G44: =D44*F44 -> 360 | H44: 0.1 | J44: ガーゼ | L44: 3 | M44: 枚 | N44: 120 | O44: =L44*N44 -> 360 | P44: 0.1 | R44: ガーゼ | T44: 3 | U44: 枚 | V44: 120 | W44: =T44*V44 -> 360 | X44: 0.1 | Z44: ガーゼ | AB44: 3 | AC44: 枚 | AD44: 120 | AE44: =AB44*AD44 -> 360 | AF44: 0.1 | AH44: ガーゼ | AJ44: 3 | AK44: 枚 | AL44: 120 | AM44: =AJ44*AL44 -> 360 | AN44: 0.1
B45: 滅菌ガーゼ（M） | D45: 3 | E45: 枚 | F45: 40 | G45: =D45*F45 -> 120 | H45: 0.1 | J45: 滅菌ガーゼ（M） | L45: 3 | M45: 枚 | N45: 40 | O45: =L45*N45 -> 120 | P45: 0.1 | R45: 滅菌ガーゼ（M） | T45: 3 | U45: 枚 | V45: 40 | W45: =T45*V45 -> 120 | X45: 0.1 | Z45: 滅菌ガーゼ（M） | AB45: 3 | AC45: 枚 | AD45: 40 | AE45: =AB45*AD45 -> 120 | AF45: 0.1 | AH45: 滅菌ガーゼ（M） | AJ45: 3 | AK45: 枚 | AL45: 40 | AM45: =AJ45*AL45 -> 120 | AN45: 0.1
B46: 滅菌ガーゼ（L） | D46: 3 | E46: 枚 | F46: 38 | G46: =D46*F46 -> 114 | H46: 0.1 | J46: 滅菌ガーゼ（L） | L46: 3 | M46: 枚 | N46: 38 | O46: =L46*N46 -> 114 | P46: 0.1 | R46: 滅菌ガーゼ（L） | T46: 3 | U46: 枚 | V46: 38 | W46: =T46*V46 -> 114 | X46: 0.1 | Z46: 滅菌ガーゼ（L） | AB46: 3 | AC46: 枚 | AD46: 38 | AE46: =AB46*AD46 -> 114 | AF46: 0.1 | AH46: 滅菌ガーゼ（L） | AJ46: 3 | AK46: 枚 | AL46: 38 | AM46: =AJ46*AL46 -> 114 | AN46: 0.1
B47: ポアテープ | D47: 1 | E47: 本 | F47: 130 | G47: =D47*F47 -> 130 | H47: 0.1 | J47: ポアテープ | L47: 1 | M47: 本 | N47: 130 | O47: =L47*N47 -> 130 | P47: 0.1 | R47: ポアテープ | T47: 1 | U47: 本 | V47: 130 | W47: =T47*V47 -> 130 | X47: 0.1 | Z47: ポアテープ | AB47: 1 | AC47: 本 | AD47: 130 | AE47: =AB47*AD47 -> 130 | AF47: 0.1 | AH47: ポアテープ | AJ47: 1 | AK47: 本 | AL47: 130 | AM47: =AJ47*AL47 -> 130 | AN47: 0.1
B48: 消毒液 | D48: 1 | E48: 本 | F48: 130 | G48: =D48*F48 -> 130 | H48: 0.1 | J48: 消毒液 | L48: 1 | M48: 本 | N48: 130 | O48: =L48*N48 -> 130 | P48: 0.1 | R48: 消毒液 | T48: 1 | U48: 本 | V48: 130 | W48: =T48*V48 -> 130 | X48: 0.1 | Z48: 消毒液 | AB48: 1 | AC48: 本 | AD48: 130 | AE48: =AB48*AD48 -> 130 | AF48: 0.1 | AH48: 消毒液 | AJ48: 1 | AK48: 本 | AL48: 130 | AM48: =AJ48*AL48 -> 130 | AN48: 0.1
B49: ショットメン（10枚） | C49: 消毒用アルコール綿 | D49: 10 | E49: 枚 | F49: 10 | G49: =D49*F49 -> 100 | H49: 0.1 | J49: ショットメン（10枚） | K49: 消毒用アルコール綿 | L49: 10 | M49: 枚 | N49: 10 | O49: =L49*N49 -> 100 | P49: 0.1 | R49: ショットメン（10枚） | S49: 消毒用アルコール綿 | T49: 10 | U49: 枚 | V49: 10 | W49: =T49*V49 -> 100 | X49: 0.1 | Z49: ショットメン（10枚） | AA49: 消毒用アルコール綿 | AB49: 10 | AC49: 枚 | AD49: 10 | AE49: =AB49*AD49 -> 100 | AF49: 0.1 | AH49: ショットメン（10枚） | AI49: 消毒用アルコール綿 | AJ49: 10 | AK49: 枚 | AL49: 10 | AM49: =AJ49*AL49 -> 100 | AN49: 0.1
B50: 包帯 | D50: 3 | E50: 本 | F50: 125 | G50: =D50*F50 -> 375 | H50: 0.1 | J50: 包帯 | L50: 3 | M50: 本 | N50: 125 | O50: =L50*N50 -> 375 | P50: 0.1 | R50: 包帯 | T50: 3 | U50: 本 | V50: 125 | W50: =T50*V50 -> 375 | X50: 0.1 | Z50: 包帯 | AB50: 3 | AC50: 本 | AD50: 125 | AE50: =AB50*AD50 -> 375 | AF50: 0.1 | AH50: 包帯 | AJ50: 3 | AK50: 本 | AL50: 125 | AM50: =AJ50*AL50 -> 375 | AN50: 0.1
B51: バンドエイド | D51: 20 | E51: 枚 | F51: 125 | G51: =D51*F51 -> 2500 | H51: 0.1 | J51: バンドエイド | L51: 20 | M51: 枚 | N51: 125 | O51: =L51*N51 -> 2500 | P51: 0.1 | R51: バンドエイド | T51: 20 | U51: 枚 | V51: 125 | W51: =T51*V51 -> 2500 | X51: 0.1 | Z51: バンドエイド | AB51: 20 | AC51: 枚 | AD51: 125 | AE51: =AB51*AD51 -> 2500 | AF51: 0.1 | AH51: バンドエイド | AJ51: 20 | AK51: 枚 | AL51: 125 | AM51: =AJ51*AL51 -> 2500 | AN51: 0.1
B52: 人工呼吸用マスク | D52: 1 | E52: 枚 | F52: 380 | G52: =D52*F52 -> 380 | H52: 0.1 | J52: 人工呼吸用マスク | L52: 1 | M52: 枚 | N52: 380 | O52: =L52*N52 -> 380 | P52: 0.1 | R52: 人工呼吸用マスク | T52: 1 | U52: 枚 | V52: 380 | W52: =T52*V52 -> 380 | X52: 0.1 | Z52: 人工呼吸用マスク | AB52: 1 | AC52: 枚 | AD52: 380 | AE52: =AB52*AD52 -> 380 | AF52: 0.1 | AH52: 人工呼吸用マスク | AJ52: 1 | AK52: 枚 | AL52: 380 | AM52: =AJ52*AL52 -> 380 | AN52: 0.1
B53: 体温計 | D53: 1 | E53: 本 | F53: 900 | G53: =D53*F53 -> 900 | H53: 0.1 | J53: 体温計 | L53: 1 | M53: 本 | N53: 900 | O53: =L53*N53 -> 900 | P53: 0.1 | R53: 体温計 | T53: 1 | U53: 本 | V53: 900 | W53: =T53*V53 -> 900 | X53: 0.1 | Z53: 体温計 | AB53: 1 | AC53: 本 | AD53: 900 | AE53: =AB53*AD53 -> 900 | AF53: 0.1 | AH53: 体温計 | AJ53: 1 | AK53: 本 | AL53: 900 | AM53: =AJ53*AL53 -> 900 | AN53: 0.1
B54: ピンセット | D54: 1 | E54: 本 | F54: 125 | G54: =D54*F54 -> 125 | H54: 0.1 | J54: ピンセット | L54: 1 | M54: 本 | N54: 125 | O54: =L54*N54 -> 125 | P54: 0.1 | R54: ピンセット | T54: 1 | U54: 本 | V54: 125 | W54: =T54*V54 -> 125 | X54: 0.1 | Z54: ピンセット | AB54: 1 | AC54: 本 | AD54: 125 | AE54: =AB54*AD54 -> 125 | AF54: 0.1 | AH54: ピンセット | AJ54: 1 | AK54: 本 | AL54: 125 | AM54: =AJ54*AL54 -> 125 | AN54: 0.1
B55: はさみ | D55: 1 | E55: 本 | F55: 125 | G55: =D55*F55 -> 125 | H55: 0.1 | J55: はさみ | L55: 1 | M55: 本 | N55: 125 | O55: =L55*N55 -> 125 | P55: 0.1 | R55: はさみ | T55: 1 | U55: 本 | V55: 125 | W55: =T55*V55 -> 125 | X55: 0.1 | Z55: はさみ | AB55: 1 | AC55: 本 | AD55: 125 | AE55: =AB55*AD55 -> 125 | AF55: 0.1 | AH55: はさみ | AJ55: 1 | AK55: 本 | AL55: 125 | AM55: =AJ55*AL55 -> 125 | AN55: 0.1
B56: 綿棒（20本） | D56: 20 | E56: 本 | F56: 3 | G56: =D56*F56 -> 60 | H56: 0.1 | J56: 綿棒（20本） | L56: 20 | M56: 本 | N56: 3 | O56: =L56*N56 -> 60 | P56: 0.1 | R56: 綿棒（20本） | T56: 20 | U56: 本 | V56: 3 | W56: =T56*V56 -> 60 | X56: 0.1 | Z56: 綿棒（20本） | AB56: 20 | AC56: 本 | AD56: 3 | AE56: =AB56*AD56 -> 60 | AF56: 0.1 | AH56: 綿棒（20本） | AJ56: 20 | AK56: 本 | AL56: 3 | AM56: =AJ56*AL56 -> 60 | AN56: 0.1
B57: 冷却シート | D57: 2 | E57: 袋 | F57: 80 | G57: =D57*F57 -> 160 | H57: 0.1 | J57: 冷却シート | L57: 2 | M57: 袋 | N57: 80 | O57: =L57*N57 -> 160 | P57: 0.1 | R57: 冷却シート | T57: 2 | U57: 袋 | V57: 80 | W57: =T57*V57 -> 160 | X57: 0.1 | Z57: 冷却シート | AB57: 2 | AC57: 袋 | AD57: 80 | AE57: =AB57*AD57 -> 160 | AF57: 0.1 | AH57: 冷却シート | AJ57: 2 | AK57: 袋 | AL57: 80 | AM57: =AJ57*AL57 -> 160 | AN57: 0.1
B58: 虫刺され用品（ムヒ） | D58: 1 | E58: 本 | F58: 460 | G58: =D58*F58 -> 460 | H58: 0.1 | J58: 虫刺され用品（ムヒ） | L58: 1 | M58: 本 | N58: 460 | O58: =L58*N58 -> 460 | P58: 0.1 | R58: 虫刺され用品（ムヒ） | T58: 1 | U58: 本 | V58: 460 | W58: =T58*V58 -> 460 | X58: 0.1 | Z58: 虫刺され用品（ムヒ） | AB58: 1 | AC58: 本 | AD58: 460 | AE58: =AB58*AD58 -> 460 | AF58: 0.1 | AH58: 虫刺され用品（ムヒ） | AJ58: 1 | AK58: 本 | AL58: 460 | AM58: =AJ58*AL58 -> 460 | AN58: 0.1
B59: パルスオキシメーター | D59: 1 | E59: 個 | F59: 2500 | G59: =D59*F59 -> 2500 | H59: 0.1 | J59: パルスオキシメーター | L59: 1 | M59: 個 | N59: 2500 | O59: =L59*N59 -> 2500 | P59: 0.1 | R59: パルスオキシメーター | T59: 1 | U59: 個 | V59: 2500 | W59: =T59*V59 -> 2500 | X59: 0.1 | Z59: パルスオキシメーター | AB59: 1 | AC59: 個 | AD59: 2500 | AE59: =AB59*AD59 -> 2500 | AF59: 0.1 | AH59: パルスオキシメーター | AJ59: 1 | AK59: 個 | AL59: 2500 | AM59: =AJ59*AL59 -> 2500 | AN59: 0.1
B60: アルミブランケット | D60: 2 | E60: 枚 | F60: 320 | G60: =D60*F60 -> 640 | H60: 0.1 | J60: アルミブランケット | L60: 2 | M60: 枚 | N60: 320 | O60: =L60*N60 -> 640 | P60: 0.1 | R60: アルミブランケット | T60: 2 | U60: 枚 | V60: 320 | W60: =T60*V60 -> 640 | X60: 0.1 | Z60: アルミブランケット | AB60: 2 | AC60: 枚 | AD60: 320 | AE60: =AB60*AD60 -> 640 | AF60: 0.1 | AH60: アルミブランケット | AJ60: 2 | AK60: 枚 | AL60: 320 | AM60: =AJ60*AL60 -> 640 | AN60: 0.1
B61: テント | C61: ３ｍワンタッチ | D61: 1 | E61: 個 | F61: 13200 | G61: =D61*F61 -> 13200 | H61: 0.1 | J61: テント | K61: ３ｍワンタッチ | L61: 1 | M61: 個 | N61: 13200 | O61: =L61*N61 -> 13200 | P61: 0.1 | R61: テント | S61: ３ｍワンタッチ | T61: 1 | U61: 個 | V61: 13200 | W61: =T61*V61 -> 13200 | X61: 0.1 | Z61: テント | AA61: ３ｍワンタッチ | AB61: 1 | AC61: 個 | AD61: 13200 | AE61: =AB61*AD61 -> 13200 | AF61: 0.1 | AH61: テント | AI61: ３ｍワンタッチ | AJ61: 1 | AK61: 個 | AL61: 13200 | AM61: =AJ61*AL61 -> 13200 | AN61: 0.1
B62: テーブル | D62: 1 | E62: 個 | F62: 1200 | G62: =D62*F62 -> 1200 | H62: 0.1 | J62: テーブル | L62: 1 | M62: 個 | N62: 1200 | O62: =L62*N62 -> 1200 | P62: 0.1 | R62: テーブル | T62: 1 | U62: 個 | V62: 1200 | W62: =T62*V62 -> 1200 | X62: 0.1 | Z62: テーブル | AB62: 1 | AC62: 個 | AD62: 1200 | AE62: =AB62*AD62 -> 1200 | AF62: 0.1 | AH62: テーブル | AJ62: 1 | AK62: 個 | AL62: 1200 | AM62: =AJ62*AL62 -> 1200 | AN62: 0.1
B63: 椅子 | D63: 4 | E63: 脚 | F63: 300 | G63: =D63*F63 -> 1200 | H63: 0.1 | J63: 椅子 | L63: 4 | M63: 脚 | N63: 300 | O63: =L63*N63 -> 1200 | P63: 0.1 | R63: 椅子 | T63: 4 | U63: 脚 | V63: 300 | W63: =T63*V63 -> 1200 | X63: 0.1 | Z63: 椅子 | AB63: 4 | AC63: 脚 | AD63: 300 | AE63: =AB63*AD63 -> 1200 | AF63: 0.1 | AH63: 椅子 | AJ63: 4 | AK63: 脚 | AL63: 300 | AM63: =AJ63*AL63 -> 1200 | AN63: 0.1
B64: 発電機 | D64: 1 | E64: 個 | F64: 6000 | G64: =D64*F64 -> 6000 | H64: 0.1 | J64: 発電機 | L64: 1 | M64: 個 | N64: 6000 | O64: =L64*N64 -> 6000 | P64: 0.1 | R64: 発電機 | T64: 1 | U64: 個 | V64: 6000 | W64: =T64*V64 -> 6000 | X64: 0.1 | Z64: 発電機 | AB64: 1 | AC64: 個 | AD64: 6000 | AE64: =AB64*AD64 -> 6000 | AF64: 0.1 | AH64: 発電機 | AJ64: 1 | AK64: 個 | AL64: 6000 | AM64: =AJ64*AL64 -> 6000 | AN64: 0.1
B65: スポットクーラー | D65: 一式 | F65: 14000 | G65: 14000 | H65: 0.1 | J65: スポットクーラー | L65: 一式 | N65: 14000 | O65: 14000 | P65: 0.1 | R65: スポットクーラー | T65: 一式 | V65: 14000 | W65: 14000 | X65: 0.1 | Z65: スポットクーラー | AB65: 一式 | AD65: 14000 | AE65: 14000 | AF65: 0.1 | AH65: スポットクーラー | AJ65: 一式 | AL65: 14000 | AM65: 14000 | AN65: 0.1
B66: コンセント工事 | D66: 一式 | F66: 8000 | G66: 8000 | H66: 0.1 | J66: コンセント工事 | L66: 一式 | N66: 8000 | O66: 8000 | P66: 0.1 | R66: コンセント工事 | T66: 一式 | V66: 8000 | W66: 8000 | X66: 0.1 | Z66: コンセント工事 | AB66: 一式 | AD66: 8000 | AE66: 8000 | AF66: 0.1 | AH66: コンセント工事 | AJ66: 一式 | AL66: 8000 | AM66: 8000 | AN66: 0.1
B67: 内部蛍光灯（配線含む） | D67: 一式 | F67: 5000 | G67: 5000 | H67: 0.1 | J67: 内部蛍光灯（配線含む） | L67: 一式 | N67: 5000 | O67: 5000 | P67: 0.1 | R67: 内部蛍光灯（配線含む） | T67: 一式 | V67: 5000 | W67: 5000 | X67: 0.1 | Z67: 内部蛍光灯（配線含む） | AB67: 一式 | AD67: 5000 | AE67: 5000 | AF67: 0.1 | AH67: 内部蛍光灯（配線含む） | AJ67: 一式 | AL67: 5000 | AM67: 5000 | AN67: 0.1
F68: 小計② | G68: =SUM(G38:G67) -> 59014 | N68: 小計② | O68: =SUM(O38:O67) -> 59014 | V68: 小計② | W68: =SUM(W38:W67) -> 59014 | AD68: 小計② | AE68: =SUM(AE38:AE67) -> 59014 | AL68: 小計② | AM68: =SUM(AM38:AM67) -> 59014
C69: ②業務用地-2 | F69: 合計 | G69: =G68+G33 -> 182679 | K69: ④びわ湖ホール前-2 | N69: 合計 | O69: =O68+O33 -> 160379 | S69: ⑥NTTDocomo-2 | V69: 合計 | W69: =W68+W33 -> 160379 | AA69: ⑧びわ湖ホテル前-2 | AD69: 合計 | AE69: =AE68+AE33 -> 160379 | AI69: ⑩マリーナ（おまつり広場）-2 | AL69: 合計 | AM69: =AM68+AM33 -> 158979

Sheet エイドステーション 
A1: エイドステーション設置及び備品（使用日8月6日）
A2: １ 業務用地① | I2: ３ びわ湖ホール① | Q2: ４ NTTDocomo① | Y2: ５ 琵琶湖ホテル前① | AG2: ６ マリーナ（おまつり広場）① | AO2: 7 本部付け
A3: 商 品 名 | C3: 仕 様 | D3: 数量 | F3: 単価 | G3: 合計 | H3: 税 | I3: 商 品 名 | K3: 仕 様 | L3: 数量 | N3: 単価 | O3: 合計 | P3: 税 | Q3: 商 品 名 | S3: 仕 様 | T3: 数量 | V3: 単価 | W3: 合計 | X3: 税 | Y3: 商 品 名 | AA3: 仕 様 | AB3: 数量 | AD3: 単価 | AE3: 合計 | AF3: 税 | AG3: 商 品 名 | AI3: 仕 様 | AJ3: 数量 | AL3: 単価 | AM3: 合計 | AN3: 税
B4: 救急救命士 | C4: 14:00～23:00 | D4: 9 | E4: 時間 | F4: 5200 | G4: =D4*F4 -> 46800 | H4: 0.1 | J4: 救急救命士 | K4: 17：00～22：00 | L4: 5 | M4: 時間 | N4: 5200 | O4: =L4*N4 -> 26000 | P4: 0.1 | R4: 救急救命士 | S4: 17：00～22：00 | T4: 5 | U4: 時間 | V4: 4920 | W4: =T4*V4 -> 24600 | X4: 0.1 | Z4: 救急救命士 | AA4: 17：00～22：00 | AB4: 5 | AC4: 時間 | AD4: 4920 | AE4: =AB4*AD4 -> 24600 | AF4: 0.1 | AH4: 救急救命士 | AI4: 17：00～22：00 | AJ4: 5 | AK4: 時間 | AL4: 4920 | AM4: =AJ4*AL4 -> 24600 | AN4: 0.1 | AO4: 商 品 名 | AQ4: 仕 様 | AR4: 数量 | AT4: 単価 | AU4: 合計 | AV4: 税
B5: ＡＥＤ | D5: 1 | E5: 個 | F5: 18000 | G5: =D5*F5 -> 18000 | H5: 0.1 | J5: ＡＥＤ | L5: 1 | M5: 個 | N5: 18000 | O5: =L5*N5 -> 18000 | P5: 0.1 | R5: ＡＥＤ | T5: 1 | U5: 個 | V5: 18000 | W5: =T5*V5 -> 18000 | X5: 0.1 | Z5: ＡＥＤ | AB5: 1 | AC5: 個 | AD5: 18000 | AE5: =AB5*AD5 -> 18000 | AF5: 0.1 | AH5: ＡＥＤ | AJ5: 1 | AK5: 個 | AL5: 18000 | AM5: =AJ5*AL5 -> 18000 | AN5: 0.1 | AP5: 救命救急士（応援・交代要員） | AR5: 9 | AS5: 時間 | AT5: 5200 | AU5: =AR5*AT5 -> 46800 | AV5: 0.1
B6: ナースバッグ | D6: 1 | E6: 個 | F6: 2000 | G6: =D6*F6 -> 2000 | H6: 0.1 | J6: ナースバッグ | L6: 1 | M6: 個 | N6: 2000 | O6: =L6*N6 -> 2000 | P6: 0.1 | R6: ナースバッグ | T6: 1 | U6: 個 | V6: 2000 | W6: =T6*V6 -> 2000 | X6: 0.1 | Z6: ナースバッグ | AB6: 1 | AC6: 個 | AD6: 2000 | AE6: =AB6*AD6 -> 2000 | AF6: 0.1 | AH6: ナースバッグ | AJ6: 1 | AK6: 個 | AL6: 2000 | AM6: =AJ6*AL6 -> 2000 | AN6: 0.1 | AP6: 民間救急車（本部前） | AR6: 1 | AS6: 台 | AT6: 32000 | AU6: =AR6*AT6 -> 32000 | AV6: 0.1
B7: 血圧計 | D7: 1 | E7: 個 | F7: 2500 | G7: =D7*F7 -> 2500 | H7: 0.1 | J7: 血圧計 | L7: 1 | M7: 個 | N7: 2500 | O7: =L7*N7 -> 2500 | P7: 0.1 | R7: 血圧計 | T7: 1 | U7: 個 | V7: 2500 | W7: =T7*V7 -> 2500 | X7: 0.1 | Z7: 血圧計 | AB7: 1 | AC7: 個 | AD7: 2500 | AE7: =AB7*AD7 -> 2500 | AF7: 0.1 | AH7: 血圧計 | AJ7: 1 | AK7: 個 | AL7: 2500 | AM7: =AJ7*AL7 -> 2500 | AN7: 0.1 | AP7: 交通費 | AR7: 一式 | AT7: 21000 | AU7: 21000 | AV7: 0.1
B8: 担架 | D8: 1 | E8: 個 | F8: 5200 | G8: =D8*F8 -> 5200 | H8: 0.1 | J8: 担架 | L8: 1 | M8: 個 | N8: 5200 | O8: =L8*N8 -> 5200 | P8: 0.1 | R8: 担架 | T8: 1 | U8: 個 | V8: 5200 | W8: =T8*V8 -> 5200 | X8: 0.1 | Z8: 担架 | AB8: 1 | AC8: 個 | AD8: 5200 | AE8: =AB8*AD8 -> 5200 | AF8: 0.1 | AH8: 担架 | AJ8: 1 | AK8: 個 | AL8: 5200 | AM8: =AJ8*AL8 -> 5200 | AN8: 0.1 | AT8: 本部付け小計 | AU8: =SUM(AU5:AU7) -> 99800
B9: 折りたたみベッド | D9: 1 | E9: 個 | F9: 3000 | G9: =D9*F9 -> 3000 | H9: 0.1 | J9: 折りたたみベッド | L9: 1 | M9: 個 | N9: 3000 | O9: =L9*N9 -> 3000 | P9: 0.1 | R9: 折りたたみベッド | T9: 1 | U9: 個 | V9: 3600 | W9: =T9*V9 -> 3600 | X9: 0.1 | Z9: 折りたたみベッド | AB9: 1 | AC9: 個 | AD9: 3600 | AE9: =AB9*AD9 -> 3600 | AF9: 0.1 | AH9: 折りたたみベッド | AJ9: 1 | AK9: 個 | AL9: 3600 | AM9: =AJ9*AL9 -> 3600 | AN9: 0.1
B10: スポットクーラー | D10: 1 | E10: 個 | F10: 14000 | G10: =D10*F10 -> 14000 | H10: 0.1 | J10: スポットクーラー | L10: 1 | M10: 個 | N10: 14000 | O10: =L10*N10 -> 14000 | P10: 0.1 | R10: スポットクーラー | T10: 1 | U10: 個 | V10: 14000 | W10: =T10*V10 -> 14000 | X10: 0.1 | Z10: スポットクーラー | AB10: 1 | AC10: 個 | AD10: 14000 | AE10: =AB10*AD10 -> 14000 | AF10: 0.1 | AH10: スポットクーラー | AJ10: 1 | AK10: 個 | AL10: 14000 | AM10: =AJ10*AL10 -> 14000 | AN10: 0.1
B11: クーラーボックス | D11: 2 | E11: 個 | F11: 4000 | G11: =D11*F11 -> 8000 | H11: 0.1 | J11: クーラーボックス | L11: 2 | M11: 個 | N11: 4000 | O11: =L11*N11 -> 8000 | P11: 0.1 | R11: クーラーボックス | T11: 2 | U11: 個 | V11: 4000 | W11: =T11*V11 -> 8000 | X11: 0.1 | Z11: クーラーボックス | AB11: 2 | AC11: 個 | AD11: 4000 | AE11: =AB11*AD11 -> 8000 | AF11: 0.1 | AH11: クーラーボックス | AJ11: 2 | AK11: 個 | AL11: 4000 | AM11: =AJ11*AL11 -> 8000 | AN11: 0.1
B12: 車椅子 | D12: 2 | E12: 個 | F12: 4000 | G12: =D12*F12 -> 8000 | H12: 0.1 | J12: 車椅子 | L12: 2 | M12: 個 | N12: 4000 | O12: =L12*N12 -> 8000 | P12: 0.1 | R12: 車椅子 | T12: 2 | U12: 個 | V12: 4000 | W12: =T12*V12 -> 8000 | X12: 0.1 | Z12: 車椅子 | AB12: 2 | AC12: 個 | AD12: 4000 | AE12: =AB12*AD12 -> 8000 | AF12: 0.1 | AH12: 車椅子 | AJ12: 2 | AK12: 個 | AL12: 4000 | AM12: =AJ12*AL12 -> 8000 | AN12: 0.1
B13: 水（ペットボトル） | C13: 550ml | D13: 24 | E13: 本 | F13: 80 | G13: =D13*F13 -> 1920 | H13: 0.1 | J13: 水（ペットボトル） | K13: 550ml | L13: 24 | M13: 本 | N13: 80 | O13: =L13*N13 -> 1920 | P13: 0.1 | R13: 水（ペットボトル） | S13: 550ml | T13: 24 | U13: 本 | V13: 80 | W13: =T13*V13 -> 1920 | X13: 0.1 | Z13: 水（ペットボトル） | AA13: 550ml | AB13: 24 | AC13: 本 | AD13: 80 | AE13: =AB13*AD13 -> 1920 | AF13: 0.1 | AH13: 水（ペットボトル） | AI13: 550ml | AJ13: 24 | AK13: 本 | AL13: 80 | AM13: =AJ13*AL13 -> 1920 | AN13: 0.1 | AT13: 備品計 | AU13: =G66+O66+W66+AE66+AM66 -> 793504
B14: 経口補水液（ペットボトル） | C14: OS-1 50０ｍｌ | D14: 10 | E14: 本 | F14: 205 | G14: =D14*F14 -> 2050 | H14: 0.1 | J14: 経口補水液（ペットボトル） | K14: OS-1 50０ｍｌ | L14: 10 | M14: 本 | N14: 205 | O14: =L14*N14 -> 2050 | P14: 0.1 | R14: 経口補水液（ペットボトル） | S14: OS-1 50０ｍｌ | T14: 10 | U14: 本 | V14: 205 | W14: =T14*V14 -> 2050 | X14: 0.1 | Z14: 経口補水液（ペットボトル） | AA14: OS-1 50０ｍｌ | AB14: 10 | AC14: 本 | AD14: 205 | AE14: =AB14*AD14 -> 2050 | AF14: 0.1 | AH14: 経口補水液（ペットボトル） | AI14: OS-1 50０ｍｌ | AJ14: 10 | AK14: 本 | AL14: 205 | AM14: =AJ14*AL14 -> 2050 | AN14: 0.1 | AT14: 諸経費10％ | AU14: =AU13*0.1 -> 79350.4
B15: 経口補水ゼリー | C15: OS-1 200ｇ | D15: 10 | E15: 本 | F15: 185 | G15: =D15*F15 -> 1850 | H15: 0.1 | J15: 経口補水ゼリー | K15: OS-1 200ｇ | L15: 10 | M15: 本 | N15: 185 | O15: =L15*N15 -> 1850 | P15: 0.1 | R15: 経口補水ゼリー | S15: OS-1 200ｇ | T15: 10 | U15: 本 | V15: 185 | W15: =T15*V15 -> 1850 | X15: 0.1 | Z15: 経口補水ゼリー | AA15: OS-1 200ｇ | AB15: 10 | AC15: 本 | AD15: 185 | AE15: =AB15*AD15 -> 1850 | AF15: 0.1 | AH15: 経口補水ゼリー | AI15: OS-1 200ｇ | AJ15: 10 | AK15: 本 | AL15: 185 | AM15: =AJ15*AL15 -> 1850 | AN15: 0.1 | AO15: 小計 | AU15: =SUM(AU13:AU14) -> 872854.4
B16: アイスノン | C16: 大 | D16: 3 | E16: 個 | F16: 1600 | G16: =D16*F16 -> 4800 | H16: 0.1 | J16: アイスノン | K16: 大 | L16: 3 | M16: 個 | N16: 1600 | O16: =L16*N16 -> 4800 | P16: 0.1 | R16: アイスノン | S16: 大 | T16: 3 | U16: 個 | V16: 1600 | W16: =T16*V16 -> 4800 | X16: 0.1 | Z16: アイスノン | AA16: 大 | AB16: 3 | AC16: 個 | AD16: 1600 | AE16: =AB16*AD16 -> 4800 | AF16: 0.1 | AH16: アイスノン | AI16: 大 | AJ16: 3 | AK16: 個 | AL16: 1600 | AM16: =AJ16*AL16 -> 4800 | AN16: 0.1 | AT16: 消費税 | AU16: =AU15*0.1 -> 87285.44
B17: 保冷剤 | C17: ５００ｇ | D17: 2 | E17: 個 | F17: 600 | G17: =D17*F17 -> 1200 | H17: 0.1 | J17: 保冷剤 | K17: ５００ｇ | L17: 2 | M17: 個 | N17: 600 | O17: =L17*N17 -> 1200 | P17: 0.1 | R17: 保冷剤 | S17: ５００ｇ | T17: 2 | U17: 個 | V17: 600 | W17: =T17*V17 -> 1200 | X17: 0.1 | Z17: 保冷剤 | AA17: ５００ｇ | AB17: 2 | AC17: 個 | AD17: 600 | AE17: =AB17*AD17 -> 1200 | AF17: 0.1 | AH17: 保冷剤 | AI17: ５００ｇ | AJ17: 2 | AK17: 個 | AL17: 600 | AM17: =AJ17*AL17 -> 1200 | AN17: 0.1 | AT17: 合計 | AU17: =SUM(AU15:AU16) -> 960139.84
B18: 瞬間冷却パック | D18: 10 | E18: 個 | F18: 150 | G18: =D18*F18 -> 1500 | H18: 0.1 | J18: 瞬間冷却パック | L18: 10 | M18: 個 | N18: 150 | O18: =L18*N18 -> 1500 | P18: 0.1 | R18: 瞬間冷却パック | T18: 10 | U18: 個 | V18: 150 | W18: =T18*V18 -> 1500 | X18: 0.1 | Z18: 瞬間冷却パック | AB18: 10 | AC18: 個 | AD18: 150 | AE18: =AB18*AD18 -> 1500 | AF18: 0.1 | AH18: 瞬間冷却パック | AJ18: 10 | AK18: 個 | AL18: 150 | AM18: =AJ18*AL18 -> 1500 | AN18: 0.1
B19: 氷 | D19: 4 | E19: 貫 | F19: 700 | G19: =D19*F19 -> 2800 | H19: 0.1 | J19: 氷 | L19: 4 | M19: 貫 | N19: 700 | O19: =L19*N19 -> 2800 | P19: 0.1 | R19: 氷 | T19: 4 | U19: 貫 | V19: 700 | W19: =T19*V19 -> 2800 | X19: 0.1 | Z19: 氷 | AB19: 4 | AC19: 貫 | AD19: 700 | AE19: =AB19*AD19 -> 2800 | AF19: 0.1 | AH19: 氷 | AJ19: 2 | AK19: 貫 | AL19: 700 | AM19: =AJ19*AL19 -> 1400 | AN19: 0.1
B20: ドライアイス | D20: 2 | E20: ｋｇ | F20: 700 | G20: =D20*F20 -> 1400 | H20: 0.1 | J20: ドライアイス | L20: 2 | M20: ｋｇ | N20: 700 | O20: =L20*N20 -> 1400 | P20: 0.1 | R20: ドライアイス | T20: 2 | U20: 個 | V20: 700 | W20: =T20*V20 -> 1400 | X20: 0.1 | Z20: ドライアイス | AB20: 2 | AC20: ｋｇ | AD20: 700 | AE20: =AB20*AD20 -> 1400 | AF20: 0.1 | AH20: ドライアイス | AJ20: 4 | AK20: 個 | AL20: 700 | AM20: =AJ20*AL20 -> 2800 | AN20: 0.1
B21: 毛布 | D21: 1 | E21: 枚 | F21: 1500 | G21: =D21*F21 -> 1500 | H21: 0.1 | J21: 毛布 | L21: 1 | M21: 枚 | N21: 1500 | O21: =L21*N21 -> 1500 | P21: 0.1 | R21: 毛布 | T21: 1 | U21: 枚 | V21: 1200 | W21: =T21*V21 -> 1200 | X21: 0.1 | Z21: 毛布 | AB21: 1 | AC21: 枚 | AD21: 1200 | AE21: =AB21*AD21 -> 1200 | AF21: 0.1 | AH21: 毛布 | AJ21: 1 | AK21: 枚 | AL21: 1200 | AM21: =AJ21*AL21 -> 1200 | AN21: 0.1
B22: タオルケット | D22: 2 | E22: 枚 | F22: 1500 | G22: =D22*F22 -> 3000 | H22: 0.1 | J22: タオルケット | L22: 2 | M22: 枚 | N22: 1500 | O22: =L22*N22 -> 3000 | P22: 0.1 | R22: タオルケット | T22: 2 | U22: 枚 | V22: 800 | W22: =T22*V22 -> 1600 | X22: 0.1 | Z22: タオルケット | AB22: 2 | AC22: 枚 | AD22: 800 | AE22: =AB22*AD22 -> 1600 | AF22: 0.1 | AH22: タオルケット | AJ22: 2 | AK22: 枚 | AL22: 800 | AM22: =AJ22*AL22 -> 1600 | AN22: 0.1
B23: 大判バスタオル | D23: 2 | E23: 枚 | F23: 800 | G23: =D23*F23 -> 1600 | H23: 0.1 | J23: 大判バスタオル | L23: 2 | M23: 枚 | N23: 800 | O23: =L23*N23 -> 1600 | P23: 0.1 | R23: 大判バスタオル | T23: 2 | U23: 枚 | V23: 600 | W23: =T23*V23 -> 1200 | X23: 0.1 | Z23: 大判バスタオル | AB23: 2 | AC23: 枚 | AD23: 600 | AE23: =AB23*AD23 -> 1200 | AF23: 0.1 | AH23: 大判バスタオル | AJ23: 2 | AK23: 枚 | AL23: 600 | AM23: =AJ23*AL23 -> 1200 | AN23: 0.1
B24: バスタオル | D24: 2 | E24: 枚 | F24: 800 | G24: =D24*F24 -> 1600 | H24: 0.1 | J24: バスタオル | L24: 2 | M24: 枚 | N24: 800 | O24: =L24*N24 -> 1600 | P24: 0.1 | R24: バスタオル | T24: 2 | U24: 枚 | V24: 600 | W24: =T24*V24 -> 1200 | X24: 0.1 | Z24: バスタオル | AB24: 2 | AC24: 枚 | AD24: 600 | AE24: =AB24*AD24 -> 1200 | AF24: 0.1 | AH24: バスタオル | AJ24: 2 | AK24: 枚 | AL24: 600 | AM24: =AJ24*AL24 -> 1200 | AN24: 0.1
B25: フェイスタオル | D25: 4 | E25: 枚 | F25: 180 | G25: =D25*F25 -> 720 | H25: 0.1 | J25: フェイスタオル | L25: 4 | M25: 枚 | N25: 180 | O25: =L25*N25 -> 720 | P25: 0.1 | R25: フェイスタオル | T25: 4 | U25: 枚 | V25: 160 | W25: =T25*V25 -> 640 | X25: 0.1 | Z25: フェイスタオル | AB25: 4 | AC25: 枚 | AD25: 160 | AE25: =AB25*AD25 -> 640 | AF25: 0.1 | AH25: フェイスタオル | AJ25: 4 | AK25: 枚 | AL25: 160 | AM25: =AJ25*AL25 -> 640 | AN25: 0.1
B26: ティッシュ | D26: 1 | E26: 箱 | F26: 120 | G26: =D26*F26 -> 120 | H26: 0.1 | J26: ティッシュ | L26: 1 | M26: 箱 | N26: 250 | O26: =L26*N26 -> 250 | P26: 0.1 | R26: ティッシュ | T26: 1 | U26: 箱 | V26: 250 | W26: =T26*V26 -> 250 | X26: 0.1 | Z26: ティッシュ | AB26: 1 | AC26: 箱 | AD26: 250 | AE26: =AB26*AD26 -> 250 | AF26: 0.1 | AH26: ティッシュ | AJ26: 1 | AK26: 箱 | AL26: 250 | AM26: =AJ26*AL26 -> 250 | AN26: 0.1
B27: ペーパータオル | D27: 1 | E27: 箱 | F27: 120 | G27: =D27*F27 -> 120 | H27: 0.1 | J27: ペーパータオル | L27: 1 | M27: 箱 | N27: 151 | O27: =L27*N27 -> 151 | P27: 0.1 | R27: ペーパータオル | T27: 1 | U27: 箱 | V27: 151 | W27: =T27*V27 -> 151 | X27: 0.1 | Z27: ペーパータオル | AB27: 1 | AC27: 箱 | AD27: 151 | AE27: =AB27*AD27 -> 151 | AF27: 0.1 | AH27: ペーパータオル | AJ27: 1 | AK27: 箱 | AL27: 151 | AM27: =AJ27*AL27 -> 151 | AN27: 0.1
B28: 除菌ペーパー | D28: 1 | E28: 箱 | F28: 160 | G28: =D28*F28 -> 160 | H28: 0.1 | J28: 除菌ペーパー | L28: 1 | M28: 箱 | N28: 125 | O28: =L28*N28 -> 125 | P28: 0.1 | R28: 除菌ペーパー | T28: 1 | U28: 箱 | V28: 125 | W28: =T28*V28 -> 125 | X28: 0.1 | Z28: 除菌ペーパー | AB28: 1 | AC28: 箱 | AD28: 125 | AE28: =AB28*AD28 -> 125 | AF28: 0.1 | AH28: 除菌ペーパー | AJ28: 1 | AK28: 箱 | AL28: 125 | AM28: =AJ28*AL28 -> 125 | AN28: 0.1
B29: 介護用ビニール手袋（10双） | D29: 1 | E29: 袋 | F29: 125 | G29: =D29*F29 -> 125 | H29: 0.1 | J29: 介護用ビニール手袋（10双） | L29: 1 | M29: 袋 | N29: 125 | O29: =L29*N29 -> 125 | P29: 0.1 | R29: 介護用ビニール手袋（10双） | T29: 1 | U29: 袋 | V29: 125 | W29: =T29*V29 -> 125 | X29: 0.1 | Z29: 介護用ビニール手袋（10双） | AB29: 1 | AC29: 袋 | AD29: 125 | AE29: =AB29*AD29 -> 125 | AF29: 0.1 | AH29: 介護用ビニール手袋（10双） | AJ29: 1 | AK29: 袋 | AL29: 125 | AM29: =AJ29*AL29 -> 125 | AN29: 0.1
B30: 紙コップ（50個） | D30: 1 | E30: ケース | F30: 125 | G30: =D30*F30 -> 125 | H30: 0.1 | J30: 紙コップ（50個） | L30: 1 | M30: ケース | N30: 125 | O30: =L30*N30 -> 125 | P30: 0.1 | R30: 紙コップ（50個） | T30: 1 | U30: ケース | V30: 125 | W30: =T30*V30 -> 125 | X30: 0.1 | Z30: 紙コップ（50個） | AB30: 1 | AC30: ケース | AD30: 125 | AE30: =AB30*AD30 -> 125 | AF30: 0.1 | AH30: 紙コップ（50個） | AJ30: 1 | AK30: ケース | AL30: 125 | AM30: =AJ30*AL30 -> 125 | AN30: 0.1
B31: 生理用品 | E31: 個 | G31: =D31*F31 -> 0 | H31: 0.1 | J31: 生理用品 | M31: 個 | O31: =L31*N31 -> 0 | P31: 0.1 | R31: 生理用品 | U31: 個 | W31: =T31*V31 -> 0 | X31: 0.1 | Z31: 生理用品 | AC31: 個 | AE31: =AB31*AD31 -> 0 | AF31: 0.1 | AH31: 生理用品 | AK31: 個 | AM31: =AJ31*AL31 -> 0 | AN31: 0.1
B32: Tシャツ | E32: 枚 | G32: =D32*F32 -> 0 | H32: 0.1 | J32: Tシャツ | M32: 枚 | O32: =L32*N32 -> 0 | P32: 0.1 | R32: Tシャツ | U32: 枚 | W32: =T32*V32 -> 0 | X32: 0.1 | Z32: Tシャツ | AC32: 枚 | AE32: =AB32*AD32 -> 0 | AF32: 0.1 | AH32: Tシャツ | AK32: 枚 | AM32: =AJ32*AL32 -> 0 | AN32: 0.1
A33: ①業務用地-1 | I33: ⑤びわ湖ホール-1 | Q33: ⑤NTTDocomo-1 | Y33: ⑦びわ湖ホテル前-1 | AG33: ⑨マリーナ（おまつり広場）-1
A35: １ 業務用地② | I35: 3 びわ湖ホール② | Q35: 4 NTTDocomo② | Y35: ５ びわ湖ホテル前② | AG35: ６ マリーナ（おまつり広場）②
A36: 商 品 名 | C36: 仕 様 | D36: 数量 | F36: 単価 | G36: 合計 | H36: 税 | I36: 商 品 名 | K36: 仕 様 | L36: 数量 | N36: 単価 | O36: 合計 | P36: 税 | Q36: 商 品 名 | S36: 仕 様 | T36: 数量 | V36: 単価 | W36: 合計 | X36: 税 | Y36: 商 品 名 | AA36: 仕 様 | AB36: 数量 | AD36: 単価 | AE36: 合計 | AF36: 税 | AG36: 商 品 名 | AI36: 仕 様 | AJ36: 数量 | AL36: 単価 | AM36: 合計 | AN36: 税
B37: 軍手 | D37: 1 | E37: 双 | F37: 125 | G37: =D37*F37 -> 125 | H37: 0.1 | J37: 軍手 | L37: 1 | M37: 双 | N37: 125 | O37: =L37*N37 -> 125 | P37: 0.1 | R37: 軍手 | T37: 1 | U37: 双 | V37: 125 | W37: =T37*V37 -> 125 | X37: 0.1 | Z37: 軍手 | AB37: 1 | AC37: 双 | AD37: 125 | AE37: =AB37*AD37 -> 125 | AF37: 0.1 | AH37: 軍手 | AJ37: 1 | AK37: 双 | AL37: 125 | AM37: =AJ37*AL37 -> 125 | AN37: 0.1
B38: ラップ | D38: 1 | E38: 本 | F38: 125 | G38: =D38*F38 -> 125 | H38: 0.1 | J38: ラップ | L38: 1 | M38: 本 | N38: 125 | O38: =L38*N38 -> 125 | P38: 0.1 | R38: ラップ | T38: 1 | U38: 本 | V38: 125 | W38: =T38*V38 -> 125 | X38: 0.1 | Z38: ラップ | AB38: 1 | AC38: 本 | AD38: 125 | AE38: =AB38*AD38 -> 125 | AF38: 0.1 | AH38: ラップ | AJ38: 1 | AK38: 本 | AL38: 125 | AM38: =AJ38*AL38 -> 125 | AN38: 0.1
B39: 吐瀉用ビニール袋（20枚） | D39: 1 | E39: 袋 | F39: 125 | G39: =D39*F39 -> 125 | H39: 0.1 | J39: 吐瀉用ビニール袋（20枚） | L39: 1 | M39: 袋 | N39: 125 | O39: =L39*N39 -> 125 | P39: 0.1 | R39: 吐瀉用ビニール袋（20枚） | T39: 1 | U39: 袋 | V39: 125 | W39: =T39*V39 -> 125 | X39: 0.1 | Z39: 吐瀉用ビニール袋（20枚） | AB39: 1 | AC39: 袋 | AD39: 125 | AE39: =AB39*AD39 -> 125 | AF39: 0.1 | AH39: 吐瀉用ビニール袋（20枚） | AJ39: 1 | AK39: 袋 | AL39: 125 | AM39: =AJ39*AL39 -> 125 | AN39: 0.1
B40: ストロー（20本） | D40: 1 | E40: 袋 | F40: 125 | G40: =D40*F40 -> 125 | H40: 0.1 | J40: ストロー（20本） | L40: 1 | M40: 袋 | N40: 125 | O40: =L40*N40 -> 125 | P40: 0.1 | R40: ストロー（20本） | T40: 1 | U40: 袋 | V40: 125 | W40: =T40*V40 -> 125 | X40: 0.1 | Z40: ストロー（20本） | AB40: 1 | AC40: 袋 | AD40: 125 | AE40: =AB40*AD40 -> 125 | AF40: 0.1 | AH40: ストロー（20本） | AJ40: 1 | AK40: 袋 | AL40: 125 | AM40: =AJ40*AL40 -> 125 | AN40: 0.1
A41: 救急箱 | B41: 三角巾 | D41: 1 | E41: 枚 | F41: 380 | G41: =D41*F41 -> 380 | H41: 0.1 | I41: 救急箱 | J41: 三角巾 | L41: 1 | M41: 枚 | N41: 380 | O41: =L41*N41 -> 380 | P41: 0.1 | Q41: 救急箱 | R41: 三角巾 | T41: 1 | U41: 枚 | V41: 380 | W41: =T41*V41 -> 380 | X41: 0.1 | Y41: 救急箱 | Z41: 三角巾 | AB41: 1 | AC41: 枚 | AD41: 380 | AE41: =AB41*AD41 -> 380 | AF41: 0.1 | AG41: 救急箱 | AH41: 三角巾 | AJ41: 1 | AK41: 枚 | AL41: 380 | AM41: =AJ41*AL41 -> 380 | AN41: 0.1
B42: マスク（20枚） | D42: 1 | E42: 袋 | F42: 200 | G42: =D42*F42 -> 200 | H42: 0.1 | J42: マスク（20枚） | L42: 1 | M42: 袋 | N42: 200 | O42: =L42*N42 -> 200 | P42: 0.1 | R42: マスク（20枚） | T42: 1 | U42: 袋 | V42: 200 | W42: =T42*V42 -> 200 | X42: 0.1 | Z42: マスク（20枚） | AB42: 1 | AC42: 袋 | AD42: 200 | AE42: =AB42*AD42 -> 200 | AF42: 0.1 | AH42: マスク（20枚） | AJ42: 1 | AK42: 袋 | AL42: 200 | AM42: =AJ42*AL42 -> 200 | AN42: 0.1
B43: ガーゼ | D43: 3 | E43: 枚 | F43: 120 | G43: =D43*F43 -> 360 | H43: 0.1 | J43: ガーゼ | L43: 3 | M43: 枚 | N43: 120 | O43: =L43*N43 -> 360 | P43: 0.1 | R43: ガーゼ | T43: 3 | U43: 枚 | V43: 120 | W43: =T43*V43 -> 360 | X43: 0.1 | Z43: ガーゼ | AB43: 3 | AC43: 枚 | AD43: 120 | AE43: =AB43*AD43 -> 360 | AF43: 0.1 | AH43: ガーゼ | AJ43: 3 | AK43: 枚 | AL43: 120 | AM43: =AJ43*AL43 -> 360 | AN43: 0.1
B44: 滅菌ガーゼ（M） | D44: 3 | E44: 枚 | F44: 40 | G44: =D44*F44 -> 120 | H44: 0.1 | J44: 滅菌ガーゼ（M） | L44: 3 | M44: 枚 | N44: 40 | O44: =L44*N44 -> 120 | P44: 0.1 | R44: 滅菌ガーゼ（M） | T44: 3 | U44: 枚 | V44: 40 | W44: =T44*V44 -> 120 | X44: 0.1 | Z44: 滅菌ガーゼ（M） | AB44: 3 | AC44: 枚 | AD44: 40 | AE44: =AB44*AD44 -> 120 | AF44: 0.1 | AH44: 滅菌ガーゼ（M） | AJ44: 3 | AK44: 枚 | AL44: 40 | AM44: =AJ44*AL44 -> 120 | AN44: 0.1
B45: 滅菌ガーゼ（L） | D45: 3 | E45: 枚 | F45: 40 | G45: =D45*F45 -> 120 | H45: 0.1 | J45: 滅菌ガーゼ（L） | L45: 3 | M45: 枚 | N45: 40 | O45: =L45*N45 -> 120 | P45: 0.1 | R45: 滅菌ガーゼ（L） | T45: 3 | U45: 枚 | V45: 40 | W45: =T45*V45 -> 120 | X45: 0.1 | Z45: 滅菌ガーゼ（L） | AB45: 3 | AC45: 枚 | AD45: 40 | AE45: =AB45*AD45 -> 120 | AF45: 0.1 | AH45: 滅菌ガーゼ（L） | AJ45: 3 | AK45: 枚 | AL45: 40 | AM45: =AJ45*AL45 -> 120 | AN45: 0.1
B46: ポアテープ | D46: 1 | E46: 本 | F46: 125 | G46: =D46*F46 -> 125 | H46: 0.1 | J46: ポアテープ | L46: 1 | M46: 本 | N46: 125 | O46: =L46*N46 -> 125 | P46: 0.1 | R46: ポアテープ | T46: 1 | U46: 本 | V46: 125 | W46: =T46*V46 -> 125 | X46: 0.1 | Z46: ポアテープ | AB46: 1 | AC46: 本 | AD46: 125 | AE46: =AB46*AD46 -> 125 | AF46: 0.1 | AH46: ポアテープ | AJ46: 1 | AK46: 本 | AL46: 125 | AM46: =AJ46*AL46 -> 125 | AN46: 0.1
B47: 消毒液 | D47: 1 | E47: 本 | F47: 133 | G47: =D47*F47 -> 133 | H47: 0.1 | J47: 消毒液 | L47: 1 | M47: 本 | N47: 133 | O47: =L47*N47 -> 133 | P47: 0.1 | R47: 消毒液 | T47: 1 | U47: 本 | V47: 133 | W47: =T47*V47 -> 133 | X47: 0.1 | Z47: 消毒液 | AB47: 1 | AC47: 本 | AD47: 133 | AE47: =AB47*AD47 -> 133 | AF47: 0.1 | AH47: 消毒液 | AJ47: 1 | AK47: 本 | AL47: 133 | AM47: =AJ47*AL47 -> 133 | AN47: 0.1
B48: ショットメン（10枚） | C48: 消毒用アルコール綿 | D48: 1 | E48: 袋 | F48: 125 | G48: =D48*F48 -> 125 | H48: 0.1 | J48: ショットメン（10枚） | K48: 消毒用アルコール綿 | L48: 1 | M48: 袋 | N48: 125 | O48: =L48*N48 -> 125 | P48: 0.1 | R48: ショットメン（10枚） | S48: 消毒用アルコール綿 | T48: 1 | U48: 袋 | V48: 125 | W48: =T48*V48 -> 125 | X48: 0.1 | Z48: ショットメン（10枚） | AA48: 消毒用アルコール綿 | AB48: 1 | AC48: 袋 | AD48: 125 | AE48: =AB48*AD48 -> 125 | AF48: 0.1 | AH48: ショットメン（10枚） | AI48: 消毒用アルコール綿 | AJ48: 1 | AK48: 袋 | AL48: 125 | AM48: =AJ48*AL48 -> 125 | AN48: 0.1
B49: 包帯 | D49: 3 | E49: 本 | F49: 125 | G49: =D49*F49 -> 375 | H49: 0.1 | J49: 包帯 | L49: 3 | M49: 本 | N49: 125 | O49: =L49*N49 -> 375 | P49: 0.1 | R49: 包帯 | T49: 3 | U49: 本 | V49: 125 | W49: =T49*V49 -> 375 | X49: 0.1 | Z49: 包帯 | AB49: 3 | AC49: 本 | AD49: 125 | AE49: =AB49*AD49 -> 375 | AF49: 0.1 | AH49: 包帯 | AJ49: 3 | AK49: 本 | AL49: 125 | AM49: =AJ49*AL49 -> 375 | AN49: 0.1
B50: バンドエイド | D50: 1 | E50: 箱 | F50: 125 | G50: =D50*F50 -> 125 | H50: 0.1 | J50: バンドエイド | L50: 1 | M50: 箱 | N50: 125 | O50: =L50*N50 -> 125 | P50: 0.1 | R50: バンドエイド | T50: 1 | U50: 箱 | V50: 125 | W50: =T50*V50 -> 125 | X50: 0.1 | Z50: バンドエイド | AB50: 1 | AC50: 箱 | AD50: 125 | AE50: =AB50*AD50 -> 125 | AF50: 0.1 | AH50: バンドエイド | AJ50: 1 | AK50: 箱 | AL50: 125 | AM50: =AJ50*AL50 -> 125 | AN50: 0.1
B51: 人工呼吸用マスク | D51: 1 | E51: 枚 | F51: 380 | G51: =D51*F51 -> 380 | H51: 0.1 | J51: 人工呼吸用マスク | L51: 1 | M51: 枚 | N51: 380 | O51: =L51*N51 -> 380 | P51: 0.1 | R51: 人工呼吸用マスク | T51: 1 | U51: 枚 | V51: 380 | W51: =T51*V51 -> 380 | X51: 0.1 | Z51: 人工呼吸用マスク | AB51: 1 | AC51: 枚 | AD51: 380 | AE51: =AB51*AD51 -> 380 | AF51: 0.1 | AH51: 人工呼吸用マスク | AJ51: 1 | AK51: 枚 | AL51: 380 | AM51: =AJ51*AL51 -> 380 | AN51: 0.1
B52: 体温計 | D52: 1 | E52: 本 | F52: 900 | G52: =D52*F52 -> 900 | H52: 0.1 | J52: 体温計 | L52: 1 | M52: 本 | N52: 900 | O52: =L52*N52 -> 900 | P52: 0.1 | R52: 体温計 | T52: 1 | U52: 本 | V52: 900 | W52: =T52*V52 -> 900 | X52: 0.1 | Z52: 体温計 | AB52: 1 | AC52: 本 | AD52: 900 | AE52: =AB52*AD52 -> 900 | AF52: 0.1 | AH52: 体温計 | AJ52: 1 | AK52: 本 | AL52: 900 | AM52: =AJ52*AL52 -> 900 | AN52: 0.1
B53: ピンセット | D53: 1 | E53: 本 | F53: 125 | G53: =D53*F53 -> 125 | H53: 0.1 | J53: ピンセット | L53: 1 | M53: 本 | N53: 125 | O53: =L53*N53 -> 125 | P53: 0.1 | R53: ピンセット | T53: 1 | U53: 本 | V53: 125 | W53: =T53*V53 -> 125 | X53: 0.1 | Z53: ピンセット | AB53: 1 | AC53: 本 | AD53: 125 | AE53: =AB53*AD53 -> 125 | AF53: 0.1 | AH53: ピンセット | AJ53: 1 | AK53: 本 | AL53: 125 | AM53: =AJ53*AL53 -> 125 | AN53: 0.1
B54: はさみ | D54: 1 | E54: 本 | F54: 125 | G54: =D54*F54 -> 125 | H54: 0.1 | J54: はさみ | L54: 1 | M54: 本 | N54: 125 | O54: =L54*N54 -> 125 | P54: 0.1 | R54: はさみ | T54: 1 | U54: 本 | V54: 125 | W54: =T54*V54 -> 125 | X54: 0.1 | Z54: はさみ | AB54: 1 | AC54: 本 | AD54: 125 | AE54: =AB54*AD54 -> 125 | AF54: 0.1 | AH54: はさみ | AJ54: 1 | AK54: 本 | AL54: 125 | AM54: =AJ54*AL54 -> 125 | AN54: 0.1
B55: 綿棒（20本） | D55: 1 | E55: ケース | F55: 125 | G55: =D55*F55 -> 125 | H55: 0.1 | J55: 綿棒（20本） | L55: 1 | M55: ケース | N55: 125 | O55: =L55*N55 -> 125 | P55: 0.1 | R55: 綿棒（20本） | T55: 1 | U55: ケース | V55: 125 | W55: =T55*V55 -> 125 | X55: 0.1 | Z55: 綿棒（20本） | AB55: 1 | AC55: ケース | AD55: 125 | AE55: =AB55*AD55 -> 125 | AF55: 0.1 | AH55: 綿棒（20本） | AJ55: 1 | AK55: ケース | AL55: 125 | AM55: =AJ55*AL55 -> 125 | AN55: 0.1
B56: 冷却シート | D56: 2 | E56: 袋 | F56: 80 | G56: =D56*F56 -> 160 | H56: 0.1 | J56: 冷却シート | L56: 2 | M56: 袋 | N56: 80 | O56: =L56*N56 -> 160 | P56: 0.1 | R56: 冷却シート（1箱8袋） | T56: 2 | U56: 袋 | V56: 80 | W56: =T56*V56 -> 160 | X56: 0.1 | Z56: 冷却シート（1箱8袋） | AB56: 2 | AC56: 袋 | AD56: 80 | AE56: =AB56*AD56 -> 160 | AF56: 0.1 | AH56: 冷却シート（1箱8袋） | AJ56: 2 | AK56: 袋 | AL56: 80 | AM56: =AJ56*AL56 -> 160 | AN56: 0.1
B57: 虫刺され用品（ムヒ） | D57: 1 | E57: 本 | F57: 460 | G57: =D57*F57 -> 460 | H57: 0.1 | J57: 虫刺され用品（ムヒ） | L57: 1 | M57: 本 | N57: 460 | O57: =L57*N57 -> 460 | P57: 0.1 | R57: 虫刺され用品（ムヒ） | T57: 1 | U57: 本 | V57: 460 | W57: =T57*V57 -> 460 | X57: 0.1 | Z57: 虫刺され用品（ムヒ） | AB57: 1 | AC57: 本 | AD57: 460 | AE57: =AB57*AD57 -> 460 | AF57: 0.1 | AH57: 虫刺され用品（ムヒ） | AJ57: 1 | AK57: 本 | AL57: 460 | AM57: =AJ57*AL57 -> 460 | AN57: 0.1
B58: パルスオキシメーター | D58: 1 | E58: 個 | F58: 2500 | G58: =D58*F58 -> 2500 | H58: 0.1 | J58: パルスオキシメーター | L58: 1 | M58: 個 | N58: 2500 | O58: =L58*N58 -> 2500 | P58: 0.1 | R58: パルスオキシメーター | T58: 1 | U58: 個 | V58: 3500 | W58: =T58*V58 -> 3500 | X58: 0.1 | Z58: パルスオキシメーター | AB58: 1 | AC58: 個 | AD58: 3500 | AE58: =AB58*AD58 -> 3500 | AF58: 0.1 | AH58: パルスオキシメーター | AJ58: 1 | AK58: 個 | AL58: 3500 | AM58: =AJ58*AL58 -> 3500 | AN58: 0.1
B59: アルミブランケット | D59: 2 | E59: 枚 | F59: 320 | G59: =D59*F59 -> 640 | H59: 0.1 | J59: アルミブランケット | L59: 2 | M59: 枚 | N59: 320 | O59: =L59*N59 -> 640 | P59: 0.1 | R59: アルミブランケット | T59: 2 | U59: 枚 | V59: 320 | W59: =T59*V59 -> 640 | X59: 0.1 | Z59: アルミブランケット | AB59: 2 | AC59: 枚 | AD59: 320 | AE59: =AB59*AD59 -> 640 | AF59: 0.1 | AH59: アルミブランケット | AJ59: 2 | AK59: 枚 | AL59: 320 | AM59: =AJ59*AL59 -> 640 | AN59: 0.1
B60: テント | C60: ３ｍワンタッチ | D60: 1 | E60: 個 | F60: 13200 | G60: =D60*F60 -> 13200 | H60: 0.1 | J60: テント | K60: ３ｍワンタッチ | L60: 1 | M60: 個 | N60: 13200 | O60: =L60*N60 -> 13200 | P60: 0.1 | R60: テント | S60: ３ｍワンタッチ | T60: 1 | U60: 個 | V60: 13200 | W60: =T60*V60 -> 13200 | X60: 0.1 | Z60: テント | AA60: ３ｍワンタッチ | AB60: 1 | AC60: 個 | AD60: 13200 | AE60: =AB60*AD60 -> 13200 | AF60: 0.1 | AH60: テント | AI60: ３ｍワンタッチ | AJ60: 1 | AK60: 個 | AL60: 13200 | AM60: =AJ60*AL60 -> 13200 | AN60: 0.1
B61: テーブル | D61: 1 | E61: 個 | F61: 1200 | G61: =D61*F61 -> 1200 | H61: 0.1 | J61: テーブル | L61: 1 | M61: 個 | N61: 1200 | O61: =L61*N61 -> 1200 | P61: 0.1 | R61: テーブル | T61: 1 | U61: 個 | V61: 1200 | W61: =T61*V61 -> 1200 | X61: 0.1 | Z61: テーブル | AB61: 1 | AC61: 個 | AD61: 1200 | AE61: =AB61*AD61 -> 1200 | AF61: 0.1 | AH61: テーブル | AJ61: 1 | AK61: 個 | AL61: 1200 | AM61: =AJ61*AL61 -> 1200 | AN61: 0.1
B62: 椅子 | D62: 4 | E62: 脚 | F62: 300 | G62: =D62*F62 -> 1200 | H62: 0.1 | J62: 椅子 | L62: 4 | M62: 脚 | N62: 300 | O62: =L62*N62 -> 1200 | P62: 0.1 | R62: 椅子 | T62: 4 | U62: 脚 | V62: 300 | W62: =T62*V62 -> 1200 | X62: 0.1 | Z62: 椅子 | AB62: 4 | AC62: 脚 | AD62: 300 | AE62: =AB62*AD62 -> 1200 | AF62: 0.1 | AH62: 椅子 | AJ62: 4 | AK62: 脚 | AL62: 300 | AM62: =AJ62*AL62 -> 1200 | AN62: 0.1
B63: 発電機 | D63: 1 | E63: 個 | F63: 6000 | G63: =D63*F63 -> 6000 | H63: 0.1 | J63: 発電機 | L63: 1 | M63: 個 | N63: 6000 | O63: =L63*N63 -> 6000 | P63: 0.1 | R63: 発電機 | T63: 1 | U63: 個 | V63: 6000 | W63: =T63*V63 -> 6000 | X63: 0.1 | Z63: 発電機 | AB63: 1 | AC63: 個 | AD63: 6000 | AE63: =AB63*AD63 -> 6000 | AF63: 0.1 | AH63: 発電機 | AJ63: 1 | AK63: 個 | AL63: 6000 | AM63: =AJ63*AL63 -> 6000 | AN63: 0.1
B64: コンセント工事 | D64: 一式 | F64: 8000 | G64: 8000 | H64: 0.1 | J64: コンセント工事 | L64: 一式 | N64: 8000 | O64: 8000 | P64: 0.1 | R64: コンセント工事 | T64: 一式 | V64: 8000 | W64: 8000 | X64: 0.1 | Z64: コンセント工事 | AB64: 一式 | AD64: 8000 | AE64: 8000 | AF64: 0.1 | AH64: コンセント工事 | AJ64: 一式 | AL64: 8000 | AM64: 8000 | AN64: 0.1
B65: 内部蛍光灯（配線含む） | D65: 一式 | F65: 5000 | G65: 5000 | H65: 0.1 | J65: 内部蛍光灯（配線含む） | L65: 一式 | N65: 5000 | O65: 5000 | P65: 0.1 | R65: 内部蛍光灯（配線含む） | T65: 一式 | V65: 5000 | W65: 5000 | X65: 0.1 | Z65: 内部蛍光灯（配線含む） | AB65: 一式 | AD65: 5000 | AE65: 5000 | AF65: 0.1 | AH65: 内部蛍光灯（配線含む） | AJ65: 一式 | AL65: 5000 | AM65: 5000 | AN65: 0.1
F66: 業務用地小計 | G66: =SUM(G4:G65) -> 176668 | N66: 一般B小計 | O66: =SUM(O4:O65) -> 155994 | V66: 一般B小計 | W66: =SUM(W4:W65) -> 153614 | AD66: 一般B小計 | AE66: =SUM(AE4:AE65) -> 153614 | AL66: 一般B小計 | AM66: =SUM(AM4:AM65) -> 153614
A67: ②業務用地-2 | I67: ④びわ湖ホール前-2 | Q67: ⑥NTTDocomo-2 | Y67: ⑧びわ湖ホテル前-2 | AG67: ⑩マリーナ（おまつり広場）-2

Sheet 完成エイド
B1: エイドステーション設置及び備品（使用日8月6日） | J1: エイドステーション設置及び備品（使用日8月6日） | R1: エイドステーション設置及び備品（使用日8月6日） | Z1: エイドステーション設置及び備品（使用日8月6日） | AH1: エイドステーション設置及び備品（使用日8月6日） | AP1: エイドステーション設置及び備品（使用日8月6日） | AX1: エイドステーション設置及び備品（使用日8月6日）
A2: １ 業務用地① | I2: 2 一般B | Q2: ３ びわ湖ホール① | Y2: ４ NTTDocomo① | AG2: ５ 琵琶湖ホテル前① | AO2: ６ マリーナ（おまつり広場）① | AW2: 7 本部付け
A3: 商 品 名 | C3: 仕 様 | D3: 数量 | F3: 単価 | G3: 合計 | H3: 税 | I3: 商 品 名 | K3: 仕 様 | L3: 数量 | N3: 単価 | O3: 合計 | P3: 税 | Q3: 商 品 名 | S3: 仕 様 | T3: 数量 | V3: 単価 | W3: 合計 | X3: 税 | Y3: 商 品 名 | AA3: 仕 様 | AB3: 数量 | AD3: 単価 | AE3: 合計 | AF3: 税 | AG3: 商 品 名 | AI3: 仕 様 | AJ3: 数量 | AL3: 単価 | AM3: 合計 | AN3: 税 | AO3: 商 品 名 | AQ3: 仕 様 | AR3: 数量 | AT3: 単価 | AU3: 合計 | AV3: 税 | AW3: 商 品 名 | AY3: 仕 様 | AZ3: 数量 | BB3: 単価 | BC3: 合計 | BD3: 税
B4: ＡＥＤ | D4: 1 | E4: 個 | F4: 18000 | G4: =D4*F4 -> 18000 | H4: 0.1 | J4: ＡＥＤ | L4: 1 | M4: 個 | N4: 18000 | O4: =L4*N4 -> 18000 | P4: 0.1 | R4: ＡＥＤ | T4: 1 | U4: 個 | V4: 18000 | W4: =T4*V4 -> 18000 | X4: 0.1 | Z4: ＡＥＤ | AB4: 1 | AC4: 個 | AD4: 18000 | AE4: =AB4*AD4 -> 18000 | AF4: 0.1 | AH4: ＡＥＤ | AJ4: 1 | AK4: 個 | AL4: 18000 | AM4: =AJ4*AL4 -> 18000 | AN4: 0.1 | AP4: ＡＥＤ | AR4: 1 | AS4: 個 | AT4: 18000 | AU4: =AR4*AT4 -> 18000 | AV4: 0.1 | AX4: 救命救急士（応援・交代要員） | AZ4: 9 | BA4: 時間 | BB4: 5200 | BC4: =AZ4*BB4 -> 46800 | BD4: 0.1
B5: ナースバッグ | D5: 1 | E5: 個 | F5: 2000 | G5: =D5*F5 -> 2000 | H5: 0.1 | J5: ナースバッグ | L5: 1 | M5: 個 | N5: 2000 | O5: =L5*N5 -> 2000 | P5: 0.1 | R5: ナースバッグ | T5: 1 | U5: 個 | V5: 2000 | W5: =T5*V5 -> 2000 | X5: 0.1 | Z5: ナースバッグ | AB5: 1 | AC5: 個 | AD5: 2000 | AE5: =AB5*AD5 -> 2000 | AF5: 0.1 | AH5: ナースバッグ | AJ5: 1 | AK5: 個 | AL5: 2000 | AM5: =AJ5*AL5 -> 2000 | AN5: 0.1 | AP5: ナースバッグ | AR5: 1 | AS5: 個 | AT5: 2000 | AU5: =AR5*AT5 -> 2000 | AV5: 0.1 | AX5: 民間救急車（本部前） | AZ5: 1 | BA5: 台 | BB5: 32000 | BC5: =AZ5*BB5 -> 32000 | BD5: 0.1
B6: 血圧計 | D6: 1 | E6: 個 | F6: 2500 | G6: =D6*F6 -> 2500 | H6: 0.1 | J6: 血圧計 | L6: 1 | M6: 個 | N6: 2500 | O6: =L6*N6 -> 2500 | P6: 0.1 | R6: 血圧計 | T6: 1 | U6: 個 | V6: 2500 | W6: =T6*V6 -> 2500 | X6: 0.1 | Z6: 血圧計 | AB6: 1 | AC6: 個 | AD6: 2500 | AE6: =AB6*AD6 -> 2500 | AF6: 0.1 | AH6: 血圧計 | AJ6: 1 | AK6: 個 | AL6: 2500 | AM6: =AJ6*AL6 -> 2500 | AN6: 0.1 | AP6: 血圧計 | AR6: 1 | AS6: 個 | AT6: 2500 | AU6: =AR6*AT6 -> 2500 | AV6: 0.1 | AX6: 交通費 | AZ6: 一式 | BB6: 21000 | BC6: 21000 | BD6: 0.1
B7: 担架 | D7: 1 | E7: 個 | F7: 5200 | G7: =D7*F7 -> 5200 | H7: 0.1 | J7: 担架 | L7: 1 | M7: 個 | N7: 5200 | O7: =L7*N7 -> 5200 | P7: 0.1 | R7: 担架 | T7: 1 | U7: 個 | V7: 5200 | W7: =T7*V7 -> 5200 | X7: 0.1 | Z7: 担架 | AB7: 1 | AC7: 個 | AD7: 5200 | AE7: =AB7*AD7 -> 5200 | AF7: 0.1 | AH7: 担架 | AJ7: 1 | AK7: 個 | AL7: 5200 | AM7: =AJ7*AL7 -> 5200 | AN7: 0.1 | AP7: 担架 | AR7: 1 | AS7: 個 | AT7: 5200 | AU7: =AR7*AT7 -> 5200 | AV7: 0.1 | BB7: 本部付け小計 | BC7: =SUM(BC4:BC6) -> 99800
B8: 折りたたみベッド | D8: 1 | E8: 個 | F8: 3000 | G8: =D8*F8 -> 3000 | H8: 0.1 | J8: 折りたたみベッド | L8: 1 | M8: 個 | N8: 3000 | O8: =L8*N8 -> 3000 | P8: 0.1 | R8: 折りたたみベッド | T8: 1 | U8: 個 | V8: 3000 | W8: =T8*V8 -> 3000 | X8: 0.1 | Z8: 折りたたみベッド | AB8: 1 | AC8: 個 | AD8: 3000 | AE8: =AB8*AD8 -> 3000 | AF8: 0.1 | AH8: 折りたたみベッド | AJ8: 1 | AK8: 個 | AL8: 3000 | AM8: =AJ8*AL8 -> 3000 | AN8: 0.1 | AP8: 折りたたみベッド | AR8: 1 | AS8: 個 | AT8: 3000 | AU8: =AR8*AT8 -> 3000 | AV8: 0.1
B9: スポットクーラー | D9: 1 | E9: 個 | F9: 14000 | G9: =D9*F9 -> 14000 | H9: 0.1 | J9: スポットクーラー | L9: 1 | M9: 個 | N9: 14000 | O9: =L9*N9 -> 14000 | P9: 0.1 | R9: スポットクーラー | T9: 1 | U9: 個 | V9: 14000 | W9: =T9*V9 -> 14000 | X9: 0.1 | Z9: スポットクーラー | AB9: 1 | AC9: 個 | AD9: 14000 | AE9: =AB9*AD9 -> 14000 | AF9: 0.1 | AH9: スポットクーラー | AJ9: 1 | AK9: 個 | AL9: 14000 | AM9: =AJ9*AL9 -> 14000 | AN9: 0.1 | AP9: スポットクーラー | AR9: 1 | AS9: 個 | AT9: 14000 | AU9: =AR9*AT9 -> 14000 | AV9: 0.1
B10: クーラーボックス | D10: 2 | E10: 個 | F10: 4000 | G10: =D10*F10 -> 8000 | H10: 0.1 | J10: クーラーボックス | L10: 2 | M10: 個 | N10: 4000 | O10: =L10*N10 -> 8000 | P10: 0.1 | R10: クーラーボックス | T10: 2 | U10: 個 | V10: 4000 | W10: =T10*V10 -> 8000 | X10: 0.1 | Z10: クーラーボックス | AB10: 2 | AC10: 個 | AD10: 4000 | AE10: =AB10*AD10 -> 8000 | AF10: 0.1 | AH10: クーラーボックス | AJ10: 2 | AK10: 個 | AL10: 4000 | AM10: =AJ10*AL10 -> 8000 | AN10: 0.1 | AP10: クーラーボックス | AR10: 2 | AS10: 個 | AT10: 4000 | AU10: =AR10*AT10 -> 8000 | AV10: 0.1
B11: 車椅子 | D11: 2 | E11: 個 | F11: 4000 | G11: =D11*F11 -> 8000 | H11: 0.1 | J11: 車椅子 | L11: 2 | M11: 個 | N11: 4000 | O11: =L11*N11 -> 8000 | P11: 0.1 | R11: 車椅子 | T11: 2 | U11: 個 | V11: 4000 | W11: =T11*V11 -> 8000 | X11: 0.1 | Z11: 車椅子 | AB11: 4 | AC11: 個 | AD11: 4000 | AE11: =AB11*AD11 -> 16000 | AF11: 0.1 | AH11: 車椅子 | AJ11: 3 | AK11: 個 | AL11: 4000 | AM11: =AJ11*AL11 -> 12000 | AN11: 0.1 | AP11: 車椅子 | AR11: 2 | AS11: 個 | AT11: 4000 | AU11: =AR11*AT11 -> 8000 | AV11: 0.1
B12: 水（ペットボトル） | C12: 550ml | D12: 24 | E12: 本 | F12: 80 | G12: =D12*F12 -> 1920 | H12: 0.1 | J12: 水（ペットボトル） | K12: 550ml | L12: 24 | M12: 本 | N12: 80 | O12: =L12*N12 -> 1920 | P12: 0.1 | R12: 水（ペットボトル） | S12: 550ml | T12: 24 | U12: 本 | V12: 80 | W12: =T12*V12 -> 1920 | X12: 0.1 | Z12: 水（ペットボトル） | AA12: 550ml | AB12: 24 | AC12: 本 | AD12: 80 | AE12: =AB12*AD12 -> 1920 | AF12: 0.1 | AH12: 水（ペットボトル） | AI12: 550ml | AJ12: 24 | AK12: 本 | AL12: 80 | AM12: =AJ12*AL12 -> 1920 | AN12: 0.1 | AP12: 水（ペットボトル） | AQ12: 550ml | AR12: 24 | AS12: 本 | AT12: 80 | AU12: =AR12*AT12 -> 1920 | AV12: 0.1 | BB12: 備品計 | BC12: =BC7+AM67+AE67+W67+O67+G67+AU67 -> 974520
B13: 経口補水液（ペットボトル） | C13: OS-1 50０ｍｌ | D13: 10 | E13: 本 | F13: 205 | G13: =D13*F13 -> 2050 | H13: 0.1 | J13: 経口補水液（ペットボトル） | K13: OS-1 50０ｍｌ | L13: 10 | M13: 本 | N13: 205 | O13: =L13*N13 -> 2050 | P13: 0.1 | R13: 経口補水液（ペットボトル） | S13: OS-1 50０ｍｌ | T13: 10 | U13: 本 | V13: 205 | W13: =T13*V13 -> 2050 | X13: 0.1 | Z13: 経口補水液（ペットボトル） | AA13: OS-1 50０ｍｌ | AB13: 10 | AC13: 本 | AD13: 205 | AE13: =AB13*AD13 -> 2050 | AF13: 0.1 | AH13: 経口補水液（ペットボトル） | AI13: OS-1 50０ｍｌ | AJ13: 10 | AK13: 本 | AL13: 205 | AM13: =AJ13*AL13 -> 2050 | AN13: 0.1 | AP13: 経口補水液（ペットボトル） | AQ13: OS-1 50０ｍｌ | AR13: 10 | AS13: 本 | AT13: 205 | AU13: =AR13*AT13 -> 2050 | AV13: 0.1 | BB13: 諸経費10％ | BC13: =BC12*0.1 -> 97452
B14: 経口補水ゼリー | C14: OS-1 200ｇ | D14: 10 | E14: 本 | F14: 185 | G14: =D14*F14 -> 1850 | H14: 0.1 | J14: 経口補水ゼリー | K14: OS-1 200ｇ | L14: 10 | M14: 本 | N14: 185 | O14: =L14*N14 -> 1850 | P14: 0.1 | R14: 経口補水ゼリー | S14: OS-1 200ｇ | T14: 10 | U14: 本 | V14: 185 | W14: =T14*V14 -> 1850 | X14: 0.1 | Z14: 経口補水ゼリー | AA14: OS-1 200ｇ | AB14: 10 | AC14: 本 | AD14: 185 | AE14: =AB14*AD14 -> 1850 | AF14: 0.1 | AH14: 経口補水ゼリー | AI14: OS-1 200ｇ | AJ14: 10 | AK14: 本 | AL14: 185 | AM14: =AJ14*AL14 -> 1850 | AN14: 0.1 | AP14: 経口補水ゼリー | AQ14: OS-1 200ｇ | AR14: 10 | AS14: 本 | AT14: 185 | AU14: =AR14*AT14 -> 1850 | AV14: 0.1 | AW14: 小計 | BC14: =SUM(BC12:BC13) -> 1071972
B15: アイスノン | C15: 大 | D15: 3 | E15: 個 | F15: 1600 | G15: =D15*F15 -> 4800 | H15: 0.1 | J15: アイスノン | K15: 大 | L15: 3 | M15: 個 | N15: 1600 | O15: =L15*N15 -> 4800 | P15: 0.1 | R15: アイスノン | S15: 大 | T15: 3 | U15: 個 | V15: 1600 | W15: =T15*V15 -> 4800 | X15: 0.1 | Z15: アイスノン | AA15: 大 | AB15: 3 | AC15: 個 | AD15: 1600 | AE15: =AB15*AD15 -> 4800 | AF15: 0.1 | AH15: アイスノン | AI15: 大 | AJ15: 3 | AK15: 個 | AL15: 1600 | AM15: =AJ15*AL15 -> 4800 | AN15: 0.1 | AP15: アイスノン | AQ15: 大 | AR15: 3 | AS15: 個 | AT15: 1600 | AU15: =AR15*AT15 -> 4800 | AV15: 0.1 | BB15: 消費税 | BC15: =BC14*0.1 -> 107197.2
B16: 保冷剤 | C16: ５００ｇ | D16: 2 | E16: 個 | F16: 600 | G16: =D16*F16 -> 1200 | H16: 0.1 | J16: 保冷剤 | K16: ５００ｇ | L16: 2 | M16: 個 | N16: 600 | O16: =L16*N16 -> 1200 | P16: 0.1 | R16: 保冷剤 | S16: ５００ｇ | T16: 2 | U16: 個 | V16: 600 | W16: =T16*V16 -> 1200 | X16: 0.1 | Z16: 保冷剤 | AA16: ５００ｇ | AB16: 2 | AC16: 個 | AD16: 600 | AE16: =AB16*AD16 -> 1200 | AF16: 0.1 | AH16: 保冷剤 | AI16: ５００ｇ | AJ16: 2 | AK16: 個 | AL16: 600 | AM16: =AJ16*AL16 -> 1200 | AN16: 0.1 | AP16: 保冷剤 | AQ16: ５００ｇ | AR16: 2 | AS16: 個 | AT16: 600 | AU16: =AR16*AT16 -> 1200 | AV16: 0.1 | BB16: 合計 | BC16: =SUM(BC14:BC15) -> 1179169.2
B17: 瞬間冷却パック | D17: 10 | E17: 個 | F17: 150 | G17: =D17*F17 -> 1500 | H17: 0.1 | J17: 瞬間冷却パック | L17: 10 | M17: 個 | N17: 150 | O17: =L17*N17 -> 1500 | P17: 0.1 | R17: 瞬間冷却パック | T17: 10 | U17: 個 | V17: 150 | W17: =T17*V17 -> 1500 | X17: 0.1 | Z17: 瞬間冷却パック | AB17: 10 | AC17: 個 | AD17: 150 | AE17: =AB17*AD17 -> 1500 | AF17: 0.1 | AH17: 瞬間冷却パック | AJ17: 10 | AK17: 個 | AL17: 150 | AM17: =AJ17*AL17 -> 1500 | AN17: 0.1 | AP17: 瞬間冷却パック | AR17: 10 | AS17: 個 | AT17: 150 | AU17: =AR17*AT17 -> 1500 | AV17: 0.1
B18: 氷 | D18: 4 | E18: 貫 | F18: 700 | G18: =D18*F18 -> 2800 | H18: 0.1 | J18: 氷 | L18: 4 | M18: 貫 | N18: 700 | O18: =L18*N18 -> 2800 | P18: 0.1 | R18: 氷 | T18: 4 | U18: 貫 | V18: 700 | W18: =T18*V18 -> 2800 | X18: 0.1 | Z18: 氷 | AB18: 4 | AC18: 貫 | AD18: 700 | AE18: =AB18*AD18 -> 2800 | AF18: 0.1 | AH18: 氷 | AJ18: 4 | AK18: 貫 | AL18: 700 | AM18: =AJ18*AL18 -> 2800 | AN18: 0.1 | AP18: 氷 | AR18: 4 | AS18: 貫 | AT18: 700 | AU18: =AR18*AT18 -> 2800 | AV18: 0.1
B19: ドライアイス | D19: 2 | E19: ｋｇ | F19: 700 | G19: =D19*F19 -> 1400 | H19: 0.1 | J19: ドライアイス | L19: 2 | M19: ｋｇ | N19: 700 | O19: =L19*N19 -> 1400 | P19: 0.1 | R19: ドライアイス | T19: 2 | U19: ｋｇ | V19: 700 | W19: =T19*V19 -> 1400 | X19: 0.1 | Z19: ドライアイス | AB19: 2 | AC19: ｋｇ | AD19: 700 | AE19: =AB19*AD19 -> 1400 | AF19: 0.1 | AH19: ドライアイス | AJ19: 2 | AK19: ｋｇ | AL19: 700 | AM19: =AJ19*AL19 -> 1400 | AN19: 0.1 | AP19: ドライアイス | AR19: 2 | AS19: ｋｇ | AT19: 700 | AU19: =AR19*AT19 -> 1400 | AV19: 0.1
B20: 毛布 | D20: 1 | E20: 枚 | F20: 1500 | G20: =D20*F20 -> 1500 | H20: 0.1 | J20: 毛布 | L20: 1 | M20: 枚 | N20: 1500 | O20: =L20*N20 -> 1500 | P20: 0.1 | R20: 毛布 | T20: 1 | U20: 枚 | V20: 1500 | W20: =T20*V20 -> 1500 | X20: 0.1 | Z20: 毛布 | AB20: 1 | AC20: 枚 | AD20: 1500 | AE20: =AB20*AD20 -> 1500 | AF20: 0.1 | AH20: 毛布 | AJ20: 1 | AK20: 枚 | AL20: 1500 | AM20: =AJ20*AL20 -> 1500 | AN20: 0.1 | AP20: 毛布 | AR20: 1 | AS20: 枚 | AT20: 1500 | AU20: =AR20*AT20 -> 1500 | AV20: 0.1
B21: タオルケット | D21: 2 | E21: 枚 | F21: 1500 | G21: =D21*F21 -> 3000 | H21: 0.1 | J21: タオルケット | L21: 2 | M21: 枚 | N21: 1500 | O21: =L21*N21 -> 3000 | P21: 0.1 | R21: タオルケット | T21: 2 | U21: 枚 | V21: 1500 | W21: =T21*V21 -> 3000 | X21: 0.1 | Z21: タオルケット | AB21: 2 | AC21: 枚 | AD21: 1500 | AE21: =AB21*AD21 -> 3000 | AF21: 0.1 | AH21: タオルケット | AJ21: 2 | AK21: 枚 | AL21: 1500 | AM21: =AJ21*AL21 -> 3000 | AN21: 0.1 | AP21: タオルケット | AR21: 2 | AS21: 枚 | AT21: 1500 | AU21: =AR21*AT21 -> 3000 | AV21: 0.1
B22: 大判バスタオル | D22: 2 | E22: 枚 | F22: 800 | G22: =D22*F22 -> 1600 | H22: 0.1 | J22: 大判バスタオル | L22: 2 | M22: 枚 | N22: 800 | O22: =L22*N22 -> 1600 | P22: 0.1 | R22: 大判バスタオル | T22: 2 | U22: 枚 | V22: 800 | W22: =T22*V22 -> 1600 | X22: 0.1 | Z22: 大判バスタオル | AB22: 2 | AC22: 枚 | AD22: 800 | AE22: =AB22*AD22 -> 1600 | AF22: 0.1 | AH22: 大判バスタオル | AJ22: 2 | AK22: 枚 | AL22: 800 | AM22: =AJ22*AL22 -> 1600 | AN22: 0.1 | AP22: 大判バスタオル | AR22: 2 | AS22: 枚 | AT22: 800 | AU22: =AR22*AT22 -> 1600 | AV22: 0.1
B23: バスタオル | D23: 2 | E23: 枚 | F23: 800 | G23: =D23*F23 -> 1600 | H23: 0.1 | J23: バスタオル | L23: 2 | M23: 枚 | N23: 800 | O23: =L23*N23 -> 1600 | P23: 0.1 | R23: バスタオル | T23: 2 | U23: 枚 | V23: 800 | W23: =T23*V23 -> 1600 | X23: 0.1 | Z23: バスタオル | AB23: 2 | AC23: 枚 | AD23: 800 | AE23: =AB23*AD23 -> 1600 | AF23: 0.1 | AH23: バスタオル | AJ23: 2 | AK23: 枚 | AL23: 800 | AM23: =AJ23*AL23 -> 1600 | AN23: 0.1 | AP23: バスタオル | AR23: 2 | AS23: 枚 | AT23: 800 | AU23: =AR23*AT23 -> 1600 | AV23: 0.1
B24: フェイスタオル | D24: 4 | E24: 枚 | F24: 180 | G24: =D24*F24 -> 720 | H24: 0.1 | J24: フェイスタオル | L24: 4 | M24: 枚 | N24: 180 | O24: =L24*N24 -> 720 | P24: 0.1 | R24: フェイスタオル | T24: 4 | U24: 枚 | V24: 180 | W24: =T24*V24 -> 720 | X24: 0.1 | Z24: フェイスタオル | AB24: 4 | AC24: 枚 | AD24: 180 | AE24: =AB24*AD24 -> 720 | AF24: 0.1 | AH24: フェイスタオル | AJ24: 4 | AK24: 枚 | AL24: 180 | AM24: =AJ24*AL24 -> 720 | AN24: 0.1 | AP24: フェイスタオル | AR24: 4 | AS24: 枚 | AT24: 180 | AU24: =AR24*AT24 -> 720 | AV24: 0.1
B25: ティッシュ | D25: 1 | E25: 箱 | F25: 120 | G25: =D25*F25 -> 120 | H25: 0.1 | J25: ティッシュ | L25: 1 | M25: 箱 | N25: 120 | O25: =L25*N25 -> 120 | P25: 0.1 | R25: ティッシュ | T25: 1 | U25: 箱 | V25: 120 | W25: =T25*V25 -> 120 | X25: 0.1 | Z25: ティッシュ | AB25: 1 | AC25: 箱 | AD25: 120 | AE25: =AB25*AD25 -> 120 | AF25: 0.1 | AH25: ティッシュ | AJ25: 1 | AK25: 箱 | AL25: 120 | AM25: =AJ25*AL25 -> 120 | AN25: 0.1 | AP25: ティッシュ | AR25: 1 | AS25: 箱 | AT25: 120 | AU25: =AR25*AT25 -> 120 | AV25: 0.1
B26: ペーパータオル | D26: 1 | E26: 箱 | F26: 120 | G26: =D26*F26 -> 120 | H26: 0.1 | J26: ペーパータオル | L26: 1 | M26: 箱 | N26: 120 | O26: =L26*N26 -> 120 | P26: 0.1 | R26: ペーパータオル | T26: 1 | U26: 箱 | V26: 120 | W26: =T26*V26 -> 120 | X26: 0.1 | Z26: ペーパータオル | AB26: 1 | AC26: 箱 | AD26: 120 | AE26: =AB26*AD26 -> 120 | AF26: 0.1 | AH26: ペーパータオル | AJ26: 1 | AK26: 箱 | AL26: 120 | AM26: =AJ26*AL26 -> 120 | AN26: 0.1 | AP26: ペーパータオル | AR26: 1 | AS26: 箱 | AT26: 120 | AU26: =AR26*AT26 -> 120 | AV26: 0.1
B27: 除菌ペーパー | D27: 1 | E27: 箱 | F27: 160 | G27: =D27*F27 -> 160 | H27: 0.1 | J27: 除菌ペーパー | L27: 1 | M27: 箱 | N27: 160 | O27: =L27*N27 -> 160 | P27: 0.1 | R27: 除菌ペーパー | T27: 1 | U27: 箱 | V27: 160 | W27: =T27*V27 -> 160 | X27: 0.1 | Z27: 除菌ペーパー | AB27: 1 | AC27: 箱 | AD27: 160 | AE27: =AB27*AD27 -> 160 | AF27: 0.1 | AH27: 除菌ペーパー | AJ27: 1 | AK27: 箱 | AL27: 160 | AM27: =AJ27*AL27 -> 160 | AN27: 0.1 | AP27: 除菌ペーパー | AR27: 1 | AS27: 箱 | AT27: 160 | AU27: =AR27*AT27 -> 160 | AV27: 0.1
B28: 介護用ビニール手袋（10双） | D28: 1 | E28: 袋 | F28: 125 | G28: =D28*F28 -> 125 | H28: 0.1 | J28: 介護用ビニール手袋（10双） | L28: 1 | M28: 袋 | N28: 125 | O28: =L28*N28 -> 125 | P28: 0.1 | R28: 介護用ビニール手袋（10双） | T28: 1 | U28: 袋 | V28: 125 | W28: =T28*V28 -> 125 | X28: 0.1 | Z28: 介護用ビニール手袋（10双） | AB28: 1 | AC28: 袋 | AD28: 125 | AE28: =AB28*AD28 -> 125 | AF28: 0.1 | AH28: 介護用ビニール手袋（10双） | AJ28: 1 | AK28: 袋 | AL28: 125 | AM28: =AJ28*AL28 -> 125 | AN28: 0.1 | AP28: 介護用ビニール手袋（10双） | AR28: 1 | AS28: 袋 | AT28: 125 | AU28: =AR28*AT28 -> 125 | AV28: 0.1
B29: 紙コップ（50個） | D29: 1 | E29: ケース | F29: 125 | G29: =D29*F29 -> 125 | H29: 0.1 | J29: 紙コップ（50個） | L29: 1 | M29: ケース | N29: 125 | O29: =L29*N29 -> 125 | P29: 0.1 | R29: 紙コップ（50個） | T29: 1 | U29: ケース | V29: 125 | W29: =T29*V29 -> 125 | X29: 0.1 | Z29: 紙コップ（50個） | AB29: 1 | AC29: ケース | AD29: 125 | AE29: =AB29*AD29 -> 125 | AF29: 0.1 | AH29: 紙コップ（50個） | AJ29: 1 | AK29: ケース | AL29: 125 | AM29: =AJ29*AL29 -> 125 | AN29: 0.1 | AP29: 紙コップ（50個） | AR29: 1 | AS29: ケース | AT29: 125 | AU29: =AR29*AT29 -> 125 | AV29: 0.1
B30: 生理用品 | E30: 個 | G30: =D30*F30 -> 0 | H30: 0.1 | J30: 生理用品 | M30: 個 | O30: =L30*N30 -> 0 | P30: 0.1 | R30: 生理用品 | U30: 個 | W30: =T30*V30 -> 0 | X30: 0.1 | Z30: 生理用品 | AC30: 個 | AE30: =AB30*AD30 -> 0 | AF30: 0.1 | AH30: 生理用品 | AK30: 個 | AM30: =AJ30*AL30 -> 0 | AN30: 0.1 | AP30: 生理用品 | AS30: 個 | AU30: =AR30*AT30 -> 0 | AV30: 0.1
B31: Tシャツ | E31: 枚 | G31: =D31*F31 -> 0 | H31: 0.1 | J31: Tシャツ | M31: 枚 | O31: =L31*N31 -> 0 | P31: 0.1 | R31: Tシャツ | U31: 枚 | W31: =T31*V31 -> 0 | X31: 0.1 | Z31: Tシャツ | AC31: 枚 | AE31: =AB31*AD31 -> 0 | AF31: 0.1 | AH31: Tシャツ | AK31: 枚 | AM31: =AJ31*AL31 -> 0 | AN31: 0.1 | AP31: Tシャツ | AS31: 枚 | AU31: =AR31*AT31 -> 0 | AV31: 0.1
F32: 小計① | G32: =SUM(G4:G31) -> 87290 | O32: =SUM(O4:O31) -> 87290 | W32: =SUM(W4:W31) -> 87290 | AE32: =SUM(AE4:AE31) -> 95290 | AM32: =SUM(AM4:AM31) -> 91290 | AU32: =SUM(AU4:AU31) -> 87290
A33: ①業務用地-1 | I33: ②びわ湖ホール-2 | Q33: ③びわ湖ホール-2 | Y33: ④NTTDocomo-1 | AG33: ⑤びわ湖ホテル前-1 | AO33: ⑥マリーナ（おまつり広場）-1
A34: １ 業務用地② | I34: 2 一般B② | Q34: 3 びわ湖ホール② | Y34: 4 NTTDocomo② | AG34: ５ びわ湖ホテル前② | AO34: ６ マリーナ（おまつり広場）②
A35: 商 品 名 | C35: 仕 様 | D35: 数量 | F35: 単価 | G35: 合計 | H35: 税 | I35: 商 品 名 | K35: 仕 様 | L35: 数量 | N35: 単価 | O35: 合計 | P35: 税 | Q35: 商 品 名 | S35: 仕 様 | T35: 数量 | V35: 単価 | W35: 合計 | X35: 税 | Y35: 商 品 名 | AA35: 仕 様 | AB35: 数量 | AD35: 単価 | AE35: 合計 | AF35: 税 | AG35: 商 品 名 | AI35: 仕 様 | AJ35: 数量 | AL35: 単価 | AM35: 合計 | AN35: 税 | AO35: 商 品 名 | AQ35: 仕 様 | AR35: 数量 | AT35: 単価 | AU35: 合計 | AV35: 税
B36: 軍手 | D36: 1 | E36: 双 | F36: 125 | G36: =D36*F36 -> 125 | H36: 0.1 | J36: 軍手 | L36: 1 | M36: 双 | N36: 125 | O36: =L36*N36 -> 125 | P36: 0.1 | R36: 軍手 | T36: 1 | U36: 双 | V36: 125 | W36: =T36*V36 -> 125 | X36: 0.1 | Z36: 軍手 | AB36: 1 | AC36: 双 | AD36: 125 | AE36: =AB36*AD36 -> 125 | AF36: 0.1 | AH36: 軍手 | AJ36: 1 | AK36: 双 | AL36: 125 | AM36: =AJ36*AL36 -> 125 | AN36: 0.1 | AP36: 軍手 | AR36: 1 | AS36: 双 | AT36: 125 | AU36: =AR36*AT36 -> 125 | AV36: 0.1
B37: ラップ | D37: 1 | E37: 本 | F37: 125 | G37: =D37*F37 -> 125 | H37: 0.1 | J37: ラップ | L37: 1 | M37: 本 | N37: 125 | O37: =L37*N37 -> 125 | P37: 0.1 | R37: ラップ | T37: 1 | U37: 本 | V37: 125 | W37: =T37*V37 -> 125 | X37: 0.1 | Z37: ラップ | AB37: 1 | AC37: 本 | AD37: 125 | AE37: =AB37*AD37 -> 125 | AF37: 0.1 | AH37: ラップ | AJ37: 1 | AK37: 本 | AL37: 125 | AM37: =AJ37*AL37 -> 125 | AN37: 0.1 | AP37: ラップ | AR37: 1 | AS37: 本 | AT37: 125 | AU37: =AR37*AT37 -> 125 | AV37: 0.1
B38: 吐瀉用ビニール袋（20枚） | D38: 1 | E38: 袋 | F38: 125 | G38: =D38*F38 -> 125 | H38: 0.1 | J38: 吐瀉用ビニール袋（20枚） | L38: 1 | M38: 袋 | N38: 125 | O38: =L38*N38 -> 125 | P38: 0.1 | R38: 吐瀉用ビニール袋（20枚） | T38: 1 | U38: 袋 | V38: 125 | W38: =T38*V38 -> 125 | X38: 0.1 | Z38: 吐瀉用ビニール袋（20枚） | AB38: 1 | AC38: 袋 | AD38: 125 | AE38: =AB38*AD38 -> 125 | AF38: 0.1 | AH38: 吐瀉用ビニール袋（20枚） | AJ38: 1 | AK38: 袋 | AL38: 125 | AM38: =AJ38*AL38 -> 125 | AN38: 0.1 | AP38: 吐瀉用ビニール袋（20枚） | AR38: 1 | AS38: 袋 | AT38: 125 | AU38: =AR38*AT38 -> 125 | AV38: 0.1
B39: ストロー（20本） | D39: 1 | E39: 袋 | F39: 125 | G39: =D39*F39 -> 125 | H39: 0.1 | J39: ストロー（20本） | L39: 1 | M39: 袋 | N39: 125 | O39: =L39*N39 -> 125 | P39: 0.1 | R39: ストロー（20本） | T39: 1 | U39: 袋 | V39: 125 | W39: =T39*V39 -> 125 | X39: 0.1 | Z39: ストロー（20本） | AB39: 1 | AC39: 袋 | AD39: 125 | AE39: =AB39*AD39 -> 125 | AF39: 0.1 | AH39: ストロー（20本） | AJ39: 1 | AK39: 袋 | AL39: 125 | AM39: =AJ39*AL39 -> 125 | AN39: 0.1 | AP39: ストロー（20本） | AR39: 1 | AS39: 袋 | AT39: 125 | AU39: =AR39*AT39 -> 125 | AV39: 0.1
A40: 救急箱 | B40: 三角巾 | D40: 1 | E40: 枚 | F40: 380 | G40: =D40*F40 -> 380 | H40: 0.1 | I40: 救急箱 | J40: 三角巾 | L40: 1 | M40: 枚 | N40: 380 | O40: =L40*N40 -> 380 | P40: 0.1 | Q40: 救急箱 | R40: 三角巾 | T40: 1 | U40: 枚 | V40: 380 | W40: =T40*V40 -> 380 | X40: 0.1 | Y40: 救急箱 | Z40: 三角巾 | AB40: 1 | AC40: 枚 | AD40: 380 | AE40: =AB40*AD40 -> 380 | AF40: 0.1 | AG40: 救急箱 | AH40: 三角巾 | AJ40: 1 | AK40: 枚 | AL40: 380 | AM40: =AJ40*AL40 -> 380 | AN40: 0.1 | AO40: 救急箱 | AP40: 三角巾 | AR40: 1 | AS40: 枚 | AT40: 380 | AU40: =AR40*AT40 -> 380 | AV40: 0.1
B41: マスク（20枚） | D41: 1 | E41: 袋 | F41: 200 | G41: =D41*F41 -> 200 | H41: 0.1 | J41: マスク（20枚） | L41: 1 | M41: 袋 | N41: 200 | O41: =L41*N41 -> 200 | P41: 0.1 | R41: マスク（20枚） | T41: 1 | U41: 袋 | V41: 200 | W41: =T41*V41 -> 200 | X41: 0.1 | Z41: マスク（20枚） | AB41: 1 | AC41: 袋 | AD41: 200 | AE41: =AB41*AD41 -> 200 | AF41: 0.1 | AH41: マスク（20枚） | AJ41: 1 | AK41: 袋 | AL41: 200 | AM41: =AJ41*AL41 -> 200 | AN41: 0.1 | AP41: マスク（20枚） | AR41: 1 | AS41: 袋 | AT41: 200 | AU41: =AR41*AT41 -> 200 | AV41: 0.1
B42: ガーゼ | D42: 3 | E42: 枚 | F42: 120 | G42: =D42*F42 -> 360 | H42: 0.1 | J42: ガーゼ | L42: 3 | M42: 枚 | N42: 120 | O42: =L42*N42 -> 360 | P42: 0.1 | R42: ガーゼ | T42: 3 | U42: 枚 | V42: 120 | W42: =T42*V42 -> 360 | X42: 0.1 | Z42: ガーゼ | AB42: 3 | AC42: 枚 | AD42: 120 | AE42: =AB42*AD42 -> 360 | AF42: 0.1 | AH42: ガーゼ | AJ42: 3 | AK42: 枚 | AL42: 120 | AM42: =AJ42*AL42 -> 360 | AN42: 0.1 | AP42: ガーゼ | AR42: 3 | AS42: 枚 | AT42: 120 | AU42: =AR42*AT42 -> 360 | AV42: 0.1
B43: 滅菌ガーゼ（M） | D43: 3 | E43: 枚 | F43: 40 | G43: =D43*F43 -> 120 | H43: 0.1 | J43: 滅菌ガーゼ（M） | L43: 3 | M43: 枚 | N43: 40 | O43: =L43*N43 -> 120 | P43: 0.1 | R43: 滅菌ガーゼ（M） | T43: 3 | U43: 枚 | V43: 40 | W43: =T43*V43 -> 120 | X43: 0.1 | Z43: 滅菌ガーゼ（M） | AB43: 3 | AC43: 枚 | AD43: 40 | AE43: =AB43*AD43 -> 120 | AF43: 0.1 | AH43: 滅菌ガーゼ（M） | AJ43: 3 | AK43: 枚 | AL43: 40 | AM43: =AJ43*AL43 -> 120 | AN43: 0.1 | AP43: 滅菌ガーゼ（M） | AR43: 3 | AS43: 枚 | AT43: 40 | AU43: =AR43*AT43 -> 120 | AV43: 0.1
B44: 滅菌ガーゼ（L） | D44: 3 | E44: 枚 | F44: 40 | G44: =D44*F44 -> 120 | H44: 0.1 | J44: 滅菌ガーゼ（L） | L44: 3 | M44: 枚 | N44: 40 | O44: =L44*N44 -> 120 | P44: 0.1 | R44: 滅菌ガーゼ（L） | T44: 3 | U44: 枚 | V44: 40 | W44: =T44*V44 -> 120 | X44: 0.1 | Z44: 滅菌ガーゼ（L） | AB44: 3 | AC44: 枚 | AD44: 40 | AE44: =AB44*AD44 -> 120 | AF44: 0.1 | AH44: 滅菌ガーゼ（L） | AJ44: 3 | AK44: 枚 | AL44: 40 | AM44: =AJ44*AL44 -> 120 | AN44: 0.1 | AP44: 滅菌ガーゼ（L） | AR44: 3 | AS44: 枚 | AT44: 40 | AU44: =AR44*AT44 -> 120 | AV44: 0.1
B45: ポアテープ | D45: 1 | E45: 本 | F45: 125 | G45: =D45*F45 -> 125 | H45: 0.1 | J45: ポアテープ | L45: 1 | M45: 本 | N45: 125 | O45: =L45*N45 -> 125 | P45: 0.1 | R45: ポアテープ | T45: 1 | U45: 本 | V45: 125 | W45: =T45*V45 -> 125 | X45: 0.1 | Z45: ポアテープ | AB45: 1 | AC45: 本 | AD45: 125 | AE45: =AB45*AD45 -> 125 | AF45: 0.1 | AH45: ポアテープ | AJ45: 1 | AK45: 本 | AL45: 125 | AM45: =AJ45*AL45 -> 125 | AN45: 0.1 | AP45: ポアテープ | AR45: 1 | AS45: 本 | AT45: 125 | AU45: =AR45*AT45 -> 125 | AV45: 0.1
B46: 消毒液 | D46: 1 | E46: 本 | F46: 125 | G46: =D46*F46 -> 125 | H46: 0.1 | J46: 消毒液 | L46: 1 | M46: 本 | N46: 133 | O46: =L46*N46 -> 133 | P46: 0.1 | R46: 消毒液 | T46: 1 | U46: 本 | V46: 133 | W46: =T46*V46 -> 133 | X46: 0.1 | Z46: 消毒液 | AB46: 1 | AC46: 本 | AD46: 133 | AE46: =AB46*AD46 -> 133 | AF46: 0.1 | AH46: 消毒液 | AJ46: 1 | AK46: 本 | AL46: 133 | AM46: =AJ46*AL46 -> 133 | AN46: 0.1 | AP46: 消毒液 | AR46: 1 | AS46: 本 | AT46: 133 | AU46: =AR46*AT46 -> 133 | AV46: 0.1
B47: ショットメン（10枚） | C47: 消毒用アルコール綿 | D47: 1 | E47: 袋 | F47: 125 | G47: =D47*F47 -> 125 | H47: 0.1 | J47: ショットメン（10枚） | K47: 消毒用アルコール綿 | L47: 1 | M47: 袋 | N47: 125 | O47: =L47*N47 -> 125 | P47: 0.1 | R47: ショットメン（10枚） | S47: 消毒用アルコール綿 | T47: 1 | U47: 袋 | V47: 125 | W47: =T47*V47 -> 125 | X47: 0.1 | Z47: ショットメン（10枚） | AA47: 消毒用アルコール綿 | AB47: 1 | AC47: 袋 | AD47: 125 | AE47: =AB47*AD47 -> 125 | AF47: 0.1 | AH47: ショットメン（10枚） | AI47: 消毒用アルコール綿 | AJ47: 1 | AK47: 袋 | AL47: 125 | AM47: =AJ47*AL47 -> 125 | AN47: 0.1 | AP47: ショットメン（10枚） | AQ47: 消毒用アルコール綿 | AR47: 1 | AS47: 袋 | AT47: 125 | AU47: =AR47*AT47 -> 125 | AV47: 0.1
B48: 包帯 | D48: 3 | E48: 本 | F48: 125 | G48: =D48*F48 -> 375 | H48: 0.1 | J48: 包帯 | L48: 3 | M48: 本 | N48: 125 | O48: =L48*N48 -> 375 | P48: 0.1 | R48: 包帯 | T48: 3 | U48: 本 | V48: 125 | W48: =T48*V48 -> 375 | X48: 0.1 | Z48: 包帯 | AB48: 3 | AC48: 本 | AD48: 125 | AE48: =AB48*AD48 -> 375 | AF48: 0.1 | AH48: 包帯 | AJ48: 3 | AK48: 本 | AL48: 125 | AM48: =AJ48*AL48 -> 375 | AN48: 0.1 | AP48: 包帯 | AR48: 3 | AS48: 本 | AT48: 125 | AU48: =AR48*AT48 -> 375 | AV48: 0.1
B49: バンドエイド（20枚） | D49: 1 | E49: 箱 | F49: 125 | G49: =D49*F49 -> 125 | H49: 0.1 | J49: バンドエイド（20枚） | L49: 1 | M49: 箱 | N49: 125 | O49: =L49*N49 -> 125 | P49: 0.1 | R49: バンドエイド（20枚） | T49: 1 | U49: 箱 | V49: 125 | W49: =T49*V49 -> 125 | X49: 0.1 | Z49: バンドエイド（20枚） | AB49: 1 | AC49: 箱 | AD49: 125 | AE49: =AB49*AD49 -> 125 | AF49: 0.1 | AH49: バンドエイド（20枚） | AJ49: 1 | AK49: 箱 | AL49: 125 | AM49: =AJ49*AL49 -> 125 | AN49: 0.1 | AP49: バンドエイド（20枚） | AR49: 1 | AS49: 箱 | AT49: 125 | AU49: =AR49*AT49 -> 125 | AV49: 0.1
B50: 人工呼吸用マスク | D50: 1 | E50: 枚 | F50: 380 | G50: =D50*F50 -> 380 | H50: 0.1 | J50: 人工呼吸用マスク | L50: 1 | M50: 枚 | N50: 380 | O50: =L50*N50 -> 380 | P50: 0.1 | R50: 人工呼吸用マスク | T50: 1 | U50: 枚 | V50: 380 | W50: =T50*V50 -> 380 | X50: 0.1 | Z50: 人工呼吸用マスク | AB50: 1 | AC50: 枚 | AD50: 380 | AE50: =AB50*AD50 -> 380 | AF50: 0.1 | AH50: 人工呼吸用マスク | AJ50: 1 | AK50: 枚 | AL50: 380 | AM50: =AJ50*AL50 -> 380 | AN50: 0.1 | AP50: 人工呼吸用マスク | AR50: 1 | AS50: 枚 | AT50: 380 | AU50: =AR50*AT50 -> 380 | AV50: 0.1
B51: 体温計 | D51: 1 | E51: 本 | F51: 900 | G51: =D51*F51 -> 900 | H51: 0.1 | J51: 体温計 | L51: 1 | M51: 本 | N51: 900 | O51: =L51*N51 -> 900 | P51: 0.1 | R51: 体温計 | T51: 1 | U51: 本 | V51: 900 | W51: =T51*V51 -> 900 | X51: 0.1 | Z51: 体温計 | AB51: 1 | AC51: 本 | AD51: 900 | AE51: =AB51*AD51 -> 900 | AF51: 0.1 | AH51: 体温計 | AJ51: 1 | AK51: 本 | AL51: 900 | AM51: =AJ51*AL51 -> 900 | AN51: 0.1 | AP51: 体温計 | AR51: 1 | AS51: 本 | AT51: 900 | AU51: =AR51*AT51 -> 900 | AV51: 0.1
B52: ピンセット | D52: 1 | E52: 本 | F52: 125 | G52: =D52*F52 -> 125 | H52: 0.1 | J52: ピンセット | L52: 1 | M52: 本 | N52: 125 | O52: =L52*N52 -> 125 | P52: 0.1 | R52: ピンセット | T52: 1 | U52: 本 | V52: 125 | W52: =T52*V52 -> 125 | X52: 0.1 | Z52: ピンセット | AB52: 1 | AC52: 本 | AD52: 125 | AE52: =AB52*AD52 -> 125 | AF52: 0.1 | AH52: ピンセット | AJ52: 1 | AK52: 本 | AL52: 125 | AM52: =AJ52*AL52 -> 125 | AN52: 0.1 | AP52: ピンセット | AR52: 1 | AS52: 本 | AT52: 125 | AU52: =AR52*AT52 -> 125 | AV52: 0.1
B53: はさみ | D53: 1 | E53: 本 | F53: 125 | G53: =D53*F53 -> 125 | H53: 0.1 | J53: はさみ | L53: 1 | M53: 本 | N53: 125 | O53: =L53*N53 -> 125 | P53: 0.1 | R53: はさみ | T53: 1 | U53: 本 | V53: 125 | W53: =T53*V53 -> 125 | X53: 0.1 | Z53: はさみ | AB53: 1 | AC53: 本 | AD53: 125 | AE53: =AB53*AD53 -> 125 | AF53: 0.1 | AH53: はさみ | AJ53: 1 | AK53: 本 | AL53: 125 | AM53: =AJ53*AL53 -> 125 | AN53: 0.1 | AP53: はさみ | AR53: 1 | AS53: 本 | AT53: 125 | AU53: =AR53*AT53 -> 125 | AV53: 0.1
B54: 綿棒（20本） | D54: 1 | E54: 箱 | F54: 125 | G54: =D54*F54 -> 125 | H54: 0.1 | J54: 綿棒（20本） | L54: 1 | M54: 箱 | N54: 125 | O54: =L54*N54 -> 125 | P54: 0.1 | R54: 綿棒（20本） | T54: 1 | U54: 箱 | V54: 125 | W54: =T54*V54 -> 125 | X54: 0.1 | Z54: 綿棒（20本） | AB54: 1 | AC54: 箱 | AD54: 125 | AE54: =AB54*AD54 -> 125 | AF54: 0.1 | AH54: 綿棒（20本） | AJ54: 1 | AK54: 箱 | AL54: 125 | AM54: =AJ54*AL54 -> 125 | AN54: 0.1 | AP54: 綿棒（20本） | AR54: 1 | AS54: 箱 | AT54: 125 | AU54: =AR54*AT54 -> 125 | AV54: 0.1
B55: 冷却シート（2枚） | D55: 1 | E55: 袋 | F55: 80 | G55: =D55*F55 -> 80 | H55: 0.1 | J55: 冷却シート（2枚） | L55: 1 | M55: 袋 | N55: 80 | O55: =L55*N55 -> 80 | P55: 0.1 | R55: 冷却シート（2枚） | T55: 1 | U55: 袋 | V55: 80 | W55: =T55*V55 -> 80 | X55: 0.1 | Z55: 冷却シート（2枚） | AB55: 1 | AC55: 袋 | AD55: 80 | AE55: =AB55*AD55 -> 80 | AF55: 0.1 | AH55: 冷却シート（2枚） | AJ55: 1 | AK55: 袋 | AL55: 80 | AM55: =AJ55*AL55 -> 80 | AN55: 0.1 | AP55: 冷却シート（2枚） | AR55: 1 | AS55: 袋 | AT55: 80 | AU55: =AR55*AT55 -> 80 | AV55: 0.1
B56: 虫刺され用品（ムヒ） | D56: 1 | E56: 本 | F56: 460 | G56: =D56*F56 -> 460 | H56: 0.1 | J56: 虫刺され用品（ムヒ） | L56: 1 | M56: 本 | N56: 460 | O56: =L56*N56 -> 460 | P56: 0.1 | R56: 虫刺され用品（ムヒ） | T56: 1 | U56: 本 | V56: 460 | W56: =T56*V56 -> 460 | X56: 0.1 | Z56: 虫刺され用品（ムヒ） | AB56: 1 | AC56: 本 | AD56: 460 | AE56: =AB56*AD56 -> 460 | AF56: 0.1 | AH56: 虫刺され用品（ムヒ） | AJ56: 1 | AK56: 本 | AL56: 460 | AM56: =AJ56*AL56 -> 460 | AN56: 0.1 | AP56: 虫刺され用品（ムヒ） | AR56: 1 | AS56: 本 | AT56: 460 | AU56: =AR56*AT56 -> 460 | AV56: 0.1
B57: パルスオキシメーター | D57: 1 | E57: 個 | F57: 2500 | G57: =D57*F57 -> 2500 | H57: 0.1 | J57: パルスオキシメーター | L57: 1 | M57: 個 | N57: 2500 | O57: =L57*N57 -> 2500 | P57: 0.1 | R57: パルスオキシメーター | T57: 1 | U57: 個 | V57: 2500 | W57: =T57*V57 -> 2500 | X57: 0.1 | Z57: パルスオキシメーター | AB57: 1 | AC57: 個 | AD57: 2500 | AE57: =AB57*AD57 -> 2500 | AF57: 0.1 | AH57: パルスオキシメーター | AJ57: 1 | AK57: 個 | AL57: 2500 | AM57: =AJ57*AL57 -> 2500 | AN57: 0.1 | AP57: パルスオキシメーター | AR57: 1 | AS57: 個 | AT57: 2500 | AU57: =AR57*AT57 -> 2500 | AV57: 0.1
B58: アルミブランケット | D58: 2 | E58: 枚 | F58: 320 | G58: =D58*F58 -> 640 | H58: 0.1 | J58: アルミブランケット | L58: 2 | M58: 枚 | N58: 320 | O58: =L58*N58 -> 640 | P58: 0.1 | R58: アルミブランケット | T58: 2 | U58: 枚 | V58: 320 | W58: =T58*V58 -> 640 | X58: 0.1 | Z58: アルミブランケット | AB58: 2 | AC58: 枚 | AD58: 320 | AE58: =AB58*AD58 -> 640 | AF58: 0.1 | AH58: アルミブランケット | AJ58: 2 | AK58: 枚 | AL58: 320 | AM58: =AJ58*AL58 -> 640 | AN58: 0.1 | AP58: アルミブランケット | AR58: 2 | AS58: 枚 | AT58: 320 | AU58: =AR58*AT58 -> 640 | AV58: 0.1
B59: テント | C59: ３ｍワンタッチ | D59: 1 | E59: 個 | F59: 13200 | G59: =D59*F59 -> 13200 | H59: 0.1 | J59: テント | K59: ３ｍワンタッチ | L59: 1 | M59: 個 | N59: 13200 | O59: =L59*N59 -> 13200 | P59: 0.1 | R59: テント | S59: ３ｍワンタッチ | T59: 1 | U59: 個 | V59: 13200 | W59: =T59*V59 -> 13200 | X59: 0.1 | Z59: テント | AA59: ３ｍワンタッチ | AB59: 1 | AC59: 個 | AD59: 13200 | AE59: =AB59*AD59 -> 13200 | AF59: 0.1 | AH59: テント | AI59: ３ｍワンタッチ | AJ59: 1 | AK59: 個 | AL59: 13200 | AM59: =AJ59*AL59 -> 13200 | AN59: 0.1 | AP59: テント | AQ59: ３ｍワンタッチ | AR59: 1 | AS59: 個 | AT59: 13200 | AU59: =AR59*AT59 -> 13200 | AV59: 0.1
B60: テーブル | D60: 1 | E60: 個 | F60: 1200 | G60: =D60*F60 -> 1200 | H60: 0.1 | J60: テーブル | L60: 1 | M60: 個 | N60: 1200 | O60: =L60*N60 -> 1200 | P60: 0.1 | R60: テーブル | T60: 1 | U60: 個 | V60: 1200 | W60: =T60*V60 -> 1200 | X60: 0.1 | Z60: テーブル | AB60: 1 | AC60: 個 | AD60: 1200 | AE60: =AB60*AD60 -> 1200 | AF60: 0.1 | AH60: テーブル | AJ60: 1 | AK60: 個 | AL60: 1200 | AM60: =AJ60*AL60 -> 1200 | AN60: 0.1 | AP60: テーブル | AR60: 1 | AS60: 個 | AT60: 1200 | AU60: =AR60*AT60 -> 1200 | AV60: 0.1
B61: 椅子 | D61: 4 | E61: 脚 | F61: 300 | G61: =D61*F61 -> 1200 | H61: 0.1 | J61: 椅子 | L61: 4 | M61: 脚 | N61: 300 | O61: =L61*N61 -> 1200 | P61: 0.1 | R61: 椅子 | T61: 4 | U61: 脚 | V61: 300 | W61: =T61*V61 -> 1200 | X61: 0.1 | Z61: 椅子 | AB61: 4 | AC61: 脚 | AD61: 300 | AE61: =AB61*AD61 -> 1200 | AF61: 0.1 | AH61: 椅子 | AJ61: 4 | AK61: 脚 | AL61: 300 | AM61: =AJ61*AL61 -> 1200 | AN61: 0.1 | AP61: 椅子 | AR61: 4 | AS61: 脚 | AT61: 300 | AU61: =AR61*AT61 -> 1200 | AV61: 0.1
B62: 発電機 | D62: 1 | E62: 個 | F62: 6000 | G62: =D62*F62 -> 6000 | H62: 0.1 | J62: 発電機 | L62: 1 | M62: 個 | N62: 6000 | O62: =L62*N62 -> 6000 | P62: 0.1 | R62: 発電機 | T62: 1 | U62: 個 | V62: 6000 | W62: =T62*V62 -> 6000 | X62: 0.1 | Z62: 発電機 | AB62: 1 | AC62: 個 | AD62: 6000 | AE62: =AB62*AD62 -> 6000 | AF62: 0.1 | AH62: 発電機 | AJ62: 1 | AK62: 個 | AL62: 6000 | AM62: =AJ62*AL62 -> 6000 | AN62: 0.1 | AP62: 発電機 | AR62: 1 | AS62: 個 | AT62: 6000 | AU62: =AR62*AT62 -> 6000 | AV62: 0.1
B63: スポットクーラー | D63: 一式 | F63: 14000 | G63: 14000 | H63: 0.1 | J63: スポットクーラー | L63: 一式 | N63: 14000 | O63: 14000 | P63: 0.1 | R63: スポットクーラー | T63: 一式 | V63: 14000 | W63: 14000 | X63: 0.1 | Z63: スポットクーラー | AB63: 一式 | AD63: 14000 | AE63: 14000 | AF63: 0.1 | AH63: スポットクーラー | AJ63: 一式 | AL63: 14000 | AM63: 14000 | AN63: 0.1 | AP63: スポットクーラー | AR63: 一式 | AT63: 14000 | AU63: 14000 | AV63: 0.1
B64: コンセント工事 | D64: 一式 | F64: 8000 | G64: 8000 | H64: 0.1 | J64: コンセント工事 | L64: 一式 | N64: 8000 | O64: 8000 | P64: 0.1 | R64: コンセント工事 | T64: 一式 | V64: 8000 | W64: 8000 | X64: 0.1 | Z64: コンセント工事 | AB64: 一式 | AD64: 8000 | AE64: 8000 | AF64: 0.1 | AH64: コンセント工事 | AJ64: 一式 | AL64: 8000 | AM64: 8000 | AN64: 0.1 | AP64: コンセント工事 | AR64: 一式 | AT64: 8000 | AU64: 8000 | AV64: 0.1
B65: 内部蛍光灯（配線含む） | D65: 一式 | F65: 5000 | G65: 5000 | H65: 0.1 | J65: 内部蛍光灯（配線含む） | L65: 一式 | N65: 5000 | O65: 5000 | P65: 0.1 | R65: 内部蛍光灯（配線含む） | T65: 一式 | V65: 5000 | W65: 5000 | X65: 0.1 | Z65: 内部蛍光灯（配線含む） | AB65: 一式 | AD65: 5000 | AE65: 5000 | AF65: 0.1 | AH65: 内部蛍光灯（配線含む） | AJ65: 一式 | AL65: 5000 | AM65: 5000 | AN65: 0.1 | AP65: 内部蛍光灯（配線含む） | AR65: 一式 | AT65: 5000 | AU65: 5000 | AV65: 0.1
F66: 小計② | G66: =SUM(G36:G65) -> 56490 | N66: 小計② | O66: =SUM(O36:O65) -> 56498 | V66: 小計② | W66: =SUM(W36:W65) -> 56498 | AD66: 小計② | AE66: =SUM(AE36:AE65) -> 56498 | AL66: 小計② | AM66: =SUM(AM36:AM65) -> 56498 | AT66: 小計② | AU66: =SUM(AU36:AU65) -> 56498
C67: ①業務用地-2 | F67: 合計 | G67: =G66+G32 -> 143780 | K67: ②一般B-2 | N67: 合計 | O67: =O32+O66 -> 143788 | S67: ③びわ湖ホール前-2 | V67: 合計 | W67: =W32+W66 -> 143788 | AA67: ④NTTDocomo-2 | AD67: 合計 | AE67: =AE32+AE66 -> 151788 | AH67: ⑤びわ湖ホテル前-2 | AL67: 合計 | AM67: =AM32+AM66 -> 147788 | AP67: ⑥マリーナ（おまつり広場）-2 | AT67: 合計 | AU67: =AU66+AU32 -> 143788

Sheet エイド請求書表紙
A1: 御 請 求 書
A3: びわ湖大花火大会実行委員会御中 | H3: 46265
A5: ご用命賜り、ありがとうございました。
A6: 下記の件についまして、ご請求させていただきますので
A7: ご査収の程、よろしくお願いします。 | W7: ご用命賜り、ありがとうございました。
G8: 675-2313 | W8: 下記の件についまして、ご請求させていただきますので
B9: 御請求金額 | G9: 兵庫県加西市北条町北条1122 | W9: ご査収の程、よろしくお願いします。
G10: 株式会社ＣＳＩＬｅａｄ
B11: =F30 -> 1179169.2 | G11: TEL0790-20-7223FAX0790-20-7224
G12: 登録番号：T9140001126012
C17: エイドステーション
C18: 請求内訳
C19: ①業務用地 | F19: =完成エイド!G67 -> 143780
C20: ②一般B | F20: =完成エイド!O67 -> 143788
C21: ③びわ湖ホール | F21: =完成エイド!W67 -> 143788
C22: ④NTTDocomo | F22: =完成エイド!AE67 -> 151788
C23: ⑤琵琶湖ホテル前 | F23: =完成エイド!AM67 -> 147788
C24: ⑥マリーナ（おまつり広場) | F24: =完成エイド!AU67 -> 143788
C25: ⑦本部付け | F25: =完成エイド!BC7 -> 99800
E26: 小計① | F26: =SUM(F19:F25) -> 974520
D27: 諸経費10％ | F27: =F26*0.1 -> 97452
E28: 小計② | F28: =F26+F27 -> 1071972
D29: 消費税 | F29: =F28*0.1 -> 107197.2
D30: 御請求金額 | F30: =SUM(F28:F29) -> 1179169.2
A36: ①
